Workbook
Name \0: #REF!
Name \A: #REF!
Name \b: #REF!
Name \C: #REF!
Name \D: #REF!
Name \e: #REF!
Name \f: #REF!
Name \g: #REF!
Name \h: #REF!
Name \I: #REF!
Name \j: #REF!
Name \k: #REF!
Name \L: #REF!
Name \M: #REF!
Name \N: #REF!
Name \P: #REF!
Name \r: #REF!
Name \S: #REF!
Name \T: #REF!
Name \u: #REF!
Name \v: #REF!
Name \x: #REF!
Name \y: #REF!
Name \Z: #REF!
Name ______HOJ66: #REF!
Name ______HOJ88: #REF!
Name ______OPC1: #REF!
Name ______QUA1: #REF!
Name ______QUA2: #REF!
Name ______QUA3: #REF!
Name ______SUB1: #REF!
Name ______SUB2: #REF!
Name ____md1: #REF!
Name ____mes1: #REF!
Name ____SUB3: #REF!
Name ____TST3: #REF!
Name ___ANO1999: #REF!
Name ___ANO2000: #REF!
Name ___ANO2001: #REF!
Name ___ANO2002: #REF!
Name ___ANO2003: #REF!
Name ___Fx1999: #REF!
Name ___fx99: #REF!
Name ___gdp85: #REF!
Name ___gdp86: #REF!
Name ___gdp87: #REF!
Name ___gdp88: #REF!
Name ___gdp89: #REF!
Name ___gdp90: #REF!
Name ___gdp91: #REF!
Name ___gdp92: #REF!
Name ___gdp93: #REF!
Name ___gdp94: #REF!
Name ___gdp95: #REF!
Name ___gdp96: #REF!
Name ___gdp97: #REF!
Name ___gdp98: #REF!
Name ___gdp99: #REF!
Name ___IMP2: #REF!
Name ___mar2003: #REF!

Sheet Receita (resumo)
B2: #VALUE!
C3: Mês: | D3: 46295 | F3: →Menu←
C4: Trim: | D4: 3T26
B7: Português
B9: Receita Operacional | C9: Consolidado
B10: (R$ Milhões) | C10: 3T26 | D10: 3T25 | E10: Var (%) | F10: 9M26 | G10: 9M25 | H10: Var (%) | J10: A.H | K10: vs Tri | L10: vs Acum
B11: Receita de Uso da Rede Elétrica | C11: =SUM(C12,C13,C16,C19,C20,C21) -> 1710.581 | D11: =SUM(D12,D13,D16,D19,D20,D21) -> 1239.4003 | E11: =IF(OR(AND(D11>0,C11<0),AND(D11<0,C11>0)),"n.a",IFERROR(C11/D11-1,"N.A.")) -> 0.38016825 | F11: =SUM(F12,F13,F16,F19,F20,F21) -> 4503.747 | G11: =SUM(G12,G13,G16,G19,G20,G21) -> 3684.8237 | H11: =IF(OR(AND(G11>0,F11<0),AND(G11<0,F11>0)),"n.a",IFERROR(F11/G11-1,"N.A.")) -> 0.22224221 | J11: =C11/$C$23 -> 0.99353538 | K11: =C11-D11 -> 471.18066 | L11: =F11-G11 -> 818.92334
B12: RBSE | C12: 519.52951 | D12: 511.53667 | E12: =IF(OR(AND(D12>0,C12<0),AND(D12<0,C12>0)),"n.a",IFERROR(C12/D12-1,"N.A.")) -> 0.015625146 | F12: 1542.6029 | G12: 1648.7472 | H12: =IF(OR(AND(G12>0,F12<0),AND(G12<0,F12>0)),"n.a",IFERROR(F12/G12-1,"N.A.")) -> -0.064378782 | J12: =C12/$C$23 -> 0.30175183 | K12: =C12-D12 -> 7.9928353 | L12: =F12-G12 -> -106.14434
B13: Concessão Paulista (contrato 059) | C13: =SUM(C14:C15) -> 519.31214 | D13: =SUM(D14:D15) -> 468.08657 | E13: =IF(OR(AND(D13>0,C13<0),AND(D13<0,C13>0)),"n.a",IFERROR(C13/D13-1,"N.A.")) -> 0.1094361 | F13: =SUM(F14:F15) -> 1484.7239 | G13: =SUM(G14:G15) -> 1340.1926 | H13: =IF(OR(AND(G13>0,F13<0),AND(G13<0,F13>0)),"n.a",IFERROR(F13/G13-1,"N.A.")) -> 0.1078437 | J13: =C13/$C$23 -> 0.30162558 | K13: =C13-D13 -> 51.225567 | L13: =F13-G13 -> 144.53133
B14: Operação e Manutenção (O&M)¹ | C14: 249.23377 | D14: 238.25493 | E14: =IF(OR(AND(D14>0,C14<0),AND(D14<0,C14>0)),"n.a",IFERROR(C14/D14-1,"N.A.")) -> 0.046080206 | F14: 725.74362 | G14: 708.51348 | H14: =IF(OR(AND(G14>0,F14<0),AND(G14<0,F14>0)),"n.a",IFERROR(F14/G14-1,"N.A.")) -> 0.024318727 | J14: =C14/$C$23 -> 0.14475933 | K14: =C14-D14 -> 10.978836 | L14: =F14-G14 -> 17.230146
B15: Reforços e Melhorias (R&M) | C15: 270.07837 | D15: 229.83164 | E15: =IF(OR(AND(D15>0,C15<0),AND(D15<0,C15>0)),"n.a",IFERROR(C15/D15-1,"N.A.")) -> 0.17511397 | F15: 758.98027 | G15: 631.67909 | H15: =IF(OR(AND(G15>0,F15<0),AND(G15<0,F15>0)),"n.a",IFERROR(F15/G15-1,"N.A.")) -> 0.20152825 | J15: =C15/$C$23 -> 0.15686624 | K15: =C15-D15 -> 40.24673 | L15: =F15-G15 -> 127.30118
B16: Contratos Licitados | C16: =SUM(C17:C18) -> 551.94651 | D16: =SUM(D17:D18) -> 265.11242 | E16: =IF(OR(AND(D16>0,C16<0),AND(D16<0,C16>0)),"n.a",IFERROR(C16/D16-1,"N.A.")) -> 1.0819338 | F16: =SUM(F17:F18) -> 1274.4575 | G16: =SUM(G17:G18) -> 773.67481 | H16: =IF(OR(AND(G16>0,F16<0),AND(G16<0,F16>0)),"n.a",IFERROR(F16/G16-1,"N.A.")) -> 0.64727805 | J16: =C16/$C$23 -> 0.32058019 | K16: =C16-D16 -> 286.83409 | L16: =F16-G16 -> 500.78272
B17: Projeto Básico (CAEE + O&M) | C17: 533.35108 | D17: 247.39356 | E17: =IF(OR(AND(D17>0,C17<0),AND(D17<0,C17>0)),"n.a",IFERROR(C17/D17-1,"N.A.")) -> 1.155881 | F17: 1220.4603 | G17: 739.23195 | H17: =IF(OR(AND(G17>0,F17<0),AND(G17<0,F17>0)),"n.a",IFERROR(F17/G17-1,"N.A.")) -> 0.65098428 | J17: =C17/$C$23 -> 0.30977964 | K17: =C17-D17 -> 285.95751 | L17: =F17-G17 -> 481.22838
B18: Reforços e Melhorias (R&M) | C18: 18.595436 | D18: 17.718857 | E18: =IF(OR(AND(D18>0,C18<0),AND(D18<0,C18>0)),"n.a",IFERROR(C18/D18-1,"N.A.")) -> 0.049471489 | F18: 53.997209 | G18: 34.442866 | H18: =IF(OR(AND(G18>0,F18<0),AND(G18<0,F18>0)),"n.a",IFERROR(F18/G18-1,"N.A.")) -> 0.56773277 | J18: =C18/$C$23 -> 0.010800554 | K18: =C18-D18 -> 0.87657826 | L18: =F18-G18 -> 19.554343
B19: Parcela de Ajuste (PA) e Antecipações | C19: 98.54241 | D19: -52.200535 | E19: =IF(OR(AND(D19>0,C19<0),AND(D19<0,C19>0)),"n.a",IFERROR(C19/D19-1,"N.A.")) -> n.a | F19: 142.22279 | G19: -163.5603 | H19: =IF(OR(AND(G19>0,F19<0),AND(G19<0,F19>0)),"n.a",IFERROR(F19/G19-1,"N.A.")) -> n.a | J19: =C19/$C$23 -> 0.057235156 | K19: =C19-D19 -> 150.74294 | L19: =F19-G19 -> 305.78309
B20: Parcela Variável (PV) | C20: -15.998256 | D20: -15.603813 | E20: =IF(OR(AND(D20>0,C20<0),AND(D20<0,C20>0)),"n.a",IFERROR(C20/D20-1,"N.A.")) -> 0.025278664 | F20: -49.648408 | G20: -44.207244 | H20: =IF(OR(AND(G20>0,F20<0),AND(G20<0,F20>0)),"n.a",IFERROR(F20/G20-1,"N.A.")) -> 0.12308307 | J20: =C20/$C$23 -> -0.0092920671 | K20: =C20-D20 -> -0.39444354 | L20: =F20-G20 -> -5.4411634
B21: Encargos Regulatórios ex RAP (CDE e PROINFA) | C21: 37.248689 | D21: 62.469026 | E21: =IF(OR(AND(D21>0,C21<0),AND(D21<0,C21>0)),"n.a",IFERROR(C21/D21-1,"N.A.")) -> -0.40372547 | F21: 109.38833 | G21: 129.97664 | H21: =IF(OR(AND(G21>0,F21<0),AND(G21<0,F21>0)),"n.a",IFERROR(F21/G21-1,"N.A.")) -> -0.15840003 | J21: =C21/$C$23 -> 0.021634691 | K21: =C21-D21 -> -25.220337 | L21: =F21-G21 -> -20.588303
B22: Outras | C22: 11.130213 | D22: 11.182103 | E22: =IF(OR(AND(D22>0,C22<0),AND(D22<0,C22>0)),"n.a",IFERROR(C22/D22-1,"N.A.")) -> -0.0046404433 | F22: 32.899095 | G22: 33.878218 | H22: =IF(OR(AND(G22>0,F22<0),AND(G22<0,F22>0)),"n.a",IFERROR(F22/G22-1,"N.A.")) -> -0.028901235 | J22: =C22/$C$23 -> 0.0064646223 | K22: =C22-D22 -> -0.051889914 | L22: =F22-G22 -> -0.97912233
B23: Receita Bruta | C23: =C11+C22 -> 1721.7112 | D23: =D11+D22 -> 1250.5824 | E23: =IF(OR(AND(D23>0,C23<0),AND(D23<0,C23>0)),"n.a",IFERROR(C23/D23-1,"N.A.")) -> 0.37672748 | F23: =F11+F22 -> 4536.6461 | G23: =G11+G22 -> 3718.7019 | H23: =IF(OR(AND(G23>0,F23<0),AND(G23<0,F23>0)),"n.a",IFERROR(F23/G23-1,"N.A.")) -> 0.21995423 | J23: =C23/$C$23 -> 1 | K23: =C23-D23 -> 471.12877 | L23: =F23-G23 -> 817.94421
B24: Deduções | C24: -211.046 | D24: -178.249 | E24: =IF(OR(AND(D24>0,C24<0),AND(D24<0,C24>0)),"n.a",IFERROR(C24/D24-1,"N.A.")) -> 0.18399542 | F24: -556.0541 | G24: -485.8861 | H24: =IF(OR(AND(G24>0,F24<0),AND(G24<0,F24>0)),"n.a",IFERROR(F24/G24-1,"N.A.")) -> 0.14441245 | J24: =C24/$C$23 -> -0.12257921 | K24: =C24-D24 -> -32.797 | L24: =F24-G24 -> -70.168
B25: Tributos e Contribuições (PIS e Cofins) | C25: -149.279 | D25: -105.611 | E25: =IF(OR(AND(D25>0,C25<0),AND(D25<0,C25>0)),"n.a",IFERROR(C25/D25-1,"N.A.")) -> 0.41347966 | F25: -391.764 | G25: -319.498 | H25: =IF(OR(AND(G25>0,F25<0),AND(G25<0,F25>0)),"n.a",IFERROR(F25/G25-1,"N.A.")) -> 0.22618608 | J25: =C25/$C$23 -> -0.086703855 | K25: =C25-D25 -> -43.668 | L25: =F25-G25 -> -72.266
B26: Encargos Regulatórios ex RAP (CDE e PROINFA) | C26: -33.696 | D26: -57.808 | E26: =IF(OR(AND(D26>0,C26<0),AND(D26<0,C26>0)),"n.a",IFERROR(C26/D26-1,"N.A.")) -> -0.4171049 | F26: -98.7021 | G26: -116.8871 | H26: =IF(OR(AND(G26>0,F26<0),AND(G26<0,F26>0)),"n.a",IFERROR(F26/G26-1,"N.A.")) -> -0.15557748 | J26: =C26/$C$23 -> -0.019571226 | K26: =C26-D26 -> 24.112 | L26: =F26-G26 -> 18.185
B27: Encargos Regulatórios in RAP (P&D, RGR e TFSEE) | C27: -28.071 | D27: -14.83 | E27: =IF(OR(AND(D27>0,C27<0),AND(D27<0,C27>0)),"n.a",IFERROR(C27/D27-1,"N.A.")) -> 0.89285233 | F27: -65.588 | G27: -49.501 | H27: =IF(OR(AND(G27>0,F27<0),AND(G27<0,F27>0)),"n.a",IFERROR(F27/G27-1,"N.A.")) -> 0.32498333 | J27: =C27/$C$23 -> -0.016304128 | K27: =C27-D27 -> -13.241 | L27: =F27-G27 -> -16.087
B28: Receita Líquida | C28: =SUM(C23:C24) -> 1510.6652 | D28: =SUM(D23:D24) -> 1072.3334 | E28: =IF(OR(AND(D28>0,C28<0),AND(D28<0,C28>0)),"n.a",IFERROR(C28/D28-1,"N.A.")) -> 0.40876443 | F28: =SUM(F23:F24) -> 3980.592 | G28: =SUM(G23:G24) -> 3232.8158 | H28: =IF(OR(AND(G28>0,F28<0),AND(G28<0,F28>0)),"n.a",IFERROR(F28/G28-1,"N.A.")) -> 0.23130802 | J28: =C28/$C$23 -> 0.87742079 | K28: =C28-D28 -> 438.33177 | L28: =F28-G28 -> 747.77621
B30: RBSE Líquida | C30: 471.47303 | D30: 464.21953 | E30: =IF(OR(AND(D30>0,C30<0),AND(D30<0,C30>0)),"n.a",IFERROR(C30/D30-1,"N.A.")) -> 0.015625146 | F30: 1399.9121 | G30: 1496.2381 | H30: =IF(OR(AND(G30>0,F30<0),AND(G30<0,F30>0)),"n.a",IFERROR(F30/G30-1,"N.A.")) -> -0.064378782 | J30: =C30/$C$31 -> 0.45369185 | K30: =C30-D30 -> 7.253498 | L30: =D30-E30 -> 464.2039
B31: Receita Líquida ex-RBSE | C31: =C28-C30 -> 1039.1922 | D31: =D28-D30 -> 608.11391 | E31: =IF(OR(AND(D31>0,C31<0),AND(D31<0,C31>0)),"n.a",IFERROR(C31/D31-1,"N.A.")) -> 0.7088775 | F31: =F28-F30 -> 2580.6799 | G31: =G28-G30 -> 1736.5777 | H31: =IF(OR(AND(G31>0,F31<0),AND(G31<0,F31>0)),"n.a",IFERROR(F31/G31-1,"N.A.")) -> 0.48607223 | J31: =C31/$C$23 -> 0.60358101 | K31: =C31-D31 -> 431.07827 | L31: =F31-G31 -> 844.1022
B33: PMSO/Receita Líquida ex-RBSE | C33: ='Custos e Despesas'!C18/'Receita (resumo)'!C31 -> -0.22645298 | D33: ='Custos e Despesas'!D18/'Receita (resumo)'!D31 -> -0.30826439 | F33: ='Custos e Despesas'!F18/'Receita (resumo)'!F31 -> -0.24228104 | G33: ='Custos e Despesas'!G18/'Receita (resumo)'!G31 -> -0.31779464
B35: Check Receita Bruta (DRE) | C35: =C23-'DRE Reg'!C11/1000 -> 0.0022127761 | D35: =D23-'DRE Reg'!D11/1000 -> 0.00044483919 | F35: =F23-'DRE Reg'!F11/1000 -> 0.29109525 | G35: =G23-'DRE Reg'!G11/1000 -> -0.00011927456
B36: Check Receita Líquida (DRE) | C36: =C28-'DRE Reg'!C17/1000 -> 0.0022127761 | D36: =D28-'DRE Reg'!D17/1000 -> 0.00044483919 | F36: =F28-'DRE Reg'!F17/1000 -> 0.29109525 | G36: =G28-'DRE Reg'!G17/1000 -> -0.00011927456
B37: Check Uso da Rede Elétrica | C37: =C11-'DRE Reg'!C12/1000 -> 0.001 | D37: =D11-'DRE Reg'!D12/1000 -> 0.00034214919 | F37: =F11-'DRE Reg'!F12/1000 -> 0 | G37: =G11-'DRE Reg'!G12/1000 -> -0.00033685456
B38: Check Planilha Receita | C38: 0.00375852 | D38: -0.0034045 | F38: 0.29000746 | G38: 0.00084182
B39: Inglês
B41: Operating Revenue | C41: Consolidated
B42: (R$ million) | C42: 3Q26 | D42: 3Q25 | E42: Chg (%) | F42: 9M26 | G42: 9M25 | H42: Chg (%) | J42: A.H | K42: vs Tri | L42: vs Acum
B43: Eletric Network Revenue | C43: =C11 -> 1710.581 | D43: =D11 -> 1239.4003 | E43: =E11 -> 0.38016825 | F43: =F11 -> 4503.747 | G43: =G11 -> 3684.8237 | H43: =H11 -> 0.22224221 | J43: =C43/$C$23 -> 0.99353538 | K43: =C43-D43 -> 471.18066 | L43: =F43-G43 -> 818.92334
B44: RBSE | C44: =C12 -> 519.52951 | D44: =D12 -> 511.53667 | E44: =E12 -> 0.015625146 | F44: =F12 -> 1542.6029 | G44: =G12 -> 1648.7472 | H44: =H12 -> -0.064378782 | J44: =C44/$C$23 -> 0.30175183 | K44: =C44-D44 -> 7.9928353 | L44: =F44-G44 -> -106.14434
B45: Paulista Concession (059/2001 contract) | C45: =C13 -> 519.31214 | D45: =D13 -> 468.08657 | E45: =E13 -> 0.1094361 | F45: =F13 -> 1484.7239 | G45: =G13 -> 1340.1926 | H45: =H13 -> 0.1078437 | J45: =C45/$C$23 -> 0.30162558 | K45: =C45-D45 -> 51.225567 | L45: =F45-G45 -> 144.53133
B46: Operating & Maintenance (O&M)¹ | C46: =C14 -> 249.23377 | D46: =D14 -> 238.25493 | E46: =E14 -> 0.046080206 | F46: =F14 -> 725.74362 | G46: =G14 -> 708.51348 | H46: =H14 -> 0.024318727 | J46: =C46/$C$23 -> 0.14475933 | K46: =C46-D46 -> 10.978836 | L46: =F46-G46 -> 17.230146
B47: Retrofitting & Improvements (R&I) | C47: =C15 -> 270.07837 | D47: =D15 -> 229.83164 | E47: =E15 -> 0.17511397 | F47: =F15 -> 758.98027 | G47: =G15 -> 631.67909 | H47: =H15 -> 0.20152825 | J47: =C47/$C$23 -> 0.15686624 | K47: =C47-D47 -> 40.24673 | L47: =F47-G47 -> 127.30118
B48: New Concessions | C48: =C16 -> 551.94651 | D48: =D16 -> 265.11242 | E48: =E16 -> 1.0819338 | F48: =F16 -> 1274.4575 | G48: =G16 -> 773.67481 | H48: =H16 -> 0.64727805 | J48: =C48/$C$23 -> 0.32058019 | K48: =C48-D48 -> 286.83409 | L48: =F48-G48 -> 500.78272
B49: Adjustment Portion (PA) and anticipation | C49: =C19 -> 98.54241 | D49: =D19 -> -52.200535 | E49: =E19 -> n.a | F49: =F19 -> 142.22279 | G49: =G19 -> -163.5603 | H49: =H19 -> n.a | J49: =C49/$C$23 -> 0.057235156 | K49: =C49-D49 -> 150.74294 | L49: =F49-G49 -> 305.78309
B50: Variable Portion (PV) | C50: =C20 -> -15.998256 | D50: =D20 -> -15.603813 | E50: =E20 -> 0.025278664 | F50: =F20 -> -49.648408 | G50: =G20 -> -44.207244 | H50: =H20 -> 0.12308307 | J50: =C50/$C$23 -> -0.0092920671 | K50: =C50-D50 -> -0.39444354 | L50: =F50-G50 -> -5.4411634
B51: Regulatory charges ex RAP (CDE and PROINFA) | C51: =C21 -> 37.248689 | D51: =D21 -> 62.469026 | E51: =E21 -> -0.40372547 | F51: =F21 -> 109.38833 | G51: =G21 -> 129.97664 | H51: =H21 -> -0.15840003 | J51: =C51/$C$23 -> 0.021634691 | K51: =C51-D51 -> -25.220337 | L51: =F51-G51 -> -20.588303
B52: Others | C52: =C22 -> 11.130213 | D52: =D22 -> 11.182103 | E52: =E22 -> -0.0046404433 | F52: =F22 -> 32.899095 | G52: =G22 -> 33.878218 | H52: =H22 -> -0.028901235 | J52: =C52/$C$23 -> 0.0064646223 | K52: =C52-D52 -> -0.051889914 | L52: =F52-G52 -> -0.97912233
B53: Gross Revenue | C53: =C23 -> 1721.7112 | D53: =D23 -> 1250.5824 | E53: =E23 -> 0.37672748 | F53: =F23 -> 4536.6461 | G53: =G23 -> 3718.7019 | H53: =H23 -> 0.21995423 | J53: =C53/$C$23 -> 1 | K53: =C53-D53 -> 471.12877 | L53: =F53-G53 -> 817.94421
B54: Deduction | C54: =C24 -> -211.046 | D54: =D24 -> -178.249 | E54: =E24 -> 0.18399542 | F54: =F24 -> -556.0541 | G54: =G24 -> -485.8861 | H54: =H24 -> 0.14441245 | J54: =C54/$C$23 -> -0.12257921 | K54: =C54-D54 -> -32.797 | L54: =F54-G54 -> -70.168
B55: Taxes and Contributions (PIS & Cofins) | C55: =C25 -> -149.279 | D55: =D25 -> -105.611 | E55: =E25 -> 0.41347966 | F55: =F25 -> -391.764 | G55: =G25 -> -319.498 | H55: =H25 -> 0.22618608 | J55: =C55/$C$23 -> -0.086703855 | K55: =C55-D55 -> -43.668 | L55: =F55-G55 -> -72.266
B56: Regulatory charges ex AAR (CDE and PROINFRA) | C56: =C26 -> -33.696 | D56: =D26 -> -57.808 | E56: =E26 -> -0.4171049 | F56: =F26 -> -98.7021 | G56: =G26 -> -116.8871 | H56: =H26 -> -0.15557748 | J56: =C56/$C$23 -> -0.019571226 | K56: =C56-D56 -> 24.112 | L56: =F56-G56 -> 18.185
B57: Regulatory charges in AAR (P&D, RGR and TFSEE) | C57: =C27 -> -28.071 | D57: =D27 -> -14.83 | E57: =E27 -> 0.89285233 | F57: =F27 -> -65.588 | G57: =G27 -> -49.501 | H57: =H27 -> 0.32498333 | J57: =C57/$C$23 -> -0.016304128 | K57: =C57-D57 -> -13.241 | L57: =F57-G57 -> -16.087
B58: Net Revenue | C58: =C28 -> 1510.6652 | D58: =D28 -> 1072.3334 | E58: =E28 -> 0.40876443 | F58: =F28 -> 3980.592 | G58: =G28 -> 3232.8158 | H58: =H28 -> 0.23130802 | J58: =C58/$C$23 -> 0.87742079 | K58: =C58-D58 -> 438.33177 | L58: =F58-G58 -> 747.77621

Sheet Custos e Despesas
B2: #VALUE!
C3: Mês: | D3: 46295 | F3: →Menu←
C4: Trim: | D4: 3T26
B7: Português
B9: Custos e Despesas de O&M | C9: Consolidado | M9: Não recorrentes
B10: (R$ milhões) | C10: 3T26 | D10: 3T25 | E10: Var (%) | F10: 9M26 | G10: 9M25 | H10: Var (%) | J10: vs Tri | K10: vs Acum | M10: =F10 -> 9M26 | N10: R$ | O10: Categoria | Q10: =G10 -> 9M25 | R10: R$ | S10: Categoria
A11: 7 | B11: Pessoal | C11: -115.73966 | D11: -100.46819 | E11: =IF(OR(AND(D11>0,C11<0),AND(D11<0,C11>0)),"n.a",IFERROR(C11/D11-1,"N.A.")) -> 0.152003 | F11: -331.08487 | G11: -310.53646 | H11: =IF(OR(AND(G11>0,F11<0),AND(G11<0,F11>0)),"n.a",IFERROR(F11/G11-1,"N.A.")) -> 0.066170681 | J11: =C11-D11 -> -15.271467 | K11: =F11-G11 -> -20.548409 | M11: Laudo Aturial | N11: 4.0604947 | O11: Pessoal | Q11: Laudo Atuarial | R11: 5.7692071 | S11: Pessoal
A12: 8 | B12: Materiais | C12: -6.277325 | D12: -5.6466581 | E12: =IF(OR(AND(D12>0,C12<0),AND(D12<0,C12>0)),"n.a",IFERROR(C12/D12-1,"N.A.")) -> 0.11168854 | F12: -17.241413 | G12: -16.86983 | H12: =IF(OR(AND(G12>0,F12<0),AND(G12<0,F12>0)),"n.a",IFERROR(F12/G12-1,"N.A.")) -> 0.022026488 | J12: =C12-D12 -> -0.63066698 | K12: =F12-G12 -> -0.3715831 | M12: Integração IE Madeira | N12: 15.472042 | O12: Serviços
A13: 9 | B13: Serviços | C13: -66.577493 | D13: -54.050478 | E13: =IF(OR(AND(D13>0,C13<0),AND(D13<0,C13>0)),"n.a",IFERROR(C13/D13-1,"N.A.")) -> 0.23176511 | F13: -174.51312 | G13: -146.00465 | H13: =IF(OR(AND(G13>0,F13<0),AND(G13<0,F13>0)),"n.a",IFERROR(F13/G13-1,"N.A.")) -> 0.19525732 | J13: =C13-D13 -> -12.527015 | K13: =F13-G13 -> -28.508476 | M13: Integração IE Madeira | N13: 0.45645785 | O13: Serviços
A14: 11 | B14: Outros | C14: -28.445633 | D14: -25.371468 | E14: =IF(OR(AND(D14>0,C14<0),AND(D14<0,C14>0)),"n.a",IFERROR(C14/D14-1,"N.A.")) -> 0.12116622 | F14: -81.415357 | G14: -72.69495 | H14: =IF(OR(AND(G14>0,F14<0),AND(G14<0,F14>0)),"n.a",IFERROR(F14/G14-1,"N.A.")) -> 0.11995891 | J14: =C14-D14 -> -3.0741649 | K14: =F14-G14 -> -8.7204071 | M14: Leilão | N14: 1.0060609 | O14: Serviços
B15: PMSO (gerenciável) | C15: =SUM(C11:C14) -> -217.04011 | D15: =SUM(D11:D14) -> -185.5368 | E15: =IF(OR(AND(D15>0,C15<0),AND(D15<0,C15>0)),"n.a",IFERROR(C15/D15-1,"N.A.")) -> 0.1697955 | F15: =SUM(F11:F14) -> -604.25476 | G15: =SUM(G11:G14) -> -546.10589 | H15: =IF(OR(AND(G15>0,F15<0),AND(G15<0,F15>0)),"n.a",IFERROR(F15/G15-1,"N.A.")) -> 0.10647912 | J15: =C15-D15 -> -31.503313 | K15: =F15-G15 -> -58.148875
B16: Não recorrentes | C16: =-SUM(N19:N25)-C17 -> -16.934561 | D16: =-SUM(R19:R25)-D17 -> 0 | E16: =IF(OR(AND(D16>0,C16<0),AND(D16<0,C16>0)),"n.a",IFERROR(C16/D16-1,"N.A.")) -> N.A. | F16: =-SUM(N11:N17)-F17 -> -16.934561 | G16: =-SUM(R11:R17)-G17 -> 0 | H16: =IF(OR(AND(G16>0,F16<0),AND(G16<0,F16>0)),"n.a",IFERROR(F16/G16-1,"N.A.")) -> N.A. | J16: =C16-D16 -> -16.934561 | K16: =F16-G16 -> -16.934561
A17: 6154110136 | B17: Entidade de Previdência Privada | C17: =-N19 -> -1.3534982 | D17: =-R19 -> -1.9230691 | E17: =IF(OR(AND(D17>0,C17<0),AND(D17<0,C17>0)),"n.a",IFERROR(C17/D17-1,"N.A.")) -> -0.29617803 | F17: =-N11 -> -4.0604947 | G17: =-R11 -> -5.7692071 | H17: =IF(OR(AND(G17>0,F17<0),AND(G17<0,F17>0)),"n.a",IFERROR(F17/G17-1,"N.A.")) -> -0.29617803 | J17: =C17-D17 -> 0.56957081 | K17: =F17-G17 -> 1.7087124
B18: PMSO | C18: =SUM(C15:C17) -> -235.32817 | D18: =SUM(D15:D17) -> -187.45986 | E18: =IF(OR(AND(D18>0,C18<0),AND(D18<0,C18>0)),"n.a",IFERROR(C18/D18-1,"N.A.")) -> 0.25535228 | F18: =SUM(F15:F17) -> -625.24982 | G18: =SUM(G15:G17) -> -551.87509 | H18: =IF(OR(AND(G18>0,F18<0),AND(G18<0,F18>0)),"n.a",IFERROR(F18/G18-1,"N.A.")) -> 0.13295531 | J18: =C18-D18 -> -47.868304 | K18: =F18-G18 -> -73.374724 | M18: =C10 -> 3T26 | N18: R$ | O18: Categoria | Q18: =D10 -> 3T25 | R18: R$ | S18: Categoria
B19: Contingências | C19: 23.5936 | D19: -0.22453579 | E19: =IF(OR(AND(D19>0,C19<0),AND(D19<0,C19>0)),"n.a",IFERROR(C19/D19-1,"N.A.")) -> n.a | F19: 19.236909 | G19: -20.830504 | H19: =IF(OR(AND(G19>0,F19<0),AND(G19<0,F19>0)),"n.a",IFERROR(F19/G19-1,"N.A.")) -> n.a | J19: =C19-D19 -> 23.818136 | K19: =F19-G19 -> 40.067414 | M19: Laudo Aturial | N19: 1.3534982 | O19: Pessoal | Q19: Laudo Atuarial | R19: 1.9230691 | S19: Pessoal | T19: =R19-N19 -> 0.56957081
A20: 10 | B20: Depreciação | C20: -250.96963 | D20: -167.5607 | E20: =IF(OR(AND(D20>0,C20<0),AND(D20<0,C20>0)),"n.a",IFERROR(C20/D20-1,"N.A.")) -> 0.4977834 | F20: -642.55116 | G20: -591.34202 | H20: =IF(OR(AND(G20>0,F20<0),AND(G20<0,F20>0)),"n.a",IFERROR(F20/G20-1,"N.A.")) -> 0.08659817 | J20: =C20-D20 -> -83.408934 | K20: =F20-G20 -> -51.209137 | M20: Integração IE Madeira | N20: 15.472042 | O20: Serviços
B21: Demais custos e despesas | C21: =SUM(C19:C20) -> -227.37603 | D21: =SUM(D19:D20) -> -167.78523 | E21: =IF(OR(AND(D21>0,C21<0),AND(D21<0,C21>0)),"n.a",IFERROR(C21/D21-1,"N.A.")) -> 0.35516116 | F21: =SUM(F19:F20) -> -623.31425 | G21: =SUM(G19:G20) -> -612.17252 | H21: =IF(OR(AND(G21>0,F21<0),AND(G21<0,F21>0)),"n.a",IFERROR(F21/G21-1,"N.A.")) -> 0.018200299 | J21: =C21-D21 -> -59.590798 | K21: =F21-G21 -> -11.141723 | M21: Integração IE Madeira | N21: 0.45645785 | O21: Serviços
B22: Total | C22: =SUM(C18,C21) -> -462.7042 | D22: =SUM(D18,D21) -> -355.2451 | E22: =IF(OR(AND(D22>0,C22<0),AND(D22<0,C22>0)),"n.a",IFERROR(C22/D22-1,"N.A.")) -> 0.30249285 | F22: =SUM(F18,F21) -> -1248.5641 | G22: =SUM(G18,G21) -> -1164.0476 | H22: =IF(OR(AND(G22>0,F22<0),AND(G22<0,F22>0)),"n.a",IFERROR(F22/G22-1,"N.A.")) -> 0.072605661 | J22: =C22-D22 -> -107.4591 | K22: =F22-G22 -> -84.516446 | M22: Leilão | N22: 1.0060609 | O22: Serviços
A24: 6 | B24: Check | C24: 0 | D24: 0 | F24: 0 | G24: 0
B26: PMSO Gerenciável /Receita Líquida | C26: -0.14367188 | D26: -0.17302155 | E26: -2.9349672 | F26: -0.15180023 | G26: -0.16892577 | H26: -1.7125542
B27: PMSO/Receita Líquida | C27: -0.15577784 | D27: -0.1748149 | E27: -1.9037058 | F27: -0.15707458 | G27: -0.17071034 | H27: -1.3635764
B28: PMSO Gerenciável /Rec. Líquida Ex RBSE | C28: -0.20885464 | D28: -0.30510204 | E28: -9.62474 | F28: -0.23414557 | G28: -0.31447247 | H28: -8.0326906
B29: PMSO /Rec. Líquida Ex RBSE | C29: -0.22645298 | D29: -0.30826439 | E29: -8.1811408 | F29: -0.24228104 | G29: -0.31779464 | H29: -7.5513601
B32: Inglês
B34: O&M Costs and Expenses | C34: Consolidated
B35: (R$ million) | C35: 3Q26 | D35: 3Q25 | E35: Chg (%) | F35: 9M26 | G35: 9M25 | H35: Chg (%)
B36: Personnel | C36: =C11 -> -115.73966 | D36: =D11 -> -100.46819 | E36: =E11 -> 0.152003 | F36: =F11 -> -331.08487 | G36: =G11 -> -310.53646 | H36: =H11 -> 0.066170681
B37: Material | C37: =C12 -> -6.277325 | D37: =D12 -> -5.6466581 | E37: =E12 -> 0.11168854 | F37: =F12 -> -17.241413 | G37: =G12 -> -16.86983 | H37: =H12 -> 0.022026488
B38: Services | C38: =C13 -> -66.577493 | D38: =D13 -> -54.050478 | E38: =E13 -> 0.23176511 | F38: =F13 -> -174.51312 | G38: =G13 -> -146.00465 | H38: =H13 -> 0.19525732
B39: Others | C39: =C14 -> -28.445633 | D39: =D14 -> -25.371468 | E39: =E14 -> 0.12116622 | F39: =F14 -> -81.415357 | G39: =G14 -> -72.69495 | H39: =H14 -> 0.11995891
B40: Manageable PMSO | C40: =C15 -> -217.04011 | D40: =D15 -> -185.5368 | E40: =C40/D40-1 -> 0.1697955 | F40: =F15 -> -604.25476 | G40: =G15 -> -546.10589 | H40: =H15 -> 0.10647912
B41: Non-recurring | C41: =C16 -> -16.934561 | D41: =D16 -> 0 | E41: =E16 -> N.A. | F41: =F16 -> -16.934561 | G41: =G16 -> 0 | H41: =H16 -> N.A.
B42: Private Pension Entity | C42: =C17 -> -1.3534982 | D42: =D17 -> -1.9230691 | E42: =E17 -> -0.29617803 | F42: =F17 -> -4.0604947 | G42: =G17 -> -5.7692071 | H42: =H17 -> -0.29617803
B43: PMSO | C43: =SUM(C40:C42) -> -235.32817 | D43: =SUM(D40:D42) -> -187.45986 | E43: =IF(ROUND(C43,1)=ROUND(D43,1),0,C43/D43-1) -> 0.25535228 | F43: =SUM(F40:F42) -> -625.24982 | G43: =SUM(G40:G42) -> -551.87509 | H43: =IF(ROUND(F43,1)=ROUND(G43,1),0,F43/G43-1) -> 0.13295531
B44: Contingencies | C44: =C19 -> 23.5936 | D44: =D19 -> -0.22453579 | E44: =E19 -> n.a | F44: =F19 -> 19.236909 | G44: =G19 -> -20.830504 | H44: =H19 -> n.a
B45: Depreciation | C45: =C20 -> -250.96963 | D45: =D20 -> -167.5607 | E45: =E20 -> 0.4977834 | F45: =F20 -> -642.55116 | G45: =G20 -> -591.34202 | H45: =H20 -> 0.08659817
B46: Other costs and expenses | C46: =C21 -> -227.37603 | D46: =D21 -> -167.78523 | E46: =E21 -> 0.35516116 | F46: =F21 -> -623.31425 | G46: =G21 -> -612.17252 | H46: =H21 -> 0.018200299
B47: Total | C47: =C22 -> -462.7042 | D47: =D22 -> -355.2451 | E47: =E22 -> 0.30249285 | F47: =F22 -> -1248.5641 | G47: =G22 -> -1164.0476 | H47: =H22 -> 0.072605661

Sheet Equivalência Patrimonial
B2: #VALUE!
C3: Mês: | D3: 46295 | F3: →Menu←
C4: Trim: | D4: 3T26
B7: Português
M8: MADEIRA | N8: MADEIRA | O8: MADEIRA | P8: MADEIRA | Q8: MADEIRA | R8: MADEIRA | S8: MADEIRA | X8: Garanhuns | Y8: Garanhuns | Z8: Garanhuns | AA8: Garanhuns | AB8: Garanhuns | AC8: Garanhuns | AD8: Garanhuns | AI8: IEAI | AJ8: IEAI | AK8: IEAI | AL8: IEAI | AM8: IEAI | AN8: IEAI | AO8: IEAI | AT8: IEPG | AU8: IEPG | AV8: IEPG | AW8: IEPG | AX8: IEPG | AY8: IEPG | AZ8: IEPG | BE8: IVAI | BF8: IVAI | BG8: IVAI | BH8: IVAI | BI8: IVAI | BJ8: IVAI | BK8: IVAI
B9: EBITDA | C9: Consolidado + Controladas em Conj. | J9: vs Tri | K9: vs Acum | M9: IE MADEIRA | X9: IE GARANHUNS | AI9: IE AIMORÉS | AT9: IE PARAGUAÇU | BE9: IE IVAÍ | BP9: AIE (IE IVAÍ + IE PARAGUAÇU + IE AIMORÉS)
B10: (R$ milhões) | C10: 3T26 | D10: 3T25 | E10: Var (%) | F10: 9M26 | G10: 9M25 | H10: Var (%) | M10: Demonstração do Resultado | N10: 3T26 | O10: 3T25 | P10: Var (%) | Q10: 9M26 | R10: 9M25 | S10: Var (%) | U10: vs Tri | V10: vs Acum | X10: Demonstração do Resultado | Y10: =N10 -> 3T26 | Z10: =O10 -> 3T25 | AA10: =P10 -> Var (%) | AB10: 9M26 | AC10: 9M25 | AD10: =S10 -> Var (%) | AF10: vs Tri | AG10: vs Acum | AI10: Demonstração do Resultado | AJ10: =Y10 -> 3T26 | AK10: =Z10 -> 3T25 | AL10: =AA10 -> Var (%) | AM10: 9M26 | AN10: 9M25 | AO10: =AD10 -> Var (%) | AQ10: vs Tri | AR10: vs Acum | AT10: Demonstração do Resultado | AU10: =AJ10 -> 3T26 | AV10: =AK10 -> 3T25 | AW10: =AL10 -> Var (%) | AX10: 9M26 | AY10: 9M25 | AZ10: =AO10 -> Var (%) | BB10: vs Tri | BC10: vs Acum | BE10: Demonstração do Resultado | BF10: =AU10 -> 3T26 | BG10: =AV10 -> 3T25 | BH10: =AW10 -> Var (%) | BI10: 9M26 | BJ10: 9M25 | BK10: =AZ10 -> Var (%) | BM10: vs Tri | BN10: vs Acum | BP10: Demonstração do Resultado | BQ10: =BF10 -> 3T26 | BR10: =BG10 -> 3T25 | BS10: =BH10 -> Var (%) | BT10: 9M26 | BU10: 9M25 | BV10: =BK10 -> Var (%) | BX10: vs Tri | BY10: vs Acum
B11: Consolidado | C11: 3190.0834 | D11: 888.4816 | E11: =IF(OR(AND(D11>0,C11<0),AND(D11<0,C11>0)),"n.a",IFERROR(C11/D11-1,"N.A.")) -> 2.590489 | F11: 5178.1506 | G11: 2601.2753 | H11: =IF(OR(AND(G11>0,F11<0),AND(G11<0,F11>0)),"n.a",IFERROR(F11/G11-1,"N.A.")) -> 0.99061998 | J11: =IFERROR(C11-D11,"N.A") -> 2301.6018 | K11: =IFERROR(F11-G11,"N.A") -> 2576.8753 | M11: (R$ mil) | X11: (R$ mil) | AI11: (R$ mil) | AT11: (R$ mil) | BE11: (R$ mil) | BP11: (R$ mil)
B12: Controladas em Conjunto | C12: =SUM(C13:C17) -> 86.811174 | D12: =SUM(D13:D17) -> 191.1695 | E12: =IF(OR(AND(D12>0,C12<0),AND(D12<0,C12>0)),"n.a",IFERROR(C12/D12-1,"N.A.")) -> -0.54589422 | F12: =SUM(F13:F17) -> 448.51855 | G12: =SUM(G13:G17) -> 526.73503 | H12: =IF(OR(AND(G12>0,F12<0),AND(G12<0,F12>0)),"n.a",IFERROR(F12/G12-1,"N.A.")) -> -0.14849303 | J12: =IFERROR(C12-D12,"N.A") -> -104.35833 | K12: =IFERROR(F12-G12,"N.A") -> -78.21648 | M12: Receita Operacional Bruta | N12: 64727.584 | O12: 278295.26 | P12: =IF(OR(AND(O12>0,N12<0),AND(O12<0,N12>0)),"n.a",IFERROR(N12/O12-1,"N.A.")) -> -0.76741399 | Q12: 487397.81 | R12: 671076.05 | S12: =IF(OR(AND(R12>0,Q12<0),AND(R12<0,Q12>0)),"n.a",IFERROR(Q12/R12-1,"N.A.")) -> -0.27370704 | U12: =N12-O12 -> -213567.67 | V12: =Q12-R12 -> -183678.24 | X12: Receita Operacional Bruta | Y12: 13509.297 | Z12: 37318.924 | AA12: =IF(OR(AND(Z12>0,Y12<0),AND(Z12<0,Y12>0)),"n.a",IFERROR(Y12/Z12-1,"N.A.")) -> -0.63800411 | AB12: 102048.99 | AC12: 120223.1 | AD12: =IF(OR(AND(AC12>0,AB12<0),AND(AC12<0,AB12>0)),"n.a",IFERROR(AB12/AC12-1,"N.A.")) -> -0.15116986 | AF12: =Y12-Z12 -> -23809.627 | AG12: =AB12-AC12 -> -18174.109 | AI12: Receita Operacional Bruta | AJ12: 29668 | AK12: 29772 | AL12: =IF(OR(AND(AK12>0,AJ12<0),AND(AK12<0,AJ12>0)),"n.a",IFERROR(AJ12/AK12-1,"N.A.")) -> -0.0034932151 | AM12: 89604 | AN12: 86681 | AO12: =IF(OR(AND(AN12>0,AM12<0),AND(AN12<0,AM12>0)),"n.a",IFERROR(AM12/AN12-1,"N.A.")) -> 0.033721346 | AQ12: =AJ12-AK12 -> -104 | AR12: =AM12-AN12 -> 2923 | AT12: Receita Operacional Bruta | AU12: 46840 | AV12: 45303 | AW12: =IF(OR(AND(AV12>0,AU12<0),AND(AV12<0,AU12>0)),"n.a",IFERROR(AU12/AV12-1,"N.A.")) -> 0.033927113 | AX12: 135904 | AY12: 129348 | AZ12: =IF(OR(AND(AY12>0,AX12<0),AND(AY12<0,AX12>0)),"n.a",IFERROR(AX12/AY12-1,"N.A.")) -> 0.050684974 | BB12: =AU12-AV12 -> 1537 | BC12: =AX12-AY12 -> 6556 | BE12: Receita Operacional Bruta | BF12: 71516.51 | BG12: 103409.37 | BH12: =IF(OR(AND(BG12>0,BF12<0),AND(BG12<0,BF12>0)),"n.a",IFERROR(BF12/BG12-1,"N.A.")) -> -0.30841365 | BI12: 294346.46 | BJ12: 313371.29 | BK12: =IF(OR(AND(BJ12>0,BI12<0),AND(BJ12<0,BI12>0)),"n.a",IFERROR(BI12/BJ12-1,"N.A.")) -> -0.060710204 | BM12: =BF12-BG12 -> -31892.861 | BN12: =BI12-BJ12 -> -19024.835 | BP12: Receita Operacional Bruta | BQ12: =SUM(AJ12,AU12,BF12) -> 148024.51 | BR12: =SUM(AK12,AV12,BG12) -> 178484.37 | BS12: =IF(OR(AND(BR12>0,BQ12<0),AND(BR12<0,BQ12>0)),"n.a",IFERROR(BQ12/BR12-1,"N.A.")) -> -0.17065842 | BT12: =SUM(AM12,AX12,BI12) -> 519854.46 | BU12: =SUM(AN12,AY12,BJ12) -> 529400.29 | BV12: =IF(OR(AND(BU12>0,BT12<0),AND(BU12<0,BT12>0)),"n.a",IFERROR(BT12/BU12-1,"N.A.")) -> -0.018031412 | BX12: =BQ12-BR12 -> -30459.861 | BY12: =BT12-BU12 -> -9545.8349
B13: IE Madeira (51%) | C13: =N25/1000 -> 22.765184 | D13: =O25/1000 -> 101.68184 | E13: =IF(OR(AND(D13>0,C13<0),AND(D13<0,C13>0)),"n.a",IFERROR(C13/D13-1,"N.A.")) -> -0.77611357 | F13: =Q25/1000 -> 191.59186 | G13: =R25/1000 -> 256.75466 | H13: =IF(OR(AND(G13>0,F13<0),AND(G13<0,F13>0)),"n.a",IFERROR(F13/G13-1,"N.A.")) -> -0.25379405 | J13: =IFERROR(C13-D13,"N.A") -> -78.916658 | K13: =IFERROR(F13-G13,"N.A") -> -65.162805 | M13: Deduções à receita operacional | N13: -9631.9064 | O13: -29276.424 | P13: =IF(OR(AND(O13>0,N13<0),AND(O13<0,N13>0)),"n.a",IFERROR(N13/O13-1,"N.A.")) -> -0.67100127 | Q13: -67377.95 | R13: -81692.169 | S13: =IF(OR(AND(R13>0,Q13<0),AND(R13<0,Q13>0)),"n.a",IFERROR(Q13/R13-1,"N.A.")) -> -0.17522144 | U13: =N13-O13 -> 19644.518 | V13: =Q13-R13 -> 14314.219 | X13: Deduções à receita operacional | Y13: -1973.4271 | Z13: -5809.3921 | AA13: =IF(OR(AND(Z13>0,Y13<0),AND(Z13<0,Y13>0)),"n.a",IFERROR(Y13/Z13-1,"N.A.")) -> -0.66030404 | AB13: -13369.752 | AC13: -16722.544 | AD13: =IF(OR(AND(AC13>0,AB13<0),AND(AC13<0,AB13>0)),"n.a",IFERROR(AB13/AC13-1,"N.A.")) -> -0.20049536 | AF13: =Y13-Z13 -> 3835.965 | AG13: =AB13-AC13 -> 3352.7925 | AI13: Deduções à receita operacional | AJ13: -3085 | AK13: -3167 | AL13: =IF(OR(AND(AK13>0,AJ13<0),AND(AK13<0,AJ13>0)),"n.a",IFERROR(AJ13/AK13-1,"N.A.")) -> -0.025892011 | AM13: -9217 | AN13: -9121 | AO13: =IF(OR(AND(AN13>0,AM13<0),AND(AN13<0,AM13>0)),"n.a",IFERROR(AM13/AN13-1,"N.A.")) -> 0.010525162 | AQ13: =AJ13-AK13 -> 82 | AR13: =AM13-AN13 -> -96 | AT13: Deduções à receita operacional | AU13: -4863 | AV13: -4757 | AW13: =IF(OR(AND(AV13>0,AU13<0),AND(AV13<0,AU13>0)),"n.a",IFERROR(AU13/AV13-1,"N.A.")) -> 0.022282951 | AX13: -13915 | AY13: -14122 | AZ13: =IF(OR(AND(AY13>0,AX13<0),AND(AY13<0,AX13>0)),"n.a",IFERROR(AX13/AY13-1,"N.A.")) -> -0.01465798 | BB13: =AU13-AV13 -> -106 | BC13: =AX13-AY13 -> 207 | BE13: Deduções à receita operacional | BF13: -11917.824 | BG13: -10862.2 | BH13: =IF(OR(AND(BG13>0,BF13<0),AND(BG13<0,BF13>0)),"n.a",IFERROR(BF13/BG13-1,"N.A.")) -> 0.09718319 | BI13: -35289.302 | BJ13: -32873.215 | BK13: =IF(OR(AND(BJ13>0,BI13<0),AND(BJ13<0,BI13>0)),"n.a",IFERROR(BI13/BJ13-1,"N.A.")) -> 0.073497151 | BM13: =BF13-BG13 -> -1055.6233 | BN13: =BI13-BJ13 -> -2416.0876 | BP13: Deduções à receita operacional | BQ13: =SUM(AJ13,AU13,BF13) -> -19865.824 | BR13: =SUM(AK13,AV13,BG13) -> -18786.2 | BS13: =IF(OR(AND(BR13>0,BQ13<0),AND(BR13<0,BQ13>0)),"n.a",IFERROR(BQ13/BR13-1,"N.A.")) -> 0.057468954 | BT13: =SUM(AM13,AX13,BI13) -> -58421.302 | BU13: =SUM(AN13,AY13,BJ13) -> -56116.215 | BV13: =IF(OR(AND(BU13>0,BT13<0),AND(BU13<0,BT13>0)),"n.a",IFERROR(BT13/BU13-1,"N.A.")) -> 0.041077034 | BX13: =BQ13-BR13 -> -1079.6233 | BY13: =BT13-BU13 -> -2305.0876
B14: IE Garanhuns (51%) | C14: =Y25/1000 -> 4.8899044 | D14: =Z25/1000 -> 13.972979 | E14: =IF(OR(AND(D14>0,C14<0),AND(D14<0,C14>0)),"n.a",IFERROR(C14/D14-1,"N.A.")) -> -0.65004569 | F14: =AB25/1000 -> 40.135226 | G14: =AC25/1000 -> 46.516043 | H14: =IF(OR(AND(G14>0,F14<0),AND(G14<0,F14>0)),"n.a",IFERROR(F14/G14-1,"N.A.")) -> -0.13717454 | J14: =IFERROR(C14-D14,"N.A") -> -9.0830749 | K14: =IFERROR(F14-G14,"N.A") -> -6.3808169 | M14: Receita Operacional Líquida | N14: 55095.678 | O14: 249018.83 | P14: =IF(OR(AND(O14>0,N14<0),AND(O14<0,N14>0)),"n.a",IFERROR(N14/O14-1,"N.A.")) -> -0.77874895 | Q14: 420019.86 | R14: 589383.89 | S14: =IF(OR(AND(R14>0,Q14<0),AND(R14<0,Q14>0)),"n.a",IFERROR(Q14/R14-1,"N.A.")) -> -0.28735774 | U14: =N14-O14 -> -193923.15 | V14: =Q14-R14 -> -169364.02 | X14: Receita Operacional Líquida | Y14: 11535.87 | Z14: 31509.532 | AA14: =IF(OR(AND(Z14>0,Y14<0),AND(Z14<0,Y14>0)),"n.a",IFERROR(Y14/Z14-1,"N.A.")) -> -0.63389269 | AB14: 88679.237 | AC14: 103500.55 | AD14: =IF(OR(AND(AC14>0,AB14<0),AND(AC14<0,AB14>0)),"n.a",IFERROR(AB14/AC14-1,"N.A.")) -> -0.14320036 | AF14: =Y14-Z14 -> -19973.662 | AG14: =AB14-AC14 -> -14821.317 | AI14: Receita Operacional Líquida | AJ14: 26583 | AK14: 26605 | AL14: =IF(OR(AND(AK14>0,AJ14<0),AND(AK14<0,AJ14>0)),"n.a",IFERROR(AJ14/AK14-1,"N.A.")) -> -0.00082691223 | AM14: 80387 | AN14: 77560 | AO14: =IF(OR(AND(AN14>0,AM14<0),AND(AN14<0,AM14>0)),"n.a",IFERROR(AM14/AN14-1,"N.A.")) -> 0.036449201 | AQ14: =AJ14-AK14 -> -22 | AR14: =AM14-AN14 -> 2827 | AT14: Receita Operacional Líquida | AU14: 41977 | AV14: 40546 | AW14: =IF(OR(AND(AV14>0,AU14<0),AND(AV14<0,AU14>0)),"n.a",IFERROR(AU14/AV14-1,"N.A.")) -> 0.035293247 | AX14: 121989 | AY14: 115226 | AZ14: =IF(OR(AND(AY14>0,AX14<0),AND(AY14<0,AX14>0)),"n.a",IFERROR(AX14/AY14-1,"N.A.")) -> 0.05869335 | BB14: =AU14-AV14 -> 1431 | BC14: =AX14-AY14 -> 6763 | BE14: Receita Operacional Líquida | BF14: 59598.686 | BG14: 92547.17 | BH14: =IF(OR(AND(BG14>0,BF14<0),AND(BG14<0,BF14>0)),"n.a",IFERROR(BF14/BG14-1,"N.A.")) -> -0.35601828 | BI14: 259057.15 | BJ14: 280498.08 | BK14: =IF(OR(AND(BJ14>0,BI14<0),AND(BJ14<0,BI14>0)),"n.a",IFERROR(BI14/BJ14-1,"N.A.")) -> -0.076438751 | BM14: =BF14-BG14 -> -32948.484 | BN14: =BI14-BJ14 -> -21440.923 | BP14: Receita Operacional Líquida | BQ14: =SUM(AJ14,AU14,BF14) -> 128158.69 | BR14: =SUM(AK14,AV14,BG14) -> 159698.17 | BS14: =IF(OR(AND(BR14>0,BQ14<0),AND(BR14<0,BQ14>0)),"n.a",IFERROR(BQ14/BR14-1,"N.A.")) -> -0.19749434 | BT14: =SUM(AM14,AX14,BI14) -> 461433.15 | BU14: =SUM(AN14,AY14,BJ14) -> 473284.08 | BV14: =IF(OR(AND(BU14>0,BT14<0),AND(BU14<0,BT14>0)),"n.a",IFERROR(BT14/BU14-1,"N.A.")) -> -0.025039766 | BX14: =BQ14-BR14 -> -31539.484 | BY14: =BT14-BU14 -> -11850.923
B15: IE Aimorés (50%) | C15: =AJ25/1000 -> 12.506 | D15: =AK25/1000 -> 12.92 | E15: =IF(OR(AND(D15>0,C15<0),AND(D15<0,C15>0)),"n.a",IFERROR(C15/D15-1,"N.A.")) -> -0.032043344 | F15: =AM25/1000 -> 38.0365 | G15: =AN25/1000 -> 36.7205 | H15: =IF(OR(AND(G15>0,F15<0),AND(G15<0,F15>0)),"n.a",IFERROR(F15/G15-1,"N.A.")) -> 0.035838292 | J15: =IFERROR(C15-D15,"N.A") -> -0.414 | K15: =IFERROR(F15-G15,"N.A") -> 1.316 | M15: Custos e Despesas | N15: -10458.062 | O15: -49464.894 | P15: =IF(OR(AND(O15>0,N15<0),AND(O15<0,N15>0)),"n.a",IFERROR(N15/O15-1,"N.A.")) -> -0.78857608 | Q15: -44349.552 | R15: -85648.969 | S15: =IF(OR(AND(R15>0,Q15<0),AND(R15<0,Q15>0)),"n.a",IFERROR(Q15/R15-1,"N.A.")) -> -0.48219398 | U15: =N15-O15 -> 39006.833 | V15: =Q15-R15 -> 41299.417 | X15: Custos e Despesas | Y15: -1947.8221 | Z15: -4111.5331 | AA15: =IF(OR(AND(Z15>0,Y15<0),AND(Z15<0,Y15>0)),"n.a",IFERROR(Y15/Z15-1,"N.A.")) -> -0.52625406 | AB15: -9982.7162 | AC15: -12292.628 | AD15: =IF(OR(AND(AC15>0,AB15<0),AND(AC15<0,AB15>0)),"n.a",IFERROR(AB15/AC15-1,"N.A.")) -> -0.18791031 | AF15: =Y15-Z15 -> 2163.711 | AG15: =AB15-AC15 -> 2309.9115 | AI15: Custos e Despesas | AJ15: -1571 | AK15: -765 | AL15: =IF(OR(AND(AK15>0,AJ15<0),AND(AK15<0,AJ15>0)),"n.a",IFERROR(AJ15/AK15-1,"N.A.")) -> 1.0535948 | AM15: -4314 | AN15: -4119 | AO15: =IF(OR(AND(AN15>0,AM15<0),AND(AN15<0,AM15>0)),"n.a",IFERROR(AM15/AN15-1,"N.A.")) -> 0.047341588 | AQ15: =AJ15-AK15 -> -806 | AR15: =AM15-AN15 -> -195 | AT15: Custos e Despesas | AU15: -2195 | AV15: -1626 | AW15: =IF(OR(AND(AV15>0,AU15<0),AND(AV15<0,AU15>0)),"n.a",IFERROR(AU15/AV15-1,"N.A.")) -> 0.3499385 | AX15: -6443 | AY15: -5994 | AZ15: =IF(OR(AND(AY15>0,AX15<0),AND(AY15<0,AX15>0)),"n.a",IFERROR(AX15/AY15-1,"N.A.")) -> 0.074908242 | BB15: =AU15-AV15 -> -569 | BC15: =AX15-AY15 -> -449 | BE15: Custos e Despesas | BF15: -4907.0012 | BG15: -6277.8148 | BH15: =IF(OR(AND(BG15>0,BF15<0),AND(BG15<0,BF15>0)),"n.a",IFERROR(BF15/BG15-1,"N.A.")) -> -0.2183584 | BI15: -15713.646 | BJ15: -16291.517 | BK15: =IF(OR(AND(BJ15>0,BI15<0),AND(BJ15<0,BI15>0)),"n.a",IFERROR(BI15/BJ15-1,"N.A.")) -> -0.035470646 | BM15: =BF15-BG15 -> 1370.8136 | BN15: =BI15-BJ15 -> 577.87062 | BP15: Custos e Despesas | BQ15: =SUM(AJ15,AU15,BF15) -> -8673.0012 | BR15: =SUM(AK15,AV15,BG15) -> -8668.8148 | BS15: =IF(OR(AND(BR15>0,BQ15<0),AND(BR15<0,BQ15>0)),"n.a",IFERROR(BQ15/BR15-1,"N.A.")) -> 0.00048292646 | BT15: =SUM(AM15,AX15,BI15) -> -26470.646 | BU15: =SUM(AN15,AY15,BJ15) -> -26404.517 | BV15: =IF(OR(AND(BU15>0,BT15<0),AND(BU15<0,BT15>0)),"n.a",IFERROR(BT15/BU15-1,"N.A.")) -> 0.0025044723 | BX15: =BQ15-BR15 -> -4.1864 | BY15: =BT15-BU15 -> -66.12938
B16: IE Paraguaçu (50%) | C16: =AU25/1000 -> 19.891 | D16: =AV25/1000 -> 19.46 | E16: =IF(OR(AND(D16>0,C16<0),AND(D16<0,C16>0)),"n.a",IFERROR(C16/D16-1,"N.A.")) -> 0.022147996 | F16: =AX25/1000 -> 57.773 | G16: =AY25/1000 -> 54.616 | H16: =IF(OR(AND(G16>0,F16<0),AND(G16<0,F16>0)),"n.a",IFERROR(F16/G16-1,"N.A.")) -> 0.057803574 | J16: =IFERROR(C16-D16,"N.A") -> 0.431 | K16: =IFERROR(F16-G16,"N.A") -> 3.157 | M16: Depreciação | N16: -12140.06 | O16: -36456.599 | P16: =IF(OR(AND(O16>0,N16<0),AND(O16<0,N16>0)),"n.a",IFERROR(N16/O16-1,"N.A.")) -> -0.66699966 | Q16: -84995.04 | R16: -109839.34 | S16: =IF(OR(AND(R16>0,Q16<0),AND(R16<0,Q16>0)),"n.a",IFERROR(Q16/R16-1,"N.A.")) -> -0.2261876 | U16: =N16-O16 -> 24316.539 | V16: =Q16-R16 -> 24844.296 | X16: Depreciação | Y16: -2378.131 | Z16: -6726.2716 | AA16: =IF(OR(AND(Z16>0,Y16<0),AND(Z16<0,Y16>0)),"n.a",IFERROR(Y16/Z16-1,"N.A.")) -> -0.64644142 | AB16: -16652.908 | AC16: -19438.467 | AD16: =IF(OR(AND(AC16>0,AB16<0),AND(AC16<0,AB16>0)),"n.a",IFERROR(AB16/AC16-1,"N.A.")) -> -0.1433014 | AF16: =Y16-Z16 -> 4348.1406 | AG16: =AB16-AC16 -> 2785.5595 | AI16: Depreciação | AJ16: -2722 | AK16: -2721 | AL16: =IF(OR(AND(AK16>0,AJ16<0),AND(AK16<0,AJ16>0)),"n.a",IFERROR(AJ16/AK16-1,"N.A.")) -> 0.00036751194 | AM16: -8165 | AN16: -8163 | AO16: =IF(OR(AND(AN16>0,AM16<0),AND(AN16<0,AM16>0)),"n.a",IFERROR(AM16/AN16-1,"N.A.")) -> 0.00024500796 | AQ16: =AJ16-AK16 -> -1 | AR16: =AM16-AN16 -> -2 | AT16: Depreciação | AU16: -4657 | AV16: -4658 | AW16: =IF(OR(AND(AV16>0,AU16<0),AND(AV16<0,AU16>0)),"n.a",IFERROR(AU16/AV16-1,"N.A.")) -> -0.00021468441 | AX16: -13972 | AY16: -13962 | AZ16: =IF(OR(AND(AY16>0,AX16<0),AND(AY16<0,AX16>0)),"n.a",IFERROR(AX16/AY16-1,"N.A.")) -> 0.00071622977 | BB16: =AU16-AV16 -> 1 | BC16: =AX16-AY16 -> -10 | BE16: Depreciação | BF16: -12533.502 | BG16: -15243.134 | BH16: =IF(OR(AND(BG16>0,BF16<0),AND(BG16<0,BF16>0)),"n.a",IFERROR(BF16/BG16-1,"N.A.")) -> -0.17776081 | BI16: -40545.747 | BJ16: -42328.78 | BK16: =IF(OR(AND(BJ16>0,BI16<0),AND(BJ16<0,BI16>0)),"n.a",IFERROR(BI16/BJ16-1,"N.A.")) -> -0.042123418 | BM16: =BF16-BG16 -> 2709.6318 | BN16: =BI16-BJ16 -> 1783.0329 | BP16: Depreciação | BQ16: =SUM(AJ16,AU16,BF16) -> -19912.502 | BR16: =SUM(AK16,AV16,BG16) -> -22622.134 | BS16: =IF(OR(AND(BR16>0,BQ16<0),AND(BR16<0,BQ16>0)),"n.a",IFERROR(BQ16/BR16-1,"N.A.")) -> -0.1197779 | BT16: =SUM(AM16,AX16,BI16) -> -62682.747 | BU16: =SUM(AN16,AY16,BJ16) -> -64453.78 | BV16: =IF(OR(AND(BU16>0,BT16<0),AND(BU16<0,BT16>0)),"n.a",IFERROR(BT16/BU16-1,"N.A.")) -> -0.027477565 | BX16: =BQ16-BR16 -> 2709.6318 | BY16: =BT16-BU16 -> 1771.0329
B17: IE Ivaí (50%) | C17: =BF25/1000 -> 26.759085 | D17: =BG25/1000 -> 43.134678 | E17: =IF(OR(AND(D17>0,C17<0),AND(D17<0,C17>0)),"n.a",IFERROR(C17/D17-1,"N.A.")) -> -0.37963869 | F17: =BI25/1000 -> 120.98197 | G17: =BJ25/1000 -> 132.12782 | H17: =IF(OR(AND(G17>0,F17<0),AND(G17<0,F17>0)),"n.a",IFERROR(F17/G17-1,"N.A.")) -> -0.084356628 | J17: =IFERROR(C17-D17,"N.A") -> -16.375593 | K17: =IFERROR(F17-G17,"N.A") -> -11.145858 | M17: EBITDA | N17: 44637.616 | O17: 199376.16 | P17: =IF(OR(AND(O17>0,N17<0),AND(O17<0,N17>0)),"n.a",IFERROR(N17/O17-1,"N.A.")) -> -0.77611357 | Q17: 375670.31 | R17: 503440.52 | S17: =IF(OR(AND(R17>0,Q17<0),AND(R17<0,Q17>0)),"n.a",IFERROR(Q17/R17-1,"N.A.")) -> -0.25379405 | U17: =N17-O17 -> -154738.55 | V17: =Q17-R17 -> -127770.21 | X17: EBITDA | Y17: 9588.0479 | Z17: 27397.999 | AA17: =IF(OR(AND(Z17>0,Y17<0),AND(Z17<0,Y17>0)),"n.a",IFERROR(Y17/Z17-1,"N.A.")) -> -0.65004569 | AB17: 78696.521 | AC17: 91207.927 | AD17: =IF(OR(AND(AC17>0,AB17<0),AND(AC17<0,AB17>0)),"n.a",IFERROR(AB17/AC17-1,"N.A.")) -> -0.13717454 | AF17: =Y17-Z17 -> -17809.951 | AG17: =AB17-AC17 -> -12511.406 | AI17: EBITDA | AJ17: 25012 | AK17: 25840 | AL17: =IF(OR(AND(AK17>0,AJ17<0),AND(AK17<0,AJ17>0)),"n.a",IFERROR(AJ17/AK17-1,"N.A.")) -> -0.032043344 | AM17: 76073 | AN17: 73441 | AO17: =IF(OR(AND(AN17>0,AM17<0),AND(AN17<0,AM17>0)),"n.a",IFERROR(AM17/AN17-1,"N.A.")) -> 0.035838292 | AQ17: =AJ17-AK17 -> -828 | AR17: =AM17-AN17 -> 2632 | AT17: EBITDA | AU17: 39782 | AV17: 38920 | AW17: =IF(OR(AND(AV17>0,AU17<0),AND(AV17<0,AU17>0)),"n.a",IFERROR(AU17/AV17-1,"N.A.")) -> 0.022147996 | AX17: 115546 | AY17: 109232 | AZ17: =IF(OR(AND(AY17>0,AX17<0),AND(AY17<0,AX17>0)),"n.a",IFERROR(AX17/AY17-1,"N.A.")) -> 0.057803574 | BB17: =AU17-AV17 -> 862 | BC17: =AX17-AY17 -> 6314 | BE17: EBITDA | BF17: 53518.17 | BG17: 86269.355 | BH17: =IF(OR(AND(BG17>0,BF17<0),AND(BG17<0,BF17>0)),"n.a",IFERROR(BF17/BG17-1,"N.A.")) -> -0.37963869 | BI17: 241963.93 | BJ17: 264255.65 | BK17: =IF(OR(AND(BJ17>0,BI17<0),AND(BJ17<0,BI17>0)),"n.a",IFERROR(BI17/BJ17-1,"N.A.")) -> -0.084356628 | BM17: =BF17-BG17 -> -32751.185 | BN17: =BI17-BJ17 -> -22291.716 | BP17: EBITDA | BQ17: =SUM(AJ17,AU17,BF17) -> 118312.17 | BR17: =SUM(AK17,AV17,BG17) -> 151029.36 | BS17: =IF(OR(AND(BR17>0,BQ17<0),AND(BR17<0,BQ17>0)),"n.a",IFERROR(BQ17/BR17-1,"N.A.")) -> -0.21662799 | BT17: =SUM(AM17,AX17,BI17) -> 433582.93 | BU17: =SUM(AN17,AY17,BJ17) -> 446928.65 | BV17: =IF(OR(AND(BU17>0,BT17<0),AND(BU17<0,BT17>0)),"n.a",IFERROR(BT17/BU17-1,"N.A.")) -> -0.029860953 | BX17: =BQ17-BR17 -> -32717.185 | BY17: =BT17-BU17 -> -13345.716
B18: Total | C18: =SUM(C11:C12) -> 3276.8946 | D18: =SUM(D11:D12) -> 1079.6511 | E18: =IF(OR(AND(D18>0,C18<0),AND(D18<0,C18>0)),"n.a",IFERROR(C18/D18-1,"N.A.")) -> 2.0351422 | F18: =SUM(F11:F12) -> 5626.6691 | G18: =SUM(G11:G12) -> 3128.0103 | H18: =IF(OR(AND(G18>0,F18<0),AND(G18<0,F18>0)),"n.a",IFERROR(F18/G18-1,"N.A.")) -> 0.79880133 | J18: =IFERROR(C18-D18,"N.A") -> 2197.2435 | K18: =IFERROR(D18-E18,"N.A") -> 1077.616 | M18: Resultado do Serviço | N18: =N14+N15+N16 -> 32497.557 | O18: 163097.34 | P18: =IF(OR(AND(O18>0,N18<0),AND(O18<0,N18>0)),"n.a",IFERROR(N18/O18-1,"N.A.")) -> -0.80074747 | Q18: =Q14+Q15+Q16 -> 290675.27 | R18: 393895.58 | S18: =IF(OR(AND(R18>0,Q18<0),AND(R18<0,Q18>0)),"n.a",IFERROR(Q18/R18-1,"N.A.")) -> -0.26204993 | U18: =N18-O18 -> -130599.78 | V18: =Q18-R18 -> -103220.31 | X18: Resultado do Serviço | Y18: =Y14+Y15+Y16 -> 7209.9168 | Z18: 20671.727 | AA18: =IF(OR(AND(Z18>0,Y18<0),AND(Z18<0,Y18>0)),"n.a",IFERROR(Y18/Z18-1,"N.A.")) -> -0.65121846 | AB18: =AB14+AB15+AB16 -> 62043.613 | AC18: 71769.459 | AD18: =IF(OR(AND(AC18>0,AB18<0),AND(AC18<0,AB18>0)),"n.a",IFERROR(AB18/AC18-1,"N.A.")) -> -0.13551511 | AF18: =Y18-Z18 -> -13461.81 | AG18: =AB18-AC18 -> -9725.8459 | AI18: Resultado do Serviço | AJ18: =AJ14+AJ15+AJ16 -> 22290 | AK18: 23119 | AL18: =IF(OR(AND(AK18>0,AJ18<0),AND(AK18<0,AJ18>0)),"n.a",IFERROR(AJ18/AK18-1,"N.A.")) -> -0.035857952 | AM18: =AM14+AM15+AM16 -> 67908 | AN18: 65278 | AO18: =IF(OR(AND(AN18>0,AM18<0),AND(AN18<0,AM18>0)),"n.a",IFERROR(AM18/AN18-1,"N.A.")) -> 0.040289225 | AQ18: =AJ18-AK18 -> -829 | AR18: =AM18-AN18 -> 2630 | AT18: Resultado do Serviço | AU18: =AU14+AU15+AU16 -> 35125 | AV18: 34262 | AW18: =IF(OR(AND(AV18>0,AU18<0),AND(AV18<0,AU18>0)),"n.a",IFERROR(AU18/AV18-1,"N.A.")) -> 0.025188255 | AX18: =AX14+AX15+AX16 -> 101574 | AY18: 95270 | AZ18: =IF(OR(AND(AY18>0,AX18<0),AND(AY18<0,AX18>0)),"n.a",IFERROR(AX18/AY18-1,"N.A.")) -> 0.066169833 | BB18: =AU18-AV18 -> 863 | BC18: =AX18-AY18 -> 6304 | BE18: Resultado do Serviço | BF18: =BF14+BF15+BF16 -> 42158.182 | BG18: 71026.221 | BH18: =IF(OR(AND(BG18>0,BF18<0),AND(BG18<0,BF18>0)),"n.a",IFERROR(BF18/BG18-1,"N.A.")) -> -0.40644199 | BI18: =BI14+BI15+BI16 -> 202797.76 | BJ18: 221877.78 | BK18: =IF(OR(AND(BJ18>0,BI18<0),AND(BJ18<0,BI18>0)),"n.a",IFERROR(BI18/BJ18-1,"N.A.")) -> -0.085993375 | BM18: =BF18-BG18 -> -28868.039 | BN18: =BI18-BJ18 -> -19080.019 | BP18: Resultado do Serviço | BQ18: =SUM(AJ18,AU18,BF18) -> 99573.182 | BR18: =SUM(AK18,AV18,BG18) -> 128407.22 | BS18: =IF(OR(AND(BR18>0,BQ18<0),AND(BR18<0,BQ18>0)),"n.a",IFERROR(BQ18/BR18-1,"N.A.")) -> -0.22455154 | BT18: =SUM(AM18,AX18,BI18) -> 372279.76 | BU18: =SUM(AN18,AY18,BJ18) -> 382425.78 | BV18: =IF(OR(AND(BU18>0,BT18<0),AND(BU18<0,BT18>0)),"n.a",IFERROR(BT18/BU18-1,"N.A.")) -> -0.026530688 | BX18: =BQ18-BR18 -> -28834.039 | BY18: =BT18-BU18 -> -10146.019
M19: Resultado Financeiro | N19: -4942.0003 | O19: -9745.8809 | P19: =IF(OR(AND(O19>0,N19<0),AND(O19<0,N19>0)),"n.a",IFERROR(N19/O19-1,"N.A.")) -> -0.49291394 | Q19: -20064.989 | R19: -36510.857 | S19: =IF(OR(AND(R19>0,Q19<0),AND(R19<0,Q19>0)),"n.a",IFERROR(Q19/R19-1,"N.A.")) -> -0.45043775 | U19: =N19-O19 -> 4803.8806 | V19: =Q19-R19 -> 16445.869 | X19: Resultado Financeiro | Y19: 0.69161 | Z19: -780.57469 | AA19: =IF(OR(AND(Z19>0,Y19<0),AND(Z19<0,Y19>0)),"n.a",IFERROR(Y19/Z19-1,"N.A.")) -> n.a | AB19: -308.0305 | AC19: -1963.1783 | AD19: =IF(OR(AND(AC19>0,AB19<0),AND(AC19<0,AB19>0)),"n.a",IFERROR(AB19/AC19-1,"N.A.")) -> -0.84309602 | AF19: =Y19-Z19 -> 781.2663 | AG19: =AB19-AC19 -> 1655.1478 | AI19: Resultado Financeiro | AJ19: -8511 | AK19: -7179 | AL19: =IF(OR(AND(AK19>0,AJ19<0),AND(AK19<0,AJ19>0)),"n.a",IFERROR(AJ19/AK19-1,"N.A.")) -> 0.18554116 | AM19: -25456 | AN19: -5850 | AO19: =IF(OR(AND(AN19>0,AM19<0),AND(AN19<0,AM19>0)),"n.a",IFERROR(AM19/AN19-1,"N.A.")) -> 3.351453 | AQ19: =AJ19-AK19 -> -1332 | AR19: =AM19-AN19 -> -19606 | AT19: Resultado Financeiro | AU19: -15699 | AV19: -13663 | AW19: =IF(OR(AND(AV19>0,AU19<0),AND(AV19<0,AU19>0)),"n.a",IFERROR(AU19/AV19-1,"N.A.")) -> 0.14901559 | AX19: -46254 | AY19: -9957 | AZ19: =IF(OR(AND(AY19>0,AX19<0),AND(AY19<0,AX19>0)),"n.a",IFERROR(AX19/AY19-1,"N.A.")) -> 3.6453751 | BB19: =AU19-AV19 -> -2036 | BC19: =AX19-AY19 -> -36297 | BE19: Resultado Financeiro | BF19: -70668.163 | BG19: -31263.959 | BH19: =IF(OR(AND(BG19>0,BF19<0),AND(BG19<0,BF19>0)),"n.a",IFERROR(BF19/BG19-1,"N.A.")) -> 1.2603716 | BI19: -203454.56 | BJ19: -148136 | BK19: =IF(OR(AND(BJ19>0,BI19<0),AND(BJ19<0,BI19>0)),"n.a",IFERROR(BI19/BJ19-1,"N.A.")) -> 0.37343091 | BM19: =BF19-BG19 -> -39404.204 | BN19: =BI19-BJ19 -> -55318.561 | BP19: Resultado Financeiro | BQ19: =SUM(AJ19,AU19,BF19) -> -94878.163 | BR19: =SUM(AK19,AV19,BG19) -> -52105.959 | BS19: =IF(OR(AND(BR19>0,BQ19<0),AND(BR19<0,BQ19>0)),"n.a",IFERROR(BQ19/BR19-1,"N.A.")) -> 0.82086973 | BT19: =SUM(AM19,AX19,BI19) -> -275164.56 | BU19: =SUM(AN19,AY19,BJ19) -> -163943 | BV19: =IF(OR(AND(BU19>0,BT19<0),AND(BU19<0,BT19>0)),"n.a",IFERROR(BT19/BU19-1,"N.A.")) -> 0.67841605 | BX19: =BQ19-BR19 -> -42772.204 | BY19: =BT19-BU19 -> -111221.56
M20: Outras receitas/despesas líquidas | N20: 0 | O20: -177.77568 | P20: =IF(OR(AND(O20>0,N20<0),AND(O20<0,N20>0)),"n.a",IFERROR(N20/O20-1,"N.A.")) -> -1 | Q20: 0 | R20: -294.40053 | S20: =IF(OR(AND(R20>0,Q20<0),AND(R20<0,Q20>0)),"n.a",IFERROR(Q20/R20-1,"N.A.")) -> -1 | U20: =N20-O20 -> 177.77568 | V20: =Q20-R20 -> 294.40053 | X20: Outras receitas/despesas líquidas | Y20: 0 | Z20: 0 | AA20: =IF(OR(AND(Z20>0,Y20<0),AND(Z20<0,Y20>0)),"n.a",IFERROR(Y20/Z20-1,"N.A.")) -> N.A. | AB20: 0 | AC20: 0.00028893 | AD20: =IF(OR(AND(AC20>0,AB20<0),AND(AC20<0,AB20>0)),"n.a",IFERROR(AB20/AC20-1,"N.A.")) -> -1 | AF20: =Y20-Z20 -> 0 | AG20: =AB20-AC20 -> -0.00028893 | AI20: Outras receitas/despesas líquidas | AJ20: 0 | AK20: 0 | AL20: =IF(OR(AND(AK20>0,AJ20<0),AND(AK20<0,AJ20>0)),"n.a",IFERROR(AJ20/AK20-1,"N.A.")) -> N.A. | AM20: 0 | AN20: 0 | AO20: =IF(OR(AND(AN20>0,AM20<0),AND(AN20<0,AM20>0)),"n.a",IFERROR(AM20/AN20-1,"N.A.")) -> N.A. | AQ20: =AJ20-AK20 -> 0 | AR20: =AM20-AN20 -> 0 | AT20: Outras receitas/despesas líquidas | AU20: 0 | AV20: 0 | AW20: =IF(OR(AND(AV20>0,AU20<0),AND(AV20<0,AU20>0)),"n.a",IFERROR(AU20/AV20-1,"N.A.")) -> N.A. | AX20: 0 | AY20: 0 | AZ20: =IF(OR(AND(AY20>0,AX20<0),AND(AY20<0,AX20>0)),"n.a",IFERROR(AX20/AY20-1,"N.A.")) -> N.A. | BB20: =AU20-AV20 -> 0 | BC20: =AX20-AY20 -> 0 | BE20: Outras receitas/despesas líquidas | BF20: -1173.5143 | BG20: 0 | BH20: =IF(OR(AND(BG20>0,BF20<0),AND(BG20<0,BF20>0)),"n.a",IFERROR(BF20/BG20-1,"N.A.")) -> N.A. | BI20: -1379.5726 | BJ20: 49.09097 | BK20: =IF(OR(AND(BJ20>0,BI20<0),AND(BJ20<0,BI20>0)),"n.a",IFERROR(BI20/BJ20-1,"N.A.")) -> n.a | BM20: =BF20-BG20 -> -1173.5143 | BN20: =BI20-BJ20 -> -1428.6636 | BP20: Outras receitas/despesas líquidas | BQ20: =SUM(AJ20,AU20,BF20) -> -1173.5143 | BR20: =SUM(AK20,AV20,BG20) -> 0 | BS20: =IF(OR(AND(BR20>0,BQ20<0),AND(BR20<0,BQ20>0)),"n.a",IFERROR(BQ20/BR20-1,"N.A.")) -> N.A. | BT20: =SUM(AM20,AX20,BI20) -> -1379.5726 | BU20: =SUM(AN20,AY20,BJ20) -> 49.09097 | BV20: =IF(OR(AND(BU20>0,BT20<0),AND(BU20<0,BT20>0)),"n.a",IFERROR(BT20/BU20-1,"N.A.")) -> n.a | BX20: =BQ20-BR20 -> -1173.5143 | BY20: =BT20-BU20 -> -1428.6636
B21: Equivalência Patrimonial | C21: Consolidado | J21: vs Tri | K21: vs Acum | M21: Lucro antes do IR & CSLL | N21: 27555.556 | O21: 153173.68 | P21: =IF(OR(AND(O21>0,N21<0),AND(O21<0,N21>0)),"n.a",IFERROR(N21/O21-1,"N.A.")) -> -0.82010254 | Q21: 270610.28 | R21: 357090.32 | S21: =IF(OR(AND(R21>0,Q21<0),AND(R21<0,Q21>0)),"n.a",IFERROR(Q21/R21-1,"N.A.")) -> -0.24217974 | U21: =N21-O21 -> -125618.13 | V21: =Q21-R21 -> -86480.041 | X21: Lucro antes do IR & CSLL | Y21: 7210.6085 | Z21: 19891.152 | AA21: =IF(OR(AND(Z21>0,Y21<0),AND(Z21<0,Y21>0)),"n.a",IFERROR(Y21/Z21-1,"N.A.")) -> -0.6374967 | AB21: 61735.583 | AC21: 69806.281 | AD21: =IF(OR(AND(AC21>0,AB21<0),AND(AC21<0,AB21>0)),"n.a",IFERROR(AB21/AC21-1,"N.A.")) -> -0.11561565 | AF21: =Y21-Z21 -> -12680.544 | AG21: =AB21-AC21 -> -8070.6984 | AI21: Lucro antes do IR & CSLL | AJ21: 13779 | AK21: 15940 | AL21: =IF(OR(AND(AK21>0,AJ21<0),AND(AK21<0,AJ21>0)),"n.a",IFERROR(AJ21/AK21-1,"N.A.")) -> -0.13557089 | AM21: 42452 | AN21: 59428 | AO21: =IF(OR(AND(AN21>0,AM21<0),AND(AN21<0,AM21>0)),"n.a",IFERROR(AM21/AN21-1,"N.A.")) -> -0.28565659 | AQ21: =AJ21-AK21 -> -2161 | AR21: =AM21-AN21 -> -16976 | AT21: Lucro antes do IR & CSLL | AU21: 19426 | AV21: 20599 | AW21: =IF(OR(AND(AV21>0,AU21<0),AND(AV21<0,AU21>0)),"n.a",IFERROR(AU21/AV21-1,"N.A.")) -> -0.056944512 | AX21: 55320 | AY21: 85313 | AZ21: =IF(OR(AND(AY21>0,AX21<0),AND(AY21<0,AX21>0)),"n.a",IFERROR(AX21/AY21-1,"N.A.")) -> -0.35156424 | BB21: =AU21-AV21 -> -1173 | BC21: =AX21-AY21 -> -29993 | BE21: Lucro antes do IR & CSLL | BF21: -29683.495 | BG21: 39762.263 | BH21: =IF(OR(AND(BG21>0,BF21<0),AND(BG21<0,BF21>0)),"n.a",IFERROR(BF21/BG21-1,"N.A.")) -> n.a | BI21: -2036.3715 | BJ21: 73790.872 | BK21: =IF(OR(AND(BJ21>0,BI21<0),AND(BJ21<0,BI21>0)),"n.a",IFERROR(BI21/BJ21-1,"N.A.")) -> n.a | BM21: =BF21-BG21 -> -69445.758 | BN21: =BI21-BJ21 -> -75827.243 | BP21: Lucro antes do IR & CSLL | BQ21: =SUM(AJ21,AU21,BF21) -> 3521.505 | BR21: =SUM(AK21,AV21,BG21) -> 76301.263 | BS21: =IF(OR(AND(BR21>0,BQ21<0),AND(BR21<0,BQ21>0)),"n.a",IFERROR(BQ21/BR21-1,"N.A.")) -> -0.95384736 | BT21: =SUM(AM21,AX21,BI21) -> 95735.629 | BU21: =SUM(AN21,AY21,BJ21) -> 218531.87 | BV21: =IF(OR(AND(BU21>0,BT21<0),AND(BU21<0,BT21>0)),"n.a",IFERROR(BT21/BU21-1,"N.A.")) -> -0.56191457 | BX21: =BQ21-BR21 -> -72779.758 | BY21: =BT21-BU21 -> -122796.24
B22: (R$ milhões) | C22: 3T26 | D22: 3T25 | E22: Var (%) | F22: 9M26 | G22: 9M25 | H22: Var (%) | M22: IR & CSLL | N22: -7992.5049 | O22: -31980.111 | P22: =IF(OR(AND(O22>0,N22<0),AND(O22<0,N22>0)),"n.a",IFERROR(N22/O22-1,"N.A.")) -> -0.75007889 | Q22: -60325.85 | R22: -73685.657 | S22: =IF(OR(AND(R22>0,Q22<0),AND(R22<0,Q22>0)),"n.a",IFERROR(Q22/R22-1,"N.A.")) -> -0.18130811 | U22: =N22-O22 -> 23987.606 | V22: =Q22-R22 -> 13359.807 | X22: IR & CSLL | Y22: -495.28402 | Z22: -1582.2207 | AA22: =IF(OR(AND(Z22>0,Y22<0),AND(Z22<0,Y22>0)),"n.a",IFERROR(Y22/Z22-1,"N.A.")) -> -0.68696908 | AB22: -3623.2959 | AC22: -4654.8542 | AD22: =IF(OR(AND(AC22>0,AB22<0),AND(AC22<0,AB22>0)),"n.a",IFERROR(AB22/AC22-1,"N.A.")) -> -0.22160916 | AF22: =Y22-Z22 -> 1086.9367 | AG22: =AB22-AC22 -> 1031.5583 | AI22: IR & CSLL | AJ22: -2253 | AK22: -1797 | AL22: =IF(OR(AND(AK22>0,AJ22<0),AND(AK22<0,AJ22>0)),"n.a",IFERROR(AJ22/AK22-1,"N.A.")) -> 0.25375626 | AM22: -5297 | AN22: -6411 | AO22: =IF(OR(AND(AN22>0,AM22<0),AND(AN22<0,AM22>0)),"n.a",IFERROR(AM22/AN22-1,"N.A.")) -> -0.17376384 | AQ22: =AJ22-AK22 -> -456 | AR22: =AM22-AN22 -> 1114 | AT22: IR & CSLL | AU22: -2851 | AV22: -2547 | AW22: =IF(OR(AND(AV22>0,AU22<0),AND(AV22<0,AU22>0)),"n.a",IFERROR(AU22/AV22-1,"N.A.")) -> 0.11935611 | AX22: -3508 | AY22: -8591 | AZ22: =IF(OR(AND(AY22>0,AX22<0),AND(AY22<0,AX22>0)),"n.a",IFERROR(AX22/AY22-1,"N.A.")) -> -0.5916657 | BB22: =AU22-AV22 -> -304 | BC22: =AX22-AY22 -> 5083 | BE22: IR & CSLL | BF22: 43092.385 | BG22: -13522.621 | BH22: =IF(OR(AND(BG22>0,BF22<0),AND(BG22<0,BF22>0)),"n.a",IFERROR(BF22/BG22-1,"N.A.")) -> n.a | BI22: 33692.366 | BJ22: -25092.349 | BK22: =IF(OR(AND(BJ22>0,BI22<0),AND(BJ22<0,BI22>0)),"n.a",IFERROR(BI22/BJ22-1,"N.A.")) -> n.a | BM22: =BF22-BG22 -> 56615.006 | BN22: =BI22-BJ22 -> 58784.715 | BP22: IR & CSLL | BQ22: =SUM(AJ22,AU22,BF22) -> 37988.385 | BR22: =SUM(AK22,AV22,BG22) -> -17866.621 | BS22: =IF(OR(AND(BR22>0,BQ22<0),AND(BR22<0,BQ22>0)),"n.a",IFERROR(BQ22/BR22-1,"N.A.")) -> n.a | BT22: =SUM(AM22,AX22,BI22) -> 24887.366 | BU22: =SUM(AN22,AY22,BJ22) -> -40094.349 | BV22: =IF(OR(AND(BU22>0,BT22<0),AND(BU22<0,BT22>0)),"n.a",IFERROR(BT22/BU22-1,"N.A.")) -> n.a | BX22: =BQ22-BR22 -> 55855.006 | BY22: =BT22-BU22 -> 64981.715
B23: IE Madeira (51%) | C23: =N26/1000 -> 9.9771562 | D23: =O26/1000 -> 61.808721 | E23: =IF(OR(AND(D23>0,C23<0),AND(D23<0,C23>0)),"n.a",IFERROR(C23/D23-1,"N.A.")) -> -0.83858012 | F23: =Q26/1000 -> 107.24506 | G23: =R26/1000 -> 144.53638 | H23: =IF(OR(AND(G23>0,F23<0),AND(G23<0,F23>0)),"n.a",IFERROR(F23/G23-1,"N.A.")) -> -0.25800646 | J23: =IFERROR(C23-D23,"N.A") -> -51.831565 | K23: =IFERROR(F23-G23,"N.A") -> -37.29132 | M23: Lucro líquido | N23: 19563.051 | O23: 121193.57 | P23: =IF(OR(AND(O23>0,N23<0),AND(O23<0,N23>0)),"n.a",IFERROR(N23/O23-1,"N.A.")) -> -0.83858012 | Q23: 210284.43 | R23: 283404.67 | S23: =IF(OR(AND(R23>0,Q23<0),AND(R23<0,Q23>0)),"n.a",IFERROR(Q23/R23-1,"N.A.")) -> -0.25800646 | U23: =N23-O23 -> -101630.52 | V23: =Q23-R23 -> -73120.235 | X23: Lucro líquido | Y23: 6715.3244 | Z23: 18308.932 | AA23: =IF(OR(AND(Z23>0,Y23<0),AND(Z23<0,Y23>0)),"n.a",IFERROR(Y23/Z23-1,"N.A.")) -> -0.63322139 | AB23: 58112.287 | AC23: 65151.427 | AD23: =IF(OR(AND(AC23>0,AB23<0),AND(AC23<0,AB23>0)),"n.a",IFERROR(AB23/AC23-1,"N.A.")) -> -0.10804276 | AF23: =Y23-Z23 -> -11593.607 | AG23: =AB23-AC23 -> -7039.1401 | AI23: Lucro líquido | AJ23: 11526 | AK23: 14143 | AL23: =IF(OR(AND(AK23>0,AJ23<0),AND(AK23<0,AJ23>0)),"n.a",IFERROR(AJ23/AK23-1,"N.A.")) -> -0.18503853 | AM23: 37155 | AN23: 53017 | AO23: =IF(OR(AND(AN23>0,AM23<0),AND(AN23<0,AM23>0)),"n.a",IFERROR(AM23/AN23-1,"N.A.")) -> -0.29918705 | AQ23: =AJ23-AK23 -> -2617 | AR23: =AM23-AN23 -> -15862 | AT23: Lucro líquido | AU23: 16575 | AV23: 18052 | AW23: =IF(OR(AND(AV23>0,AU23<0),AND(AV23<0,AU23>0)),"n.a",IFERROR(AU23/AV23-1,"N.A.")) -> -0.081819189 | AX23: 51812 | AY23: 76722 | AZ23: =IF(OR(AND(AY23>0,AX23<0),AND(AY23<0,AX23>0)),"n.a",IFERROR(AX23/AY23-1,"N.A.")) -> -0.32467871 | BB23: =AU23-AV23 -> -1477 | BC23: =AX23-AY23 -> -24910 | BE23: Lucro líquido | BF23: 13408.89 | BG23: 26239.642 | BH23: =IF(OR(AND(BG23>0,BF23<0),AND(BG23<0,BF23>0)),"n.a",IFERROR(BF23/BG23-1,"N.A.")) -> -0.48898349 | BI23: 31655.995 | BJ23: 48698.523 | BK23: =IF(OR(AND(BJ23>0,BI23<0),AND(BJ23<0,BI23>0)),"n.a",IFERROR(BI23/BJ23-1,"N.A.")) -> -0.34995986 | BM23: =BF23-BG23 -> -12830.752 | BN23: =BI23-BJ23 -> -17042.528 | BP23: Lucro líquido | BQ23: =SUM(AJ23,AU23,BF23) -> 41509.89 | BR23: =SUM(AK23,AV23,BG23) -> 58434.642 | BS23: =IF(OR(AND(BR23>0,BQ23<0),AND(BR23<0,BQ23>0)),"n.a",IFERROR(BQ23/BR23-1,"N.A.")) -> -0.28963559 | BT23: =SUM(AM23,AX23,BI23) -> 120622.99 | BU23: =SUM(AN23,AY23,BJ23) -> 178437.52 | BV23: =IF(OR(AND(BU23>0,BT23<0),AND(BU23<0,BT23>0)),"n.a",IFERROR(BT23/BU23-1,"N.A.")) -> -0.32400432 | BX23: =BQ23-BR23 -> -16924.752 | BY23: =BT23-BU23 -> -57814.528
B24: IE Garanhuns (51%) | C24: =Y26/1000 -> 3.4248155 | D24: =Z26/1000 -> 9.3375551 | E24: =IF(OR(AND(D24>0,C24<0),AND(D24<0,C24>0)),"n.a",IFERROR(C24/D24-1,"N.A.")) -> -0.63322139 | F24: =AB26/1000 -> 29.637266 | G24: =AC26/1000 -> 33.227228 | H24: =IF(OR(AND(G24>0,F24<0),AND(G24<0,F24>0)),"n.a",IFERROR(F24/G24-1,"N.A.")) -> -0.10804276 | J24: =IFERROR(C24-D24,"N.A") -> -5.9127397 | K24: =IFERROR(F24-G24,"N.A") -> -3.5899614
B25: AIE (50%) | C25: =SUM(C26:C28) -> 20.754945 | D25: =SUM(D26:D28) -> 29.217321 | E25: =IF(OR(AND(D25>0,C25<0),AND(D25<0,C25>0)),"n.a",IFERROR(C25/D25-1,"N.A.")) -> -0.28963559 | F25: =SUM(F26:F28) -> 60.311497 | G25: =SUM(G26:G28) -> 89.218762 | H25: =IF(OR(AND(G25>0,F25<0),AND(G25<0,F25>0)),"n.a",IFERROR(F25/G25-1,"N.A.")) -> -0.32400432 | J25: =IFERROR(C25-D25,"N.A") -> -8.4623758 | K25: =IFERROR(F25-G25,"N.A") -> -28.907264 | M25: Part .ISA ENERGIA BRASIL (51%) no EBITDA | N25: =N17*51% -> 22765.184 | O25: =O17*51% -> 101681.84 | P25: =IFERROR(N25/O25-1,"N.A.") -> -0.77611357 | Q25: =Q17*51% -> 191591.86 | R25: =R17*51% -> 256754.66 | S25: =IFERROR(Q25/R25-1,"N.A.") -> -0.25379405 | U25: =N25-O25 -> -78916.658 | V25: =Q25-R25 -> -65162.805 | X25: Part .ISA ENERGIA BRASIL (51%) no EBITDA | Y25: =Y17*51% -> 4889.9044 | Z25: =Z17*51% -> 13972.979 | AA25: =IFERROR(Y25/Z25-1,"N.A.") -> -0.65004569 | AB25: =AB17*51% -> 40135.226 | AC25: =AC17*51% -> 46516.043 | AD25: =IFERROR(AB25/AC25-1,"N.A.") -> -0.13717454 | AF25: =Y25-Z25 -> -9083.0749 | AG25: =AB25-AC25 -> -6380.8169 | AI25: Part .ISA ENERGIA BRASIL (50%) no EBITDA | AJ25: =AJ17*50% -> 12506 | AK25: =AK17*50% -> 12920 | AL25: =IFERROR(AJ25/AK25-1,"N.A.") -> -0.032043344 | AM25: =AM17*50% -> 38036.5 | AN25: =AN17*50% -> 36720.5 | AO25: =IFERROR(AM25/AN25-1,"N.A.") -> 0.035838292 | AQ25: =AJ25-AK25 -> -414 | AR25: =AM25-AN25 -> 1316 | AT25: Part .ISA ENERGIA BRASIL (50%) no EBITDA | AU25: =AU17*50% -> 19891 | AV25: =AV17*50% -> 19460 | AW25: =IFERROR(AU25/AV25-1,"N.A.") -> 0.022147996 | AX25: =AX17*50% -> 57773 | AY25: =AY17*50% -> 54616 | AZ25: =IFERROR(AX25/AY25-1,"N.A.") -> 0.057803574 | BB25: =AU25-AV25 -> 431 | BC25: =AX25-AY25 -> 3157 | BE25: Part .ISA ENERGIA BRASIL (50%) no EBITDA | BF25: =BF17*50% -> 26759.085 | BG25: =BG17*50% -> 43134.678 | BH25: =IFERROR(BF25/BG25-1,"N.A.") -> -0.37963869 | BI25: =BI17*50% -> 120981.97 | BJ25: =BJ17*50% -> 132127.82 | BK25: =IFERROR(BI25/BJ25-1,"N.A.") -> -0.084356628 | BM25: =BF25-BG25 -> -16375.593 | BN25: =BI25-BJ25 -> -11145.858 | BP25: Part .ISA ENERGIA BRASIL (50%) no EBITDA | BQ25: =BQ17*50% -> 59156.085 | BR25: =BR17*50% -> 75514.678 | BS25: =IFERROR(BQ25/BR25-1,"N.A.") -> -0.21662799 | BT25: =BT17*50% -> 216791.47 | BU25: =BU17*50% -> 223464.32 | BV25: =IFERROR(BT25/BU25-1,"N.A.") -> -0.029860953 | BX25: =BQ25-BR25 -> -16358.593 | BY25: =BT25-BU25 -> -6672.8578
B26: IE Aimorés | C26: =AJ26/1000 -> 5.763 | D26: =AK26/1000 -> 7.0715 | E26: =IF(OR(AND(D26>0,C26<0),AND(D26<0,C26>0)),"n.a",IFERROR(C26/D26-1,"N.A.")) -> -0.18503853 | F26: =AM26/1000 -> 18.5775 | G26: =AN26/1000 -> 26.5085 | H26: =IF(OR(AND(G26>0,F26<0),AND(G26<0,F26>0)),"n.a",IFERROR(F26/G26-1,"N.A.")) -> -0.29918705 | J26: =IFERROR(C26-D26,"N.A") -> -1.3085 | K26: =IFERROR(F26-G26,"N.A") -> -7.931 | M26: Part .ISA ENERGIA BRASIL (51%) no Lucro | N26: =N23*51% -> 9977.1562 | O26: =O23*51% -> 61808.721 | P26: =IFERROR(N26/O26-1,"N.A.") -> -0.83858012 | Q26: =Q23*51% -> 107245.06 | R26: =R23*51% -> 144536.38 | S26: =IFERROR(Q26/R26-1,"N.A.") -> -0.25800646 | U26: =N26-O26 -> -51831.565 | V26: =Q26-R26 -> -37291.32 | X26: Part .ISA ENERGIA BRASIL (51%) no Lucro | Y26: =Y23*51% -> 3424.8155 | Z26: =Z23*51% -> 9337.5551 | AA26: =IFERROR(Y26/Z26-1,"N.A.") -> -0.63322139 | AB26: =AB23*51% -> 29637.266 | AC26: =AC23*51% -> 33227.228 | AD26: =IFERROR(AB26/AC26-1,"N.A.") -> -0.10804276 | AF26: =Y26-Z26 -> -5912.7397 | AG26: =AB26-AC26 -> -3589.9614 | AI26: Part .ISA ENERGIA BRASIL (50%) no Lucro | AJ26: =AJ23*50% -> 5763 | AK26: =AK23*50% -> 7071.5 | AL26: =IFERROR(AJ26/AK26-1,"N.A.") -> -0.18503853 | AM26: =AM23*50% -> 18577.5 | AN26: =AN23*50% -> 26508.5 | AO26: =IFERROR(AM26/AN26-1,"N.A.") -> -0.29918705 | AQ26: =AJ26-AK26 -> -1308.5 | AR26: =AM26-AN26 -> -7931 | AT26: Part .ISA ENERGIA BRASIL (50%) no Lucro | AU26: =AU23*50% -> 8287.5 | AV26: =AV23*50% -> 9026 | AW26: =IFERROR(AU26/AV26-1,"N.A.") -> -0.081819189 | AX26: =AX23*50% -> 25906 | AY26: =AY23*50% -> 38361 | AZ26: =IFERROR(AX26/AY26-1,"N.A.") -> -0.32467871 | BB26: =AU26-AV26 -> -738.5 | BC26: =AX26-AY26 -> -12455 | BE26: Part .ISA ENERGIA BRASIL (50%) no Lucro | BF26: =BF23*50% -> 6704.445 | BG26: =BG23*50% -> 13119.821 | BH26: =IFERROR(BF26/BG26-1,"N.A.") -> -0.48898349 | BI26: =BI23*50% -> 15827.997 | BJ26: =BJ23*50% -> 24349.262 | BK26: =IFERROR(BI26/BJ26-1,"N.A.") -> -0.34995986 | BM26: =BF26-BG26 -> -6415.3758 | BN26: =BI26-BJ26 -> -8521.2642 | BP26: Part .ISA ENERGIA BRASIL (50%) no Lucro | BQ26: =BQ23*50% -> 20754.945 | BR26: =BR23*50% -> 29217.321 | BS26: =IFERROR(BQ26/BR26-1,"N.A.") -> -0.28963559 | BT26: =BT23*50% -> 60311.497 | BU26: =BU23*50% -> 89218.762 | BV26: =IFERROR(BT26/BU26-1,"N.A.") -> -0.32400432 | BX26: =BQ26-BR26 -> -8462.3758 | BY26: =BT26-BU26 -> -28907.264
B27: IE Paraguaçu | C27: =AU26/1000 -> 8.2875 | D27: =AV26/1000 -> 9.026 | E27: =IF(OR(AND(D27>0,C27<0),AND(D27<0,C27>0)),"n.a",IFERROR(C27/D27-1,"N.A.")) -> -0.081819189 | F27: =AX26/1000 -> 25.906 | G27: =AY26/1000 -> 38.361 | H27: =IF(OR(AND(G27>0,F27<0),AND(G27<0,F27>0)),"n.a",IFERROR(F27/G27-1,"N.A.")) -> -0.32467871 | J27: =IFERROR(C27-D27,"N.A") -> -0.7385 | K27: =IFERROR(F27-G27,"N.A") -> -12.455 | M27: check EBITDA | N27: =N23-N22-N19-N16-N17 -> 0 | O27: =O23-O22-O19-O16-O17 -> 0 | Q27: =Q23-Q22-Q19-Q16-Q17 -> 0 | R27: =R23-R22-R19-R16-R17 -> 0 | X27: check EBITDA | Y27: =Y23-Y22-Y19-Y16-Y17 -> 0 | Z27: =Z23-Z22-Z19-Z16-Z17 -> 0 | AB27: =AB23-AB22-AB19-AB16-AB17 -> 0 | AC27: =AC23-AC22-AC19-AC16-AC17 -> 0 | AI27: check EBITDA | AJ27: =AJ23-AJ22-AJ19-AJ16-AJ17 -> 0 | AK27: =AK23-AK22-AK19-AK16-AK17 -> 0 | AM27: =AM23-AM22-AM19-AM16-AM17 -> 0 | AN27: =AN23-AN22-AN19-AN16-AN17 -> 0 | AT27: check EBITDA | AU27: =AU23-AU22-AU19-AU16-AU17 -> 0 | AV27: =AV23-AV22-AV19-AV16-AV17 -> 0 | AX27: =AX23-AX22-AX19-AX16-AX17 -> 0 | AY27: =AY23-AY22-AY19-AY16-AY17 -> 0 | BE27: check EBITDA | BF27: =BF23-BF22-BF19-BF16-BF17 -> 0 | BG27: =BG23-BG22-BG19-BG16-BG17 -> 0 | BI27: =BI23-BI22-BI19-BI16-BI17 -> 0 | BJ27: =BJ23-BJ22-BJ19-BJ16-BJ17 -> 0 | BP27: check EBITDA | BQ27: =BQ23-BQ22-BQ19-BQ16-BQ17 -> 0 | BR27: =BR23-BR22-BR19-BR16-BR17 -> 0 | BT27: =BT23-BT22-BT19-BT16-BT17 -> 0 | BU27: =BU23-BU22-BU19-BU16-BU17 -> 0
B28: IE Ivaí | C28: =BF26/1000 -> 6.704445 | D28: =BG26/1000 -> 13.119821 | E28: =IF(OR(AND(D28>0,C28<0),AND(D28<0,C28>0)),"n.a",IFERROR(C28/D28-1,"N.A.")) -> -0.48898349 | F28: =BI26/1000 -> 15.827997 | G28: =BJ26/1000 -> 24.349262 | H28: =IF(OR(AND(G28>0,F28<0),AND(G28<0,F28>0)),"n.a",IFERROR(F28/G28-1,"N.A.")) -> -0.34995986 | J28: =IFERROR(C28-D28,"N.A") -> -6.4153758 | K28: =IFERROR(F28-G28,"N.A") -> -8.5212642
B29: Total | C29: =SUM(C23:C25) -> 34.156917 | D29: =SUM(D23:D25) -> 100.3636 | E29: =IF(OR(AND(D29>0,C29<0),AND(D29<0,C29>0)),"n.a",IFERROR(C29/D29-1,"N.A.")) -> -0.65966827 | F29: =SUM(F23:F25) -> 197.19382 | G29: =SUM(G23:G25) -> 266.98237 | H29: =IF(OR(AND(G29>0,F29<0),AND(G29<0,F29>0)),"n.a",IFERROR(F29/G29-1,"N.A.")) -> -0.26139758 | J29: =IFERROR(C29-D29,"N.A") -> -66.20668 | K29: =IFERROR(F29-G29,"N.A") -> -69.788545 | N29: =N22/N21 -> -0.29005057 | O29: =O22/O21 -> -0.20878333 | Q29: =Q22/Q21 -> -0.2229252 | R29: =R22/R21 -> -0.20635019
M30: Part .ISA ENERGIA BRASIL (51%) na Receita Líquida | N30: =N14*51% -> 28098.796 | O30: =O14*51% -> 126999.6 | P30: =IFERROR(N30/O30-1,"N.A.") -> -0.77874895 | Q30: =Q14*51% -> 214210.13 | R30: =R14*51% -> 300585.78 | S30: =IFERROR(Q30/R30-1,"N.A.") -> -0.28735774 | U30: =N30-O30 -> -98900.808 | V30: =Q30-R30 -> -86375.652 | X30: Part .ISA ENERGIA BRASIL (51%) na Receita Líquida | Y30: =Y14*51% -> 5883.2937 | Z30: =Z14*51% -> 16069.861 | AA30: =IFERROR(Y30/Z30-1,"N.A.") -> -0.63389269 | AB30: =AB14*51% -> 45226.411 | AC30: =AC14*51% -> 52785.283 | AD30: =IFERROR(AB30/AC30-1,"N.A.") -> -0.14320036 | AF30: =Y30-Z30 -> -10186.568 | AG30: =AB30-AC30 -> -7558.8717 | AI30: Part .ISA ENERGIA BRASIL (50%) na Receita Líquida | AJ30: =AJ14*51% -> 13557.33 | AK30: =AK14*51% -> 13568.55 | AL30: =IFERROR(AJ30/AK30-1,"N.A.") -> -0.00082691223 | AM30: =AM14*51% -> 40997.37 | AN30: =AN14*51% -> 39555.6 | AO30: =IFERROR(AM30/AN30-1,"N.A.") -> 0.036449201 | AQ30: =AJ30-AK30 -> -11.22 | AR30: =AM30-AN30 -> 1441.77 | AT30: Part .ISA ENERGIA BRASIL (50%) na Receita Líquida | AU30: =AU14*51% -> 21408.27 | AV30: =AV14*51% -> 20678.46 | AW30: =IFERROR(AU30/AV30-1,"N.A.") -> 0.035293247 | AX30: =AX14*51% -> 62214.39 | AY30: =AY14*51% -> 58765.26 | AZ30: =IFERROR(AX30/AY30-1,"N.A.") -> 0.05869335 | BB30: =AU30-AV30 -> 729.81 | BC30: =AX30-AY30 -> 3449.13 | BE30: Part .ISA ENERGIA BRASIL (50%) na Receita Líquida | BF30: =BF14*51% -> 30395.33 | BG30: =BG14*51% -> 47199.057 | BH30: =IFERROR(BF30/BG30-1,"N.A.") -> -0.35601828 | BI30: =BI14*51% -> 132119.15 | BJ30: =BJ14*51% -> 143054.02 | BK30: =IFERROR(BI30/BJ30-1,"N.A.") -> -0.076438751 | BM30: =BF30-BG30 -> -16803.727 | BN30: =BI30-BJ30 -> -10934.871 | BP30: Part .ISA ENERGIA BRASIL (50%) na Receita Líquida | BQ30: =BQ14*51% -> 65360.93 | BR30: =BR14*51% -> 81446.067 | BS30: =IFERROR(BQ30/BR30-1,"N.A.") -> -0.19749434 | BT30: =BT14*51% -> 235330.91 | BU30: =BU14*51% -> 241374.88 | BV30: =IFERROR(BT30/BU30-1,"N.A.") -> -0.025039766 | BX30: =BQ30-BR30 -> -16085.137 | BY30: =BT30-BU30 -> -6043.9705
B31: Check: | C31: =C29-'DRE Reg'!C32/1000 -> 0.0036906321 | D31: =D29-'DRE Reg'!D32/1000 -> -0.0013614629 | F31: =F29-'DRE Reg'!F32/1000 -> -0.014436615 | G31: =G29-'DRE Reg'!G32/1000 -> -0.00060315345 | M31: Part .ISA ENERGIA BRASIL (51%) na Custos e Despesas | N31: =N15*51% -> -5333.6115 | O31: =O15*51% -> -25227.096 | P31: =IFERROR(N31/O31-1,"N.A.") -> -0.78857608 | Q31: =Q15*51% -> -22618.271 | R31: =R15*51% -> -43680.974 | S31: =IFERROR(Q31/R31-1,"N.A.") -> -0.48219398 | U31: =N31-O31 -> 19893.485 | V31: =Q31-R31 -> 21062.703 | X31: Part .ISA ENERGIA BRASIL (51%) na Custos e Despesas | Y31: =Y15*51% -> -993.38927 | Z31: =Z15*51% -> -2096.8819 | AA31: =IFERROR(Y31/Z31-1,"N.A.") -> -0.52625406 | AB31: =AB15*51% -> -5091.1853 | AC31: =AC15*51% -> -6269.2401 | AD31: =IFERROR(AB31/AC31-1,"N.A.") -> -0.18791031 | AF31: =Y31-Z31 -> 1103.4926 | AG31: =AB31-AC31 -> 1178.0549 | AI31: Part .ISA ENERGIA BRASIL (50%) na Custos e Despesas | AJ31: =AJ15*51% -> -801.21 | AK31: =AK15*51% -> -390.15 | AL31: =IFERROR(AJ31/AK31-1,"N.A.") -> 1.0535948 | AM31: =AM15*51% -> -2200.14 | AN31: =AN15*51% -> -2100.69 | AO31: =IFERROR(AM31/AN31-1,"N.A.") -> 0.047341588 | AQ31: =AJ31-AK31 -> -411.06 | AR31: =AM31-AN31 -> -99.45 | AT31: Part .ISA ENERGIA BRASIL (50%) na Custos e Despesas | AU31: =AU15*51% -> -1119.45 | AV31: =AV15*51% -> -829.26 | AW31: =IFERROR(AU31/AV31-1,"N.A.") -> 0.3499385 | AX31: =AX15*51% -> -3285.93 | AY31: =AY15*51% -> -3056.94 | AZ31: =IFERROR(AX31/AY31-1,"N.A.") -> 0.074908242 | BB31: =AU31-AV31 -> -290.19 | BC31: =AX31-AY31 -> -228.99 | BE31: Part .ISA ENERGIA BRASIL (50%) na Custos e Despesas | BF31: =BF15*51% -> -2502.5706 | BG31: =BG15*51% -> -3201.6855 | BH31: =IFERROR(BF31/BG31-1,"N.A.") -> -0.2183584 | BI31: =BI15*51% -> -8013.9595 | BJ31: =BJ15*51% -> -8308.6735 | BK31: =IFERROR(BI31/BJ31-1,"N.A.") -> -0.035470646 | BM31: =BF31-BG31 -> 699.11494 | BN31: =BI31-BJ31 -> 294.71402 | BP31: Part .ISA ENERGIA BRASIL (50%) na Custos e Despesas | BQ31: =BQ15*51% -> -4423.2306 | BR31: =BR15*51% -> -4421.0955 | BS31: =IFERROR(BQ31/BR31-1,"N.A.") -> 0.00048292646 | BT31: =BT15*51% -> -13500.029 | BU31: =BU15*51% -> -13466.303 | BV31: =IFERROR(BT31/BU31-1,"N.A.") -> 0.0025044723 | BX31: =BQ31-BR31 -> -2.135064 | BY31: =BT31-BU31 -> -33.725984
B33: Receita Líquida | C33: Consolidado | J33: vs Tri | K33: vs Acum | M33: Receita Líquida | N33: Consolidado | R33: vs Tri
B34: (R$ milhões) | C34: 3T26 | D34: 3T25 | E34: Var (%) | F34: 9M26 | G34: 9M25 | H34: Var (%) | M34: (R$ milhões) | N34: 3T26 | O34: 3T25 | P34: Var (%)
B35: IE Madeira (51%) | C35: =N30/1000 -> 28.098796 | D35: =O30/1000 -> 126.9996 | E35: =IF(OR(AND(D35>0,C35<0),AND(D35<0,C35>0)),"n.a",IFERROR(C35/D35-1,"N.A.")) -> -0.77874895 | F35: =Q30/1000 -> 214.21013 | G35: =R30/1000 -> 300.58578 | H35: =IF(OR(AND(G35>0,F35<0),AND(G35<0,F35>0)),"n.a",IFERROR(F35/G35-1,"N.A.")) -> -0.28735774 | J35: =IFERROR(C35-D35,"N.A") -> -98.900808 | K35: =IFERROR(F35-G35,"N.A") -> -86.375652 | M35: IE Madeira (51%) | N35: =C35 -> 28.098796 | O35: 126.9996 | P35: =IF(OR(AND(O35>0,N35<0),AND(O35<0,N35>0)),"n.a",IFERROR(N35/O35-1,"N.A.")) -> -0.77874895 | R35: =IFERROR(N35-O35,"N.A") -> -98.900808
B36: IE Garanhuns (51%) | C36: =Y30/1000 -> 5.8832937 | D36: =Z30/1000 -> 16.069861 | E36: =IF(OR(AND(D36>0,C36<0),AND(D36<0,C36>0)),"n.a",IFERROR(C36/D36-1,"N.A.")) -> -0.63389269 | F36: =AB30/1000 -> 45.226411 | G36: =AC30/1000 -> 52.785283 | H36: =IF(OR(AND(G36>0,F36<0),AND(G36<0,F36>0)),"n.a",IFERROR(F36/G36-1,"N.A.")) -> -0.14320036 | J36: =IFERROR(C36-D36,"N.A") -> -10.186568 | K36: =IFERROR(F36-G36,"N.A") -> -7.5588717 | M36: IE Garanhuns (51%) | N36: =C36 -> 5.8832937 | O36: 16.069861 | P36: =IF(OR(AND(O36>0,N36<0),AND(O36<0,N36>0)),"n.a",IFERROR(N36/O36-1,"N.A.")) -> -0.63389269 | R36: =IFERROR(N36-O36,"N.A") -> -10.186568
B37: AIE (50%) | C37: =SUM(C38:C40) -> 65.36093 | D37: =SUM(D38:D40) -> 81.446067 | E37: =IF(OR(AND(D37>0,C37<0),AND(D37<0,C37>0)),"n.a",IFERROR(C37/D37-1,"N.A.")) -> -0.19749434 | F37: =SUM(F38:F40) -> 235.33091 | G37: =SUM(G38:G40) -> 241.37488 | H37: =IF(OR(AND(G37>0,F37<0),AND(G37<0,F37>0)),"n.a",IFERROR(F37/G37-1,"N.A.")) -> -0.025039766 | J37: =IFERROR(C37-D37,"N.A") -> -16.085137 | K37: =IFERROR(F37-G37,"N.A") -> -6.0439705 | M37: AIE (50%) | N37: =C37 -> 65.36093 | O37: 81.446067 | P37: =IF(OR(AND(O37>0,N37<0),AND(O37<0,N37>0)),"n.a",IFERROR(N37/O37-1,"N.A.")) -> -0.19749434 | R37: =IFERROR(N37-O37,"N.A") -> -16.085137
B38: IE Aimorés | C38: =AJ30/1000 -> 13.55733 | D38: =AK30/1000 -> 13.56855 | E38: =IF(OR(AND(D38>0,C38<0),AND(D38<0,C38>0)),"n.a",IFERROR(C38/D38-1,"N.A.")) -> -0.00082691223 | F38: =AM30/1000 -> 40.99737 | G38: =AN30/1000 -> 39.5556 | H38: =IF(OR(AND(G38>0,F38<0),AND(G38<0,F38>0)),"n.a",IFERROR(F38/G38-1,"N.A.")) -> 0.036449201 | J38: =IFERROR(C38-D38,"N.A") -> -0.01122 | K38: =IFERROR(F38-G38,"N.A") -> 1.44177 | M38: IE Aimorés | N38: =C38 -> 13.55733 | O38: 13.56855 | P38: =IF(OR(AND(O30>0,N30<0),AND(O30<0,N30>0)),"n.a",IFERROR(N30/O30-1,"N.A.")) -> -0.77874895 | R38: =IFERROR(N38-O38,"N.A") -> -0.01122
B39: IE Paraguaçu | C39: =AU30/1000 -> 21.40827 | D39: =AV30/1000 -> 20.67846 | E39: =IF(OR(AND(D39>0,C39<0),AND(D39<0,C39>0)),"n.a",IFERROR(C39/D39-1,"N.A.")) -> 0.035293247 | F39: =AX30/1000 -> 62.21439 | G39: =AY30/1000 -> 58.76526 | H39: =IF(OR(AND(G39>0,F39<0),AND(G39<0,F39>0)),"n.a",IFERROR(F39/G39-1,"N.A.")) -> 0.05869335 | J39: =IFERROR(C39-D39,"N.A") -> 0.72981 | K39: =IFERROR(F39-G39,"N.A") -> 3.44913 | M39: IE Paraguaçu | N39: =C39 -> 21.40827 | O39: 20.67846 | P39: =IF(OR(AND(O39>0,N39<0),AND(O39<0,N39>0)),"n.a",IFERROR(N39/O39-1,"N.A.")) -> 0.035293247 | R39: =IFERROR(N39-O39,"N.A") -> 0.72981
B40: IE Ivaí | C40: =BF30/1000 -> 30.39533 | D40: =BG30/1000 -> 47.199057 | E40: =IF(OR(AND(D40>0,C40<0),AND(D40<0,C40>0)),"n.a",IFERROR(C40/D40-1,"N.A.")) -> -0.35601828 | F40: =BI30/1000 -> 132.11915 | G40: =BJ30/1000 -> 143.05402 | H40: =IF(OR(AND(G40>0,F40<0),AND(G40<0,F40>0)),"n.a",IFERROR(F40/G40-1,"N.A.")) -> -0.076438751 | J40: =IFERROR(C40-D40,"N.A") -> -16.803727 | K40: =IFERROR(F40-G40,"N.A") -> -10.934871 | M40: IE Ivaí | N40: =C40 -> 30.39533 | O40: 47.199057 | P40: =IF(OR(AND(O40>0,N40<0),AND(O40<0,N40>0)),"n.a",IFERROR(N40/O40-1,"N.A.")) -> -0.35601828 | R40: =IFERROR(N40-O40,"N.A") -> -16.803727
B41: Total | C41: =SUM(C35:C37) -> 99.343019 | D41: =SUM(D35:D37) -> 224.51553 | E41: =IF(OR(AND(D41>0,C41<0),AND(D41<0,C41>0)),"n.a",IFERROR(C41/D41-1,"N.A.")) -> -0.55752273 | F41: =SUM(F35:F37) -> 494.76745 | G41: =SUM(G35:G37) -> 594.74594 | H41: =IF(OR(AND(G41>0,F41<0),AND(G41<0,F41>0)),"n.a",IFERROR(F41/G41-1,"N.A.")) -> -0.16810286 | J41: =IFERROR(C41-D41,"N.A") -> -125.17251 | K41: =IFERROR(F41-G41,"N.A") -> -99.978494 | M41: Total | N41: =C41 -> 99.343019 | O41: 224.51553 | P41: =IF(OR(AND(O41>0,N41<0),AND(O41<0,N41>0)),"n.a",IFERROR(N41/O41-1,"N.A.")) -> -0.55752273 | R41: =IFERROR(N41-O41,"N.A") -> -125.17251
B42: Margem EBITDA | C42: =C12/C41 -> 0.87385278 | D42: =D12/D41 -> 0.85147561 | F42: =F12/F41 -> 0.90652397 | G42: =G12/G41 -> 0.88564712
B43: Check: | C43: =C41-SUM(N30,Y30,AJ30,AU30,BF30)/1000 -> 0 | D43: =D41-SUM(O30,Z30,AK30,AV30,BG30)/1000 -> 0 | F43: =F41-SUM(Q30,AB30,AM30,AX30,BI30)/1000 -> 0 | G43: =G41-SUM(R30,AC30,AN30,AY30,BJ30)/1000 -> 0
B45: Inglês
B48: EBITDA | C48: Consolidated + Non-consolidated | D48: 3Q25 | E48: Chg (%) | F48: 9M26 | G48: 9M25 | H48: Chg (%) | J48: vs Quarter | K48: vs Acum | M48: =M9 -> IE MADEIRA | X48: =X9 -> IE GARANHUNS | AI48: =AI9 -> IE AIMORÉS | AT48: =AT9 -> IE PARAGUAÇU | BE48: =BE9 -> IE IVAÍ | BP48: =BP9 -> AIE (IE IVAÍ + IE PARAGUAÇU + IE AIMORÉS)
B49: (R$ million) | C49: 3Q26 | D49: 3Q25 | E49: Chg (%) | F49: 9M26 | G49: 9M25 | H49: Chg (%) | M49: Income Statement | N49: 3Q26 | O49: 3Q25 | P49: Chg (%) | Q49: 9M26 | R49: 9M25 | S49: Chg (%) | X49: Income Statement | Y49: =N49 -> 3Q26 | Z49: =O49 -> 3Q25 | AA49: Chg (%) | AB49: 9M26 | AC49: 9M25 | AD49: Chg (%) | AI49: Income Statement | AJ49: =Y49 -> 3Q26 | AK49: =Z49 -> 3Q25 | AL49: Chg (%) | AM49: 9M26 | AN49: 9M25 | AO49: Chg (%) | AT49: Income Statement | AU49: =AJ49 -> 3Q26 | AV49: =AK49 -> 3Q25 | AW49: Chg (%) | AX49: 9M26 | AY49: 9M25 | AZ49: Chg (%) | BE49: Income Statement | BF49: =AU49 -> 3Q26 | BG49: =AV49 -> 3Q25 | BH49: Chg (%) | BI49: 9M26 | BJ49: 9M25 | BK49: Chg (%) | BP49: Income Statement | BQ49: =BF49 -> 3Q26 | BR49: =BG49 -> 3Q25 | BS49: Chg (%) | BT49: 9M26 | BU49: 9M25 | BV49: Chg (%)
B50: ISA ENERGIA BRASIL Consolidated | C50: =C11 -> 3190.0834 | D50: =D11 -> 888.4816 | E50: =IF(OR(AND(D50>0,C50<0),AND(D50<0,C50>0)),"n.a",IFERROR(C50/D50-1,"N.A.")) -> 2.590489 | F50: =F11 -> 5178.1506 | G50: =G11 -> 2601.2753 | H50: =IF(OR(AND(G50>0,F50<0),AND(G50<0,F50>0)),"n.a",IFERROR(F50/G50-1,"N.A.")) -> 0.99061998 | J50: =C50-D50 -> 2301.6018 | K50: =D50-E50 -> 885.89111 | M50: (R$ thousand) | X50: (R$ thousand) | AI50: (R$ thousand) | AT50: (R$ thousand) | BE50: (R$ thousand) | BP50: (R$ thousand)
B51: Jointly-controlled subsidiaries | C51: =C12 -> 86.811174 | D51: =D12 -> 191.1695 | E51: =IF(OR(AND(D51>0,C51<0),AND(D51<0,C51>0)),"n.a",IFERROR(C51/D51-1,"N.A.")) -> -0.54589422 | F51: =F12 -> 448.51855 | G51: =G12 -> 526.73503 | H51: =IF(OR(AND(G51>0,F51<0),AND(G51<0,F51>0)),"n.a",IFERROR(F51/G51-1,"N.A.")) -> -0.14849303 | J51: =C51-D51 -> -104.35833 | K51: =D51-E51 -> 191.71539 | M51: Gross Operational Revenue | N51: =N12 -> 64727.584 | O51: =O12 -> 278295.26 | P51: =P12 -> -0.76741399 | Q51: =Q12 -> 487397.81 | R51: =R12 -> 671076.05 | S51: =S12 -> -0.27370704 | X51: Gross Operational Revenue | Y51: =Y12 -> 13509.297 | Z51: =Z12 -> 37318.924 | AA51: =AA12 -> -0.63800411 | AB51: =AB12 -> 102048.99 | AC51: =AC12 -> 120223.1 | AD51: =AD12 -> -0.15116986 | AI51: Gross Operational Revenue | AJ51: =AJ12 -> 29668 | AK51: =AK12 -> 29772 | AL51: =AL12 -> -0.0034932151 | AM51: =AM12 -> 89604 | AN51: =AN12 -> 86681 | AO51: =AO12 -> 0.033721346 | AT51: Gross Operational Revenue | AU51: =AU12 -> 46840 | AV51: =AV12 -> 45303 | AW51: =AW12 -> 0.033927113 | AX51: =AX12 -> 135904 | AY51: =AY12 -> 129348 | AZ51: =AZ12 -> 0.050684974 | BE51: Gross Operational Revenue | BF51: =BF12 -> 71516.51 | BG51: =BG12 -> 103409.37 | BH51: =BH12 -> -0.30841365 | BI51: =BI12 -> 294346.46 | BJ51: =BJ12 -> 313371.29 | BK51: =BK12 -> -0.060710204 | BP51: Gross Operational Revenue | BQ51: =BQ12 -> 148024.51 | BR51: =BR12 -> 178484.37 | BS51: =BS12 -> -0.17065842 | BT51: =BT12 -> 519854.46 | BU51: =BU12 -> 529400.29 | BV51: =BV12 -> -0.018031412
B52: =B15 -> IE Aimorés (50%) | C52: =C15 -> 12.506 | D52: =D15 -> 12.92 | E52: =IF(OR(AND(D52>0,C52<0),AND(D52<0,C52>0)),"n.a",IFERROR(C52/D52-1,"N.A.")) -> -0.032043344 | F52: =F15 -> 38.0365 | G52: =G15 -> 36.7205 | H52: =IF(OR(AND(G52>0,F52<0),AND(G52<0,F52>0)),"n.a",IFERROR(F52/G52-1,"N.A.")) -> 0.035838292 | J52: =C52-D52 -> -0.414 | K52: =D52-E52 -> 12.952043 | M52: Operational Revenue Deductions | N52: =N13 -> -9631.9064 | O52: =O13 -> -29276.424 | P52: =P13 -> -0.67100127 | Q52: =Q13 -> -67377.95 | R52: =R13 -> -81692.169 | S52: =S13 -> -0.17522144 | X52: Operational Revenue Deductions | Y52: =Y13 -> -1973.4271 | Z52: =Z13 -> -5809.3921 | AA52: =AA13 -> -0.66030404 | AB52: =AB13 -> -13369.752 | AC52: =AC13 -> -16722.544 | AD52: =AD13 -> -0.20049536 | AI52: Operational Revenue Deductions | AJ52: =AJ13 -> -3085 | AK52: =AK13 -> -3167 | AL52: =AL13 -> -0.025892011 | AM52: =AM13 -> -9217 | AN52: =AN13 -> -9121 | AO52: =AO13 -> 0.010525162 | AT52: Operational Revenue Deductions | AU52: =AU13 -> -4863 | AV52: =AV13 -> -4757 | AW52: =AW13 -> 0.022282951 | AX52: =AX13 -> -13915 | AY52: =AY13 -> -14122 | AZ52: =AZ13 -> -0.01465798 | BE52: Operational Revenue Deductions | BF52: =BF13 -> -11917.824 | BG52: =BG13 -> -10862.2 | BH52: =BH13 -> 0.09718319 | BI52: =BI13 -> -35289.302 | BJ52: =BJ13 -> -32873.215 | BK52: =BK13 -> 0.073497151 | BP52: Operational Revenue Deductions | BQ52: =BQ13 -> -19865.824 | BR52: =BR13 -> -18786.2 | BS52: =BS13 -> 0.057468954 | BT52: =BT13 -> -58421.302 | BU52: =BU13 -> -56116.215 | BV52: =BV13 -> 0.041077034
B53: =B16 -> IE Paraguaçu (50%) | C53: =C16 -> 19.891 | D53: =D16 -> 19.46 | E53: =IF(OR(AND(D53>0,C53<0),AND(D53<0,C53>0)),"n.a",IFERROR(C53/D53-1,"N.A.")) -> 0.022147996 | F53: =F16 -> 57.773 | G53: =G16 -> 54.616 | H53: =IF(OR(AND(G53>0,F53<0),AND(G53<0,F53>0)),"n.a",IFERROR(F53/G53-1,"N.A.")) -> 0.057803574 | J53: =C53-D53 -> 0.431 | K53: =D53-E53 -> 19.437852 | M53: Net Operational Revenue | N53: =N14 -> 55095.678 | O53: =O14 -> 249018.83 | P53: =P14 -> -0.77874895 | Q53: =Q14 -> 420019.86 | R53: =R14 -> 589383.89 | S53: =S14 -> -0.28735774 | X53: Net Operational Revenue | Y53: =Y14 -> 11535.87 | Z53: =Z14 -> 31509.532 | AA53: =AA14 -> -0.63389269 | AB53: =AB14 -> 88679.237 | AC53: =AC14 -> 103500.55 | AD53: =AD14 -> -0.14320036 | AI53: Net Operational Revenue | AJ53: =AJ14 -> 26583 | AK53: =AK14 -> 26605 | AL53: =AL14 -> -0.00082691223 | AM53: =AM14 -> 80387 | AN53: =AN14 -> 77560 | AO53: =AO14 -> 0.036449201 | AT53: Net Operational Revenue | AU53: =AU14 -> 41977 | AV53: =AV14 -> 40546 | AW53: =AW14 -> 0.035293247 | AX53: =AX14 -> 121989 | AY53: =AY14 -> 115226 | AZ53: =AZ14 -> 0.05869335 | BE53: Net Operational Revenue | BF53: =BF14 -> 59598.686 | BG53: =BG14 -> 92547.17 | BH53: =BH14 -> -0.35601828 | BI53: =BI14 -> 259057.15 | BJ53: =BJ14 -> 280498.08 | BK53: =BK14 -> -0.076438751 | BP53: Net Operational Revenue | BQ53: =BQ14 -> 128158.69 | BR53: =BR14 -> 159698.17 | BS53: =BS14 -> -0.19749434 | BT53: =BT14 -> 461433.15 | BU53: =BU14 -> 473284.08 | BV53: =BV14 -> -0.025039766
B54: =B17 -> IE Ivaí (50%) | C54: =C17 -> 26.759085 | D54: =D17 -> 43.134678 | E54: =IF(OR(AND(D54>0,C54<0),AND(D54<0,C54>0)),"n.a",IFERROR(C54/D54-1,"N.A.")) -> -0.37963869 | F54: =F17 -> 120.98197 | G54: =G17 -> 132.12782 | H54: =IF(OR(AND(G54>0,F54<0),AND(G54<0,F54>0)),"n.a",IFERROR(F54/G54-1,"N.A.")) -> -0.084356628 | J54: =C54-D54 -> -16.375593 | K54: =D54-E54 -> 43.514316 | M54: Costs and Expenses | N54: =N15 -> -10458.062 | O54: =O15 -> -49464.894 | P54: =P15 -> -0.78857608 | Q54: =Q15 -> -44349.552 | R54: =R15 -> -85648.969 | S54: =S15 -> -0.48219398 | X54: Costs and Expenses | Y54: =Y15 -> -1947.8221 | Z54: =Z15 -> -4111.5331 | AA54: =AA15 -> -0.52625406 | AB54: =AB15 -> -9982.7162 | AC54: =AC15 -> -12292.628 | AD54: =AD15 -> -0.18791031 | AI54: Costs and Expenses | AJ54: =AJ15 -> -1571 | AK54: =AK15 -> -765 | AL54: =AL15 -> 1.0535948 | AM54: =AM15 -> -4314 | AN54: =AN15 -> -4119 | AO54: =AO15 -> 0.047341588 | AT54: Costs and Expenses | AU54: =AU15 -> -2195 | AV54: =AV15 -> -1626 | AW54: =AW15 -> 0.3499385 | AX54: =AX15 -> -6443 | AY54: =AY15 -> -5994 | AZ54: =AZ15 -> 0.074908242 | BE54: Costs and Expenses | BF54: =BF15 -> -4907.0012 | BG54: =BG15 -> -6277.8148 | BH54: =BH15 -> -0.2183584 | BI54: =BI15 -> -15713.646 | BJ54: =BJ15 -> -16291.517 | BK54: =BK15 -> -0.035470646 | BP54: Costs and Expenses | BQ54: =BQ15 -> -8673.0012 | BR54: =BR15 -> -8668.8148 | BS54: =BS15 -> 0.00048292646 | BT54: =BT15 -> -26470.646 | BU54: =BU15 -> -26404.517 | BV54: =BV15 -> 0.0025044723
B55: Total | C55: =C18 -> 3276.8946 | D55: =D18 -> 1079.6511 | E55: =IF(OR(AND(D55>0,C55<0),AND(D55<0,C55>0)),"n.a",IFERROR(C55/D55-1,"N.A.")) -> 2.0351422 | F55: =F18 -> 5626.6691 | G55: =G18 -> 3128.0103 | H55: =IF(OR(AND(G55>0,F55<0),AND(G55<0,F55>0)),"n.a",IFERROR(F55/G55-1,"N.A.")) -> 0.79880133 | J55: =SUM(J50:J51) -> 2197.2435 | K55: =SUM(K50:K51) -> 1077.6065 | M55: Depreciation | N55: =N16 -> -12140.06 | O55: =O16 -> -36456.599 | P55: =P16 -> -0.66699966 | Q55: =Q16 -> -84995.04 | R55: =R16 -> -109839.34 | S55: =S16 -> -0.2261876 | X55: Depreciation | Y55: =Y16 -> -2378.131 | Z55: =Z16 -> -6726.2716 | AA55: =AA16 -> -0.64644142 | AB55: =AB16 -> -16652.908 | AC55: =AC16 -> -19438.467 | AD55: =AD16 -> -0.1433014 | AI55: Depreciation | AJ55: =AJ16 -> -2722 | AK55: =AK16 -> -2721 | AL55: =AL16 -> 0.00036751194 | AM55: =AM16 -> -8165 | AN55: =AN16 -> -8163 | AO55: =AO16 -> 0.00024500796 | AT55: Depreciation | AU55: =AU16 -> -4657 | AV55: =AV16 -> -4658 | AW55: =AW16 -> -0.00021468441 | AX55: =AX16 -> -13972 | AY55: =AY16 -> -13962 | AZ55: =AZ16 -> 0.00071622977 | BE55: Depreciation | BF55: =BF16 -> -12533.502 | BG55: =BG16 -> -15243.134 | BH55: =BH16 -> -0.17776081 | BI55: =BI16 -> -40545.747 | BJ55: =BJ16 -> -42328.78 | BK55: =BK16 -> -0.042123418 | BP55: Depreciation | BQ55: =BQ16 -> -19912.502 | BR55: =BR16 -> -22622.134 | BS55: =BS16 -> -0.1197779 | BT55: =BT16 -> -62682.747 | BU55: =BU16 -> -64453.78 | BV55: =BV16 -> -0.027477565
M56: EBITDA | N56: =N17 -> 44637.616 | O56: =O17 -> 199376.16 | P56: =P17 -> -0.77611357 | Q56: =Q17 -> 375670.31 | R56: =R17 -> 503440.52 | S56: =S17 -> -0.25379405 | X56: EBITDA | Y56: =Y17 -> 9588.0479 | Z56: =Z17 -> 27397.999 | AA56: =AA17 -> -0.65004569 | AB56: =AB17 -> 78696.521 | AC56: =AC17 -> 91207.927 | AD56: =AD17 -> -0.13717454 | AI56: EBITDA | AJ56: =AJ17 -> 25012 | AK56: =AK17 -> 25840 | AL56: =AL17 -> -0.032043344 | AM56: =AM17 -> 76073 | AN56: =AN17 -> 73441 | AO56: =AO17 -> 0.035838292 | AT56: EBITDA | AU56: =AU17 -> 39782 | AV56: =AV17 -> 38920 | AW56: =AW17 -> 0.022147996 | AX56: =AX17 -> 115546 | AY56: =AY17 -> 109232 | AZ56: =AZ17 -> 0.057803574 | BE56: EBITDA | BF56: =BF17 -> 53518.17 | BG56: =BG17 -> 86269.355 | BH56: =BH17 -> -0.37963869 | BI56: =BI17 -> 241963.93 | BJ56: =BJ17 -> 264255.65 | BK56: =BK17 -> -0.084356628 | BP56: EBITDA | BQ56: =BQ17 -> 118312.17 | BR56: =BR17 -> 151029.36 | BS56: =BS17 -> -0.21662799 | BT56: =BT17 -> 433582.93 | BU56: =BU17 -> 446928.65 | BV56: =BV17 -> -0.029860953
M57: Gross Profit | N57: =N18 -> 32497.557 | O57: =O18 -> 163097.34 | P57: =P18 -> -0.80074747 | Q57: =Q18 -> 290675.27 | R57: =R18 -> 393895.58 | S57: =S18 -> -0.26204993 | X57: Gross Profit | Y57: =Y18 -> 7209.9168 | Z57: =Z18 -> 20671.727 | AA57: =AA18 -> -0.65121846 | AB57: =AB18 -> 62043.613 | AC57: =AC18 -> 71769.459 | AD57: =AD18 -> -0.13551511 | AI57: Gross Profit | AJ57: =AJ18 -> 22290 | AK57: =AK18 -> 23119 | AL57: =AL18 -> -0.035857952 | AM57: =AM18 -> 67908 | AN57: =AN18 -> 65278 | AO57: =AO18 -> 0.040289225 | AT57: Gross Profit | AU57: =AU18 -> 35125 | AV57: =AV18 -> 34262 | AW57: =AW18 -> 0.025188255 | AX57: =AX18 -> 101574 | AY57: =AY18 -> 95270 | AZ57: =AZ18 -> 0.066169833 | BE57: Gross Profit | BF57: =BF18 -> 42158.182 | BG57: =BG18 -> 71026.221 | BH57: =BH18 -> -0.40644199 | BI57: =BI18 -> 202797.76 | BJ57: =BJ18 -> 221877.78 | BK57: =BK18 -> -0.085993375 | BP57: Gross Profit | BQ57: =BQ18 -> 99573.182 | BR57: =BR18 -> 128407.22 | BS57: =BS18 -> -0.22455154 | BT57: =BT18 -> 372279.76 | BU57: =BU18 -> 382425.78 | BV57: =BV18 -> -0.026530688
M58: Financial Result | N58: =N19 -> -4942.0003 | O58: =O19 -> -9745.8809 | P58: =P19 -> -0.49291394 | Q58: =Q19 -> -20064.989 | R58: =R19 -> -36510.857 | S58: =S19 -> -0.45043775 | X58: Financial Result | Y58: =Y19 -> 0.69161 | Z58: =Z19 -> -780.57469 | AA58: =AA19 -> n.a | AB58: =AB19 -> -308.0305 | AC58: =AC19 -> -1963.1783 | AD58: =AD19 -> -0.84309602 | AI58: Financial Result | AJ58: =AJ19 -> -8511 | AK58: =AK19 -> -7179 | AL58: =AL19 -> 0.18554116 | AM58: =AM19 -> -25456 | AN58: =AN19 -> -5850 | AO58: =AO19 -> 3.351453 | AT58: Financial Result | AU58: =AU19 -> -15699 | AV58: =AV19 -> -13663 | AW58: =AW19 -> 0.14901559 | AX58: =AX19 -> -46254 | AY58: =AY19 -> -9957 | AZ58: =AZ19 -> 3.6453751 | BE58: Financial Result | BF58: =BF19 -> -70668.163 | BG58: =BG19 -> -31263.959 | BH58: =BH19 -> 1.2603716 | BI58: =BI19 -> -203454.56 | BJ58: =BJ19 -> -148136 | BK58: =BK19 -> 0.37343091 | BP58: Financial Result | BQ58: =BQ19 -> -94878.163 | BR58: =BR19 -> -52105.959 | BS58: =BS19 -> 0.82086973 | BT58: =BT19 -> -275164.56 | BU58: =BU19 -> -163943 | BV58: =BV19 -> 0.67841605
M59: Other Revenues and Expenses | N59: =N20 -> 0 | O59: =O20 -> -177.77568 | P59: =P20 -> -1 | Q59: =Q20 -> 0 | R59: =R20 -> -294.40053 | S59: =S20 -> -1 | X59: Other Revenues and Expenses | Y59: =Y20 -> 0 | Z59: =Z20 -> 0 | AA59: =AA20 -> N.A. | AB59: =AB20 -> 0 | AC59: =AC20 -> 0.00028893 | AD59: =AD20 -> -1 | AI59: Other Revenues and Expenses | AJ59: =AJ20 -> 0 | AK59: =AK20 -> 0 | AL59: =AL20 -> N.A. | AM59: =AM20 -> 0 | AN59: =AN20 -> 0 | AO59: =AO20 -> N.A. | AT59: Other Revenues and Expenses | AU59: =AU20 -> 0 | AV59: =AV20 -> 0 | AW59: =AW20 -> N.A. | AX59: =AX20 -> 0 | AY59: =AY20 -> 0 | AZ59: =AZ20 -> N.A. | BE59: Other Revenues and Expenses | BF59: =BF20 -> -1173.5143 | BG59: =BG20 -> 0 | BH59: =BH20 -> N.A. | BI59: =BI20 -> -1379.5726 | BJ59: =BJ20 -> 49.09097 | BK59: =BK20 -> n.a | BP59: Other Revenues and Expenses | BQ59: =BQ20 -> -1173.5143 | BR59: =BR20 -> 0 | BS59: =BS20 -> N.A. | BT59: =BT20 -> -1379.5726 | BU59: =BU20 -> 49.09097 | BV59: =BV20 -> n.a
B60: Equity Income | C60: Consolidated | D60: 3Q25 | E60: Chg (%) | F60: 9M26 | G60: 9M25 | H60: Chg (%) | J60: vs Quarter | K60: vs Acum | M60: Income before IR & CSLL | N60: =N21 -> 27555.556 | O60: =O21 -> 153173.68 | P60: =P21 -> -0.82010254 | Q60: =Q21 -> 270610.28 | R60: =R21 -> 357090.32 | S60: =S21 -> -0.24217974 | X60: Income before IR & CSLL | Y60: =Y21 -> 7210.6085 | Z60: =Z21 -> 19891.152 | AA60: =AA21 -> -0.6374967 | AB60: =AB21 -> 61735.583 | AC60: =AC21 -> 69806.281 | AD60: =AD21 -> -0.11561565 | AI60: Income before IR & CSLL | AJ60: =AJ21 -> 13779 | AK60: =AK21 -> 15940 | AL60: =AL21 -> -0.13557089 | AM60: =AM21 -> 42452 | AN60: =AN21 -> 59428 | AO60: =AO21 -> -0.28565659 | AT60: Income before IR & CSLL | AU60: =AU21 -> 19426 | AV60: =AV21 -> 20599 | AW60: =AW21 -> -0.056944512 | AX60: =AX21 -> 55320 | AY60: =AY21 -> 85313 | AZ60: =AZ21 -> -0.35156424 | BE60: Income before IR & CSLL | BF60: =BF21 -> -29683.495 | BG60: =BG21 -> 39762.263 | BH60: =BH21 -> n.a | BI60: =BI21 -> -2036.3715 | BJ60: =BJ21 -> 73790.872 | BK60: =BK21 -> n.a | BP60: Income before IR & CSLL | BQ60: =BQ21 -> 3521.505 | BR60: =BR21 -> 76301.263 | BS60: =BS21 -> -0.95384736 | BT60: =BT21 -> 95735.629 | BU60: =BU21 -> 218531.87 | BV60: =BV21 -> -0.56191457
B61: (R$ million) | C61: 3Q26 | D61: 3Q25 | E61: Chg (%) | F61: 9M26 | G61: 9M25 | H61: Chg (%) | M61: IR & CSLL* | N61: =N22 -> -7992.5049 | O61: =O22 -> -31980.111 | P61: =P22 -> -0.75007889 | Q61: =Q22 -> -60325.85 | R61: =R22 -> -73685.657 | S61: =S22 -> -0.18130811 | X61: IR & CSLL* | Y61: =Y22 -> -495.28402 | Z61: =Z22 -> -1582.2207 | AA61: =AA22 -> -0.68696908 | AB61: =AB22 -> -3623.2959 | AC61: =AC22 -> -4654.8542 | AD61: =AD22 -> -0.22160916 | AI61: IR & CSLL* | AJ61: =AJ22 -> -2253 | AK61: =AK22 -> -1797 | AL61: =AL22 -> 0.25375626 | AM61: =AM22 -> -5297 | AN61: =AN22 -> -6411 | AO61: =AO22 -> -0.17376384 | AT61: IR & CSLL* | AU61: =AU22 -> -2851 | AV61: =AV22 -> -2547 | AW61: =AW22 -> 0.11935611 | AX61: =AX22 -> -3508 | AY61: =AY22 -> -8591 | AZ61: =AZ22 -> -0.5916657 | BE61: IR & CSLL* | BF61: =BF22 -> 43092.385 | BG61: =BG22 -> -13522.621 | BH61: =BH22 -> n.a | BI61: =BI22 -> 33692.366 | BJ61: =BJ22 -> -25092.349 | BK61: =BK22 -> n.a | BP61: IR & CSLL* | BQ61: =BQ22 -> 37988.385 | BR61: =BR22 -> -17866.621 | BS61: =BS22 -> n.a | BT61: =BT22 -> 24887.366 | BU61: =BU22 -> -40094.349 | BV61: =BV22 -> n.a
B62: =B23 -> IE Madeira (51%) | C62: =C23 -> 9.9771562 | D62: =D23 -> 61.808721 | E62: =IF(OR(AND(D62>0,C62<0),AND(D62<0,C62>0)),"n.a",IFERROR(C62/D62-1,"N.A.")) -> -0.83858012 | F62: =F23 -> 107.24506 | G62: =G23 -> 144.53638 | H62: =IF(OR(AND(G62>0,F62<0),AND(G62<0,F62>0)),"n.a",IFERROR(F62/G62-1,"N.A.")) -> -0.25800646 | J62: =IFERROR(C62-D62,"N.A") -> -51.831565 | K62: =IFERROR(D62-E62,"N.A") -> 62.647301 | M62: Net Income | N62: =N23 -> 19563.051 | O62: =O23 -> 121193.57 | P62: =P23 -> -0.83858012 | Q62: =Q23 -> 210284.43 | R62: =R23 -> 283404.67 | S62: =S23 -> -0.25800646 | X62: Net Income | Y62: =Y23 -> 6715.3244 | Z62: =Z23 -> 18308.932 | AA62: =AA23 -> -0.63322139 | AB62: =AB23 -> 58112.287 | AC62: =AC23 -> 65151.427 | AD62: =AD23 -> -0.10804276 | AI62: Net Income | AJ62: =AJ23 -> 11526 | AK62: =AK23 -> 14143 | AL62: =AL23 -> -0.18503853 | AM62: =AM23 -> 37155 | AN62: =AN23 -> 53017 | AO62: =AO23 -> -0.29918705 | AT62: Net Income | AU62: =AU23 -> 16575 | AV62: =AV23 -> 18052 | AW62: =AW23 -> -0.081819189 | AX62: =AX23 -> 51812 | AY62: =AY23 -> 76722 | AZ62: =AZ23 -> -0.32467871 | BE62: Net Income | BF62: =BF23 -> 13408.89 | BG62: =BG23 -> 26239.642 | BH62: =BH23 -> -0.48898349 | BI62: =BI23 -> 31655.995 | BJ62: =BJ23 -> 48698.523 | BK62: =BK23 -> -0.34995986 | BP62: Net Income | BQ62: =BQ23 -> 41509.89 | BR62: =BR23 -> 58434.642 | BS62: =BS23 -> -0.28963559 | BT62: =BT23 -> 120622.99 | BU62: =BU23 -> 178437.52 | BV62: =BV23 -> -0.32400432
B63: =B24 -> IE Garanhuns (51%) | C63: =C24 -> 3.4248155 | D63: =D24 -> 9.3375551 | E63: =IF(OR(AND(D63>0,C63<0),AND(D63<0,C63>0)),"n.a",IFERROR(C63/D63-1,"N.A.")) -> -0.63322139 | F63: =F24 -> 29.637266 | G63: =G24 -> 33.227228 | H63: =IF(OR(AND(G63>0,F63<0),AND(G63<0,F63>0)),"n.a",IFERROR(F63/G63-1,"N.A.")) -> -0.10804276 | J63: =IFERROR(C63-D63,"N.A") -> -5.9127397 | K63: =IFERROR(D63-E63,"N.A") -> 9.9707765
B64: =B25 -> AIE (50%) | C64: =C25 -> 20.754945 | D64: =D25 -> 29.217321 | E64: =IF(OR(AND(D64>0,C64<0),AND(D64<0,C64>0)),"n.a",IFERROR(C64/D64-1,"N.A.")) -> -0.28963559 | F64: =F25 -> 60.311497 | G64: =G25 -> 89.218762 | H64: =IF(OR(AND(G64>0,F64<0),AND(G64<0,F64>0)),"n.a",IFERROR(F64/G64-1,"N.A.")) -> -0.32400432 | J64: =IFERROR(C64-D64,"N.A") -> -8.4623758 | K64: =IFERROR(D64-E64,"N.A") -> 29.506956 | M64: ISA ENERGIA BRASIL Particip. (51%) on EBITDA | N64: =N25 -> 22765.184 | O64: =O25 -> 101681.84 | P64: =P25 -> -0.77611357 | Q64: =Q25 -> 191591.86 | R64: =R25 -> 256754.66 | S64: =S25 -> -0.25379405 | X64: ISA ENERGIA BRASIL Particip. (51%) on EBITDA | Y64: =Y25 -> 4889.9044 | Z64: =Z25 -> 13972.979 | AA64: =AA25 -> -0.65004569 | AB64: =AB25 -> 40135.226 | AC64: =AC25 -> 46516.043 | AD64: =AD25 -> -0.13717454 | AI64: ISA ENERGIA BRASIL Particip. (50%) on EBITDA | AJ64: =AJ25 -> 12506 | AK64: =AK25 -> 12920 | AL64: =AL25 -> -0.032043344 | AM64: =AM25 -> 38036.5 | AN64: =AN25 -> 36720.5 | AO64: =AO25 -> 0.035838292 | AT64: ISA ENERGIA BRASIL Particip. (50%) on EBITDA | AU64: =AU25 -> 19891 | AV64: =AV25 -> 19460 | AW64: =AW25 -> 0.022147996 | AX64: =AX25 -> 57773 | AY64: =AY25 -> 54616 | AZ64: =AZ25 -> 0.057803574 | BE64: ISA ENERGIA BRASIL Particip. (50%) on EBITDA | BF64: =BF25 -> 26759.085 | BG64: =BG25 -> 43134.678 | BH64: =BH25 -> -0.37963869 | BI64: =BI25 -> 120981.97 | BJ64: =BJ25 -> 132127.82 | BK64: =BK25 -> -0.084356628 | BP64: ISA ENERGIA BRASIL Particip. (50%) on EBITDA | BQ64: =BQ25 -> 59156.085 | BR64: =BR25 -> 75514.678 | BS64: =BS25 -> -0.21662799 | BT64: =BT25 -> 216791.47 | BU64: =BU25 -> 223464.32 | BV64: =BV25 -> -0.029860953
B65: IE Aimorés | C65: =C26 -> 5.763 | D65: =D26 -> 7.0715 | E65: =IF(OR(AND(D65>0,C65<0),AND(D65<0,C65>0)),"n.a",IFERROR(C65/D65-1,"N.A.")) -> -0.18503853 | F65: =F26 -> 18.5775 | G65: =G26 -> 26.5085 | H65: =IF(OR(AND(G65>0,F65<0),AND(G65<0,F65>0)),"n.a",IFERROR(F65/G65-1,"N.A.")) -> -0.29918705 | J65: =IFERROR(C65-D65,"N.A") -> -1.3085 | K65: =IFERROR(D65-E65,"N.A") -> 7.2565385 | M65: ISA ENERGIA BRASIL Particip. (51%) on Net Income | N65: =N26 -> 9977.1562 | O65: =O26 -> 61808.721 | P65: =P26 -> -0.83858012 | Q65: =Q26 -> 107245.06 | R65: =R26 -> 144536.38 | S65: =S26 -> -0.25800646 | X65: ISA ENERGIA BRASIL Particip. (51%) on Net Income | Y65: =Y26 -> 3424.8155 | Z65: =Z26 -> 9337.5551 | AA65: =AA26 -> -0.63322139 | AB65: =AB26 -> 29637.266 | AC65: =AC26 -> 33227.228 | AD65: =AD26 -> -0.10804276 | AI65: ISA ENERGIA BRASIL Particip. (50%) on Net Income | AJ65: =AJ26 -> 5763 | AK65: =AK26 -> 7071.5 | AL65: =AL26 -> -0.18503853 | AM65: =AM26 -> 18577.5 | AN65: =AN26 -> 26508.5 | AO65: =AO26 -> -0.29918705 | AT65: ISA ENERGIA BRASIL Particip. (50%) on Net Income | AU65: =AU26 -> 8287.5 | AV65: =AV26 -> 9026 | AW65: =AW26 -> -0.081819189 | AX65: =AX26 -> 25906 | AY65: =AY26 -> 38361 | AZ65: =AZ26 -> -0.32467871 | BE65: ISA ENERGIA BRASIL Particip. (50%) on Net Income | BF65: =BF26 -> 6704.445 | BG65: =BG26 -> 13119.821 | BH65: =BH26 -> -0.48898349 | BI65: =BI26 -> 15827.997 | BJ65: =BJ26 -> 24349.262 | BK65: =BK26 -> -0.34995986 | BP65: ISA ENERGIA BRASIL Particip. (50%) on Net Income | BQ65: =BQ26 -> 20754.945 | BR65: =BR26 -> 29217.321 | BS65: =BS26 -> -0.28963559 | BT65: =BT26 -> 60311.497 | BU65: =BU26 -> 89218.762 | BV65: =BV26 -> -0.32400432
B66: IE Paraguaçu | C66: =C27 -> 8.2875 | D66: =D27 -> 9.026 | E66: =IF(OR(AND(D66>0,C66<0),AND(D66<0,C66>0)),"n.a",IFERROR(C66/D66-1,"N.A.")) -> -0.081819189 | F66: =F27 -> 25.906 | G66: =G27 -> 38.361 | H66: =IF(OR(AND(G66>0,F66<0),AND(G66<0,F66>0)),"n.a",IFERROR(F66/G66-1,"N.A.")) -> -0.32467871 | J66: =IFERROR(C66-D66,"N.A") -> -0.7385 | K66: =IFERROR(D66-E66,"N.A") -> 9.1078192
B67: IE Ivaí | C67: =C28 -> 6.704445 | D67: =D28 -> 13.119821 | E67: =IF(OR(AND(D67>0,C67<0),AND(D67<0,C67>0)),"n.a",IFERROR(C67/D67-1,"N.A.")) -> -0.48898349 | F67: =F28 -> 15.827997 | G67: =G28 -> 24.349262 | H67: =IF(OR(AND(G67>0,F67<0),AND(G67<0,F67>0)),"n.a",IFERROR(F67/G67-1,"N.A.")) -> -0.34995986 | J67: =IFERROR(C67-D67,"N.A") -> -6.4153758 | K67: =IFERROR(D67-E67,"N.A") -> 13.608804
B68: Total | C68: =C29 -> 34.156917 | D68: =D29 -> 100.3636 | E68: =IF(OR(AND(D68>0,C68<0),AND(D68<0,C68>0)),"n.a",IFERROR(C68/D68-1,"N.A.")) -> -0.65966827 | F68: =F29 -> 197.19382 | G68: =G29 -> 266.98237 | H68: =IF(OR(AND(G68>0,F68<0),AND(G68<0,F68>0)),"n.a",IFERROR(F68/G68-1,"N.A.")) -> -0.26139758 | J68: =IFERROR(C68-D68,"N.A") -> -66.20668 | K68: =IFERROR(D68-E68,"N.A") -> 101.02327

Sheet DRE Reg
B2: #VALUE!
C3: Mês: | D3: 46295 | F3: →Menu←
C4: Trim: | D4: 3T26
B7: Português
B9: Demonstração de Resultado | C9: Consolidado
B10: (R$ mil) | C10: 3T26 | D10: 3T25 | E10: Var (%) | F10: 9M26 | G10: 9M25 | H10: Var (%) | J10: vs Tri | K10: vs Acum
B11: Receita Operacional Bruta | C11: 1721709 | D11: 1250582 | E11: =IF(OR(AND(D11>0,C11<0),AND(D11<0,C11>0)),"n.a",IFERROR(C11/D11-1,"N.A.")) -> 0.3767262 | F11: 4536355 | G11: 3718702 | H11: =IF(OR(AND(G11>0,F11<0),AND(G11<0,F11>0)),"n.a",IFERROR(F11/G11-1,"N.A.")) -> 0.21987591 | J11: =C11-D11 -> 471127 | K11: =F11-G11 -> 817653
B12: Receita de Uso da Rede Elétrica | C12: 1710580 | D12: 1239400 | E12: =IF(OR(AND(D12>0,C12<0),AND(D12<0,C12>0)),"n.a",IFERROR(C12/D12-1,"N.A.")) -> 0.38016782 | F12: 4503747 | G12: 3684824 | H12: =IF(OR(AND(G12>0,F12<0),AND(G12<0,F12>0)),"n.a",IFERROR(F12/G12-1,"N.A.")) -> 0.22224209 | J12: =C12-D12 -> 471180 | K12: =F12-G12 -> 818923
B13: Outras | C13: 11129 | D13: 11182 | E13: =IF(OR(AND(D13>0,C13<0),AND(D13<0,C13>0)),"n.a",IFERROR(C13/D13-1,"N.A.")) -> -0.0047397603 | F13: 32608 | G13: 33878 | H13: =IF(OR(AND(G13>0,F13<0),AND(G13<0,F13>0)),"n.a",IFERROR(F13/G13-1,"N.A.")) -> -0.037487455 | J13: =C13-D13 -> -53 | K13: =F13-G13 -> -1270
B14: (-) Deduções à Receita Operacional | C14: =SUM(C15:C16) -> -211046 | D14: =SUM(D15:D16) -> -178249 | E14: =IF(OR(AND(D14>0,C14<0),AND(D14<0,C14>0)),"n.a",IFERROR(C14/D14-1,"N.A.")) -> 0.18399542 | F14: =SUM(F15:F16) -> -556054.1 | G14: =SUM(G15:G16) -> -485886.1 | H14: =IF(OR(AND(G14>0,F14<0),AND(G14<0,F14>0)),"n.a",IFERROR(F14/G14-1,"N.A.")) -> 0.14441245 | J14: =C14-D14 -> -32797 | K14: =F14-G14 -> -70168
B15: Tributos e Contribuições sobre a Receita | C15: -149279 | D15: -105611 | E15: =IF(OR(AND(D15>0,C15<0),AND(D15<0,C15>0)),"n.a",IFERROR(C15/D15-1,"N.A.")) -> 0.41347966 | F15: -391764 | G15: -319498 | H15: =IF(OR(AND(G15>0,F15<0),AND(G15<0,F15>0)),"n.a",IFERROR(F15/G15-1,"N.A.")) -> 0.22618608 | J15: =C15-D15 -> -43668 | K15: =F15-G15 -> -72266
B16: Encargos Regulatórios | C16: -61767 | D16: -72638 | E16: =IF(OR(AND(D16>0,C16<0),AND(D16<0,C16>0)),"n.a",IFERROR(C16/D16-1,"N.A.")) -> -0.14965996 | F16: -164290.1 | G16: -166388.1 | H16: =IF(OR(AND(G16>0,F16<0),AND(G16<0,F16>0)),"n.a",IFERROR(F16/G16-1,"N.A.")) -> -0.012609075 | J16: =C16-D16 -> 10871 | K16: =F16-G16 -> 2098
B17: (=) Receita Operacional Líquida | C17: 1510663 | D17: 1072333 | E17: =IF(OR(AND(D17>0,C17<0),AND(D17<0,C17>0)),"n.a",IFERROR(C17/D17-1,"N.A.")) -> 0.40876295 | F17: 3980300.9 | G17: 3232815.9 | H17: =IF(OR(AND(G17>0,F17<0),AND(G17<0,F17>0)),"n.a",IFERROR(F17/G17-1,"N.A.")) -> 0.23121793 | J17: =C17-D17 -> 438330 | K17: =F17-G17 -> 747485
B18: (-) Custos e Despesas Operacionais | C18: =SUM(C19:C23) -> -462704.2 | D18: =SUM(D19:D23) -> -355245.1 | E18: =IF(OR(AND(D18>0,C18<0),AND(D18<0,C18>0)),"n.a",IFERROR(C18/D18-1,"N.A.")) -> 0.30249285 | F18: =SUM(F19:F23) -> -1248564.1 | G18: =SUM(G19:G23) -> -1164047.6 | H18: =IF(OR(AND(G18>0,F18<0),AND(G18<0,F18>0)),"n.a",IFERROR(F18/G18-1,"N.A.")) -> 0.072605661 | J18: =C18-D18 -> -107459.1 | K18: =F18-G18 -> -84516.446
B19: Pessoal¹ | C19: -117093.16 | D19: -102391.26 | E19: =IF(OR(AND(D19>0,C19<0),AND(D19<0,C19>0)),"n.a",IFERROR(C19/D19-1,"N.A.")) -> 0.14358546 | F19: -335145.36 | G19: -316305.67 | H19: =IF(OR(AND(G19>0,F19<0),AND(G19<0,F19>0)),"n.a",IFERROR(F19/G19-1,"N.A.")) -> 0.059561679 | J19: =C19-D19 -> -14701.896 | K19: =F19-G19 -> -18839.697
B20: Material | C20: -6277.325 | D20: -5646.6581 | E20: =IF(OR(AND(D20>0,C20<0),AND(D20<0,C20>0)),"n.a",IFERROR(C20/D20-1,"N.A.")) -> 0.11168854 | F20: -17241.413 | G20: -16869.83 | H20: =IF(OR(AND(G20>0,F20<0),AND(G20<0,F20>0)),"n.a",IFERROR(F20/G20-1,"N.A.")) -> 0.022026488 | J20: =C20-D20 -> -630.66698 | K20: =F20-G20 -> -371.5831
B21: Serviços | C21: -83512.054 | D21: -54050.478 | E21: =IF(OR(AND(D21>0,C21<0),AND(D21<0,C21>0)),"n.a",IFERROR(C21/D21-1,"N.A.")) -> 0.54507522 | F21: -191447.68 | G21: -146004.65 | H21: =IF(OR(AND(G21>0,F21<0),AND(G21<0,F21>0)),"n.a",IFERROR(F21/G21-1,"N.A.")) -> 0.31124377 | J21: =C21-D21 -> -29461.576 | K21: =F21-G21 -> -45443.037
B22: Depreciação | C22: -250969.63 | D22: -167560.7 | E22: =IF(OR(AND(D22>0,C22<0),AND(D22<0,C22>0)),"n.a",IFERROR(C22/D22-1,"N.A.")) -> 0.4977834 | F22: -642551.16 | G22: -591342.02 | H22: =IF(OR(AND(G22>0,F22<0),AND(G22<0,F22>0)),"n.a",IFERROR(F22/G22-1,"N.A.")) -> 0.08659817 | J22: =C22-D22 -> -83408.934 | K22: =F22-G22 -> -51209.137
B23: Outros | C23: -4852.0324 | D23: -25596.004 | E23: =IF(OR(AND(D23>0,C23<0),AND(D23<0,C23>0)),"n.a",IFERROR(C23/D23-1,"N.A.")) -> -0.81043789 | F23: -62178.447 | G23: -93525.454 | H23: =IF(OR(AND(G23>0,F23<0),AND(G23<0,F23>0)),"n.a",IFERROR(F23/G23-1,"N.A.")) -> -0.33517086 | J23: =C23-D23 -> 20743.971 | K23: =F23-G23 -> 31347.007
B24: (=) Resultado do Serviço | C24: =C17+C18 -> 1047958.8 | D24: =D17+D18 -> 717087.9 | E24: =IF(OR(AND(D24>0,C24<0),AND(D24<0,C24>0)),"n.a",IFERROR(C24/D24-1,"N.A.")) -> 0.46140912 | F24: =F17+F18 -> 2731736.8 | G24: =G17+G18 -> 2068768.3 | H24: =IF(OR(AND(G24>0,F24<0),AND(G24<0,F24>0)),"n.a",IFERROR(F24/G24-1,"N.A.")) -> 0.32046535 | J24: =C24-D24 -> 330870.9 | K24: =F24-G24 -> 662968.55
B25: (+/-) Resultado Financeiro | C25: =SUM(C26:C30) -> -348094 | D25: =SUM(D26:D30) -> -293134 | E25: =IF(OR(AND(D25>0,C25<0),AND(D25<0,C25>0)),"n.a",IFERROR(C25/D25-1,"N.A.")) -> 0.18749105 | F25: =SUM(F26:F30) -> -1469918 | G25: =SUM(G26:G30) -> -996252 | H25: =IF(OR(AND(G25>0,F25<0),AND(G25<0,F25>0)),"n.a",IFERROR(F25/G25-1,"N.A.")) -> 0.47544798 | J25: =C25-D25 -> -54960 | K25: =F25-G25 -> -473666
B26: Rendimento de Aplicações Financeiras | C26: 92495 | D26: 90045 | E26: =IF(OR(AND(D26>0,C26<0),AND(D26<0,C26>0)),"n.a",IFERROR(C26/D26-1,"N.A.")) -> 0.027208618 | F26: 212820 | G26: 243406 | H26: =IF(OR(AND(G26>0,F26<0),AND(G26<0,F26>0)),"n.a",IFERROR(F26/G26-1,"N.A.")) -> -0.12565837 | J26: =C26-D26 -> 2450 | K26: =F26-G26 -> -30586
B27: Resultado da Variação Monetária Líquida | C27: 11475 | D27: -57915 | E27: =IF(OR(AND(D27>0,C27<0),AND(D27<0,C27>0)),"n.a",IFERROR(C27/D27-1,"N.A.")) -> n.a | F27: -430924 | G27: -345670 | H27: =IF(OR(AND(G27>0,F27<0),AND(G27<0,F27>0)),"n.a",IFERROR(F27/G27-1,"N.A.")) -> 0.24663407 | J27: =C27-D27 -> 69390 | K27: =F27-G27 -> -85254
B28: Juros Ativo/Passivos | C28: 25 | D28: -152 | E28: =IF(OR(AND(D28>0,C28<0),AND(D28<0,C28>0)),"n.a",IFERROR(C28/D28-1,"N.A.")) -> n.a | F28: 191 | G28: -2967 | H28: =IF(OR(AND(G28>0,F28<0),AND(G28<0,F28>0)),"n.a",IFERROR(F28/G28-1,"N.A.")) -> n.a | J28: =C28-D28 -> 177 | K28: =F28-G28 -> 3158
B29: Juros/Encargos sobre empréstimos | C29: -428385 | D29: -336504 | E29: =IF(OR(AND(D29>0,C29<0),AND(D29<0,C29>0)),"n.a",IFERROR(C29/D29-1,"N.A.")) -> 0.27304579 | F29: -1207141 | G29: -933258 | H29: =IF(OR(AND(G29>0,F29<0),AND(G29<0,F29>0)),"n.a",IFERROR(F29/G29-1,"N.A.")) -> 0.29346976 | J29: =C29-D29 -> -91881 | K29: =F29-G29 -> -273883
B30: Outras | C30: -23704 | D30: 11392 | E30: =IF(OR(AND(D30>0,C30<0),AND(D30<0,C30>0)),"n.a",IFERROR(C30/D30-1,"N.A.")) -> n.a | F30: -44864 | G30: 42237 | H30: =IF(OR(AND(G30>0,F30<0),AND(G30<0,F30>0)),"n.a",IFERROR(F30/G30-1,"N.A.")) -> n.a | J30: =C30-D30 -> -35096 | K30: =F30-G30 -> -87101
B31: (=) Resultado Operacional | C31: =C24+C25 -> 699864.8 | D31: =D24+D25 -> 423953.9 | E31: =IF(OR(AND(D31>0,C31<0),AND(D31<0,C31>0)),"n.a",IFERROR(C31/D31-1,"N.A.")) -> 0.65080401 | F31: =F24+F25 -> 1261818.8 | G31: =G24+G25 -> 1072516.3 | H31: =IF(OR(AND(G31>0,F31<0),AND(G31<0,F31>0)),"n.a",IFERROR(F31/G31-1,"N.A.")) -> 0.1765032 | J31: =C31-D31 -> 275910.9 | K31: =F31-G31 -> 189302.55
B32: (-) Equivalência Patrimonial | C32: 34153.226 | D32: 100364.96 | E32: =IF(OR(AND(D32>0,C32<0),AND(D32<0,C32>0)),"n.a",IFERROR(C32/D32-1,"N.A.")) -> -0.65970966 | F32: 197208.26 | G32: 266982.97 | H32: =IF(OR(AND(G32>0,F32<0),AND(G32<0,F32>0)),"n.a",IFERROR(F32/G32-1,"N.A.")) -> -0.26134518 | J32: =C32-D32 -> -66211.732 | K32: =F32-G32 -> -69774.712
B33: (-) Outras Receitas/Despesas Operacionais | C33: 1891155 | D33: 3833 | E33: =IF(OR(AND(D33>0,C33<0),AND(D33<0,C33>0)),"n.a",IFERROR(C33/D33-1,"N.A.")) -> 492.38769 | F33: 1803862.6 | G33: -58835 | H33: =IF(OR(AND(G33>0,F33<0),AND(G33<0,F33>0)),"n.a",IFERROR(F33/G33-1,"N.A.")) -> n.a | J33: =C33-D33 -> 1887322 | K33: =F33-G33 -> 1862697.6
B34: (=) Resultado Anterior aos Tributos | C34: =SUM(C31:C33) -> 2625173 | D34: =SUM(D31:D33) -> 528151.86 | E34: =IF(OR(AND(D34>0,C34<0),AND(D34<0,C34>0)),"n.a",IFERROR(C34/D34-1,"N.A.")) -> 3.970489 | F34: =SUM(F31:F33) -> 3262889.7 | G34: =SUM(G31:G33) -> 1280664.3 | H34: =IF(OR(AND(G34>0,F34<0),AND(G34<0,F34>0)),"n.a",IFERROR(F34/G34-1,"N.A.")) -> 1.5478104 | J34: =C34-D34 -> 2097021.2 | K34: =F34-G34 -> 1982225.4
B35: (-) IR e CSLL | C35: =SUM(C36:C37) -> -712529 | D35: =SUM(D36:D37) -> 39853 | E35: =IF(OR(AND(D35>0,C35<0),AND(D35<0,C35>0)),"n.a",IFERROR(C35/D35-1,"N.A.")) -> n.a | F35: =SUM(F36:F37) -> -793805.9 | G35: =SUM(G36:G37) -> -91093 | H35: =IF(OR(AND(G35>0,F35<0),AND(G35<0,F35>0)),"n.a",IFERROR(F35/G35-1,"N.A.")) -> 7.714236 | J35: =C35-D35 -> -752382 | K35: =F35-G35 -> -702712.9
B36: Corrente | C36: 27387 | D36: 38604 | E36: =IF(OR(AND(D36>0,C36<0),AND(D36<0,C36>0)),"n.a",IFERROR(C36/D36-1,"N.A.")) -> -0.29056574 | F36: -108112.9 | G36: -45021 | H36: =IF(OR(AND(G36>0,F36<0),AND(G36<0,F36>0)),"n.a",IFERROR(F36/G36-1,"N.A.")) -> 1.4013882 | J36: =C36-D36 -> -11217 | K36: =F36-G36 -> -63091.9
B37: Diferido | C37: -739916 | D37: 1249 | E37: =IF(OR(AND(D37>0,C37<0),AND(D37<0,C37>0)),"n.a",IFERROR(C37/D37-1,"N.A.")) -> n.a | F37: -685693 | G37: -46072 | H37: =IF(OR(AND(G37>0,F37<0),AND(G37<0,F37>0)),"n.a",IFERROR(F37/G37-1,"N.A.")) -> 13.883074 | J37: =C37-D37 -> -741165 | K37: =F37-G37 -> -639621
B38: (=) Lucro/Prejuízo Consolidado | C38: =C34+C35 -> 1912644 | D38: =D34+D35 -> 568004.86 | E38: =IF(OR(AND(D38>0,C38<0),AND(D38<0,C38>0)),"n.a",IFERROR(C38/D38-1,"N.A.")) -> 2.3673022 | F38: =F34+F35 -> 2469083.8 | G38: =G34+G35 -> 1189571.3 | H38: =IF(OR(AND(G38>0,F38<0),AND(G38<0,F38>0)),"n.a",IFERROR(F38/G38-1,"N.A.")) -> 1.0756082 | J38: =C38-D38 -> 1344639.2 | K38: =F38-G38 -> 1279512.5
B39: (-) Partic. Acionista não Controlador | C39: -7836 | D39: -17975.542 | E39: =IF(OR(AND(D39>0,C39<0),AND(D39<0,C39>0)),"n.a",IFERROR(C39/D39-1,"N.A.")) -> -0.56407434 | F39: -32676.761 | G39: -46548 | H39: =IF(OR(AND(G39>0,F39<0),AND(G39<0,F39>0)),"n.a",IFERROR(F39/G39-1,"N.A.")) -> -0.29799861 | J39: =C39-D39 -> 10139.542 | K39: =F39-G39 -> 13871.239
B40: (=) Lucro/Prejuízo | C40: =C38+C39 -> 1904808 | D40: =D38+D39 -> 550029.32 | E40: =IF(OR(AND(D40>0,C40<0),AND(D40<0,C40>0)),"n.a",IFERROR(C40/D40-1,"N.A.")) -> 2.4631027 | F40: =F38+F39 -> 2436407 | G40: =G38+G39 -> 1143023.3 | H40: =IF(OR(AND(G40>0,F40<0),AND(G40<0,F40>0)),"n.a",IFERROR(F40/G40-1,"N.A.")) -> 1.1315463 | J40: =C40-D40 -> 1354778.7 | K40: =F40-G40 -> 1293383.8 | L40: =F40-G40 -> 1293383.8
B41: Alíquota Efetiva | C41: =C35/C34 -> -0.27142173 | D41: =D35/D34 -> 0.075457464 | E41: =(C41-D41)*100 -> -34.687919 | F41: =F35/F34 -> -0.24328309 | G41: =G35/G34 -> -0.071129494 | H41: =(F41-G41)*100 -> -17.21536
B42: Alíquota Efetiva (ex-equivalência) | C42: =C35/(C34-C32) -> -0.27499944 | D42: =D35/(D34-D32) -> 0.09316087 | E42: =(C42-D42)*100 -> -36.816031 | F42: =F35/(F34-F32) -> -0.25893294 | G42: =G35/(G34-G32) -> -0.089863551 | H42: =(F42-G42)*100 -> -16.906939
B43: Margem Líquida | C43: =C40/C17 -> 1.2609086 | D43: =D40/D17 -> 0.51292772 | E43: =(C43-D43)*100 -> 74.798092 | F43: =F40/F17 -> 0.61211629 | G43: =G40/G17 -> 0.35356893 | H43: =(F43-G43)*100 -> 25.854737
B44: Check | C44: 0 | D44: 0 | F44: 0 | G44: -0.9
B45: Check2 | C45: 0 | D45: 0 | F45: 0 | G45: 0
B48: ROL | C48: =C17/1000 -> 1510.663 | D48: =D17/1000 -> 1072.333 | E48: =IFERROR(C48/D48-1,"N.A.") -> 0.40876295 | F48: =F17/1000 -> 3980.3009 | G48: =G17/1000 -> 3232.8159 | H48: =IFERROR(F48/G48-1,"N.A.") -> 0.23121793
B49: Custos, exceto depreciação | C49: =C18/1000-C22/1000 -> -211.73457 | D49: =D18/1000-D22/1000 -> -187.6844 | E49: =IFERROR(C49/D49-1,"N.A.") -> 0.12814154 | F49: =F18/1000-F22/1000 -> -606.01291 | G49: =G18/1000-G22/1000 -> -572.7056 | H49: =IFERROR(F49/G49-1,"N.A.") -> 0.058157821
B50: Depreciação | C50: =C22/1000 -> -250.96963 | D50: =D22/1000 -> -167.5607 | E50: =IFERROR(C50/D50-1,"N.A.") -> 0.4977834 | F50: =F22/1000 -> -642.55116 | G50: =G22/1000 -> -591.34202 | H50: =IFERROR(F50/G50-1,"N.A.") -> 0.08659817
B51: Resultado financeiro | C51: =C25/1000 -> -348.094 | D51: =D25/1000 -> -293.134 | E51: =IFERROR(C51/D51-1,"N.A.") -> 0.18749105 | F51: =F25/1000 -> -1469.918 | G51: =G25/1000 -> -996.252 | H51: =IFERROR(F51/G51-1,"N.A.") -> 0.47544798
B52: =B32 -> (-) Equivalência Patrimonial | C52: =C32/1000 -> 34.153226 | D52: =D32/1000 -> 100.36496 | E52: =IFERROR(C52/D52-1,"N.A.") -> -0.65970966 | F52: =F32/1000 -> 197.20826 | G52: =G32/1000 -> 266.98297 | H52: =IFERROR(F52/G52-1,"N.A.") -> -0.26134518
B53: =B33 -> (-) Outras Receitas/Despesas Operacionais | C53: =C33/1000 -> 1891.155 | D53: =D33/1000 -> 3.833 | E53: =IFERROR(C53/D53-1,"N.A.") -> 492.38769 | F53: =F33/1000 -> 1803.8626 | G53: =G33/1000 -> -58.835 | H53: =IFERROR(F53/G53-1,"N.A.") -> -31.659686
B54: IR e CS | C54: =C35/1000 -> -712.529 | D54: =D35/1000 -> 39.853 | E54: =IFERROR(C54/D54-1,"N.A.") -> -18.87893 | F54: =F35/1000 -> -793.8059 | G54: =G35/1000 -> -91.093 | H54: =IFERROR(F54/G54-1,"N.A.") -> 7.714236
B55: LL | C55: =SUM(C48:C54) -> 1912.644 | D55: =SUM(D48:D54) -> 568.00486 | E55: =IFERROR(C55/D55-1,"N.A.") -> 2.3673022 | F55: =SUM(F48:F54) -> 2469.0838 | G55: =SUM(G48:G54) -> 1189.5713 | H55: =IFERROR(F55/G55-1,"N.A.") -> 1.0756082
B57: Inglês
B59: Income Statement | C59: Consolidated
B60: (R$ thousand) | C60: 3Q26 | D60: 3Q25 | E60: Chg (%) | F60: 9M26 | G60: 9M25 | H60: Chg (%)
A61: Gross Revenue | B61: Gross Revenue | C61: =C11 -> 1721709 | D61: =D11 -> 1250582 | E61: =E11 -> 0.3767262 | F61: =F11 -> 4536355 | G61: =G11 -> 3718702 | H61: =H11 -> 0.21987591
A62: Availability of Electric Network | B62: Availability of Electric Network | C62: =C12 -> 1710580 | D62: =D12 -> 1239400 | E62: =E12 -> 0.38016782 | F62: =F12 -> 4503747 | G62: =G12 -> 3684824 | H62: =H12 -> 0.22224209
A63: Others | B63: Others | C63: =C13 -> 11129 | D63: =D13 -> 11182 | E63: =E13 -> -0.0047397603 | F63: =F13 -> 32608 | G63: =G13 -> 33878 | H63: =H13 -> -0.037487455
A64: Deductions from the Operational Revenue | B64: Deductions from the Operational Revenue | C64: =C14 -> -211046 | D64: =D14 -> -178249 | E64: =E14 -> 0.18399542 | F64: =F14 -> -556054.1 | G64: =G14 -> -485886.1 | H64: =H14 -> 0.14441245
B65: Taxes and Contributions on Revenue | C65: =C15 -> -149279 | D65: =D15 -> -105611 | E65: =E15 -> 0.41347966 | F65: =F15 -> -391764 | G65: =G15 -> -319498 | H65: =H15 -> 0.22618608
B66: Regulatory charges | C66: =C16 -> -61767 | D66: =D16 -> -72638 | E66: =E16 -> -0.14965996 | F66: =F16 -> -164290.1 | G66: =G16 -> -166388.1 | H66: =H16 -> -0.012609075
A67: Net Revenue | B67: Net Revenue | C67: =C17 -> 1510663 | D67: =D17 -> 1072333 | E67: =E17 -> 0.40876295 | F67: =F17 -> 3980300.9 | G67: =G17 -> 3232815.9 | H67: =H17 -> 0.23121793
A68: Costs and Operational Expenses | B68: Costs and Operational Expenses | C68: =C18 -> -462704.2 | D68: =D18 -> -355245.1 | E68: =E18 -> 0.30249285 | F68: =F18 -> -1248564.1 | G68: =G18 -> -1164047.6 | H68: =H18 -> 0.072605661
A69: Personnel | B69: Personnel | C69: =C19 -> -117093.16 | D69: =D19 -> -102391.26 | E69: =E19 -> 0.14358546 | F69: =F19 -> -335145.36 | G69: =G19 -> -316305.67 | H69: =H19 -> 0.059561679
A70: Material | B70: Material | C70: =C20 -> -6277.325 | D70: =D20 -> -5646.6581 | E70: =E20 -> 0.11168854 | F70: =F20 -> -17241.413 | G70: =G20 -> -16869.83 | H70: =H20 -> 0.022026488
A71: Services | B71: Services | C71: =C21 -> -83512.054 | D71: =D21 -> -54050.478 | E71: =E21 -> 0.54507522 | F71: =F21 -> -191447.68 | G71: =G21 -> -146004.65 | H71: =H21 -> 0.31124377
A72: Depreciation | B72: Depreciation | C72: =C22 -> -250969.63 | D72: =D22 -> -167560.7 | E72: =E22 -> 0.4977834 | F72: =F22 -> -642551.16 | G72: =G22 -> -591342.02 | H72: =H22 -> 0.08659817
A73: Others | B73: Others | C73: =C23 -> -4852.0324 | D73: =D23 -> -25596.004 | E73: =E23 -> -0.81043789 | F73: =F23 -> -62178.447 | G73: =G23 -> -93525.454 | H73: =H23 -> -0.33517086
A74: Result of Service | B74: Result of Service | C74: =C24 -> 1047958.8 | D74: =D24 -> 717087.9 | E74: =E24 -> 0.46140912 | F74: =F24 -> 2731736.8 | G74: =G24 -> 2068768.3 | H74: =H24 -> 0.32046535
A75: Financial Results | B75: Financial Results | C75: =C25 -> -348094 | D75: =D25 -> -293134 | E75: =E25 -> 0.18749105 | F75: =F25 -> -1469918 | G75: =G25 -> -996252 | H75: =H25 -> 0.47544798
A76: Interest Receivable | B76: Income from Financial Investments | C76: =C26 -> 92495 | D76: =D26 -> 90045 | E76: =E26 -> 0.027208618 | F76: =F26 -> 212820 | G76: =G26 -> 243406 | H76: =H26 -> -0.12565837
A77: Monetary (net) | B77: Result of Liquid Monetary Variation | C77: =C27 -> 11475 | D77: =D27 -> -57915 | E77: =E27 -> n.a | F77: =F27 -> -430924 | G77: =G27 -> -345670 | H77: =H27 -> 0.24663407
A78: Interest Costs | B78: Asset and Liability Interest | C78: =C28 -> 25 | D78: =D28 -> -152 | E78: =E28 -> n.a | F78: =F28 -> 191 | G78: =G28 -> -2967 | H78: =H28 -> n.a
... A90: Net Income/Loss Consolidated in the Period | B90: Net Income/Loss Consolidated in the Period | C90: =C40 -> 1904808 | D90: =D40 -> 550029.32 | E90: =E40 -> 2.4631027 | F90: =F40 -> 2436407 | G90: =G40 -> 1143023.3 | H90: =H40 -> 1.1315463

Sheet DFC Reg
B2: #VALUE!
C3: Mês: | D3: 46295 | G3: →Menu←
C4: Trim: | D4: 3T26
B7: Português | H7: Inglês
B9: Fluxo de Caixa das Atividades Operacionais | C9: Consolidado | H9: Cash Flow of operational activities | I9: Consolidated
B10: (R$ mil) | C10: 9M26 | D10: 9M25 | F10: vs Acum | H10: (R$ thousand) | I10: 1H26 | J10: 1H25
B11: Fluxo de caixa das atividades operacionais | C11: =SUM(C12:C29) -> 3218829.7 | D11: =SUM(D12:D29) -> 2661339.9 | F11: =C11-D11 -> 557489.83 | H11: Cash generated by operational activities | I11: =C11 -> 3218829.7 | J11: =D11 -> 2661339.9 | L11: =I11-C11 -> 0 | M11: =J11-D11 -> 0
B12: Lucro líquido do período | C12: 2469083.8 | D12: 1189571.3 | F12: =C12-D12 -> 1279512.5 | H12: Net Income | I12: =C12 -> 2469083.8 | J12: =D12 -> 1189571.3 | L12: =I12-C12 -> 0 | M12: =J12-D12 -> 0
B13: Benefício a empregados – déficit atuarial | C13: 0 | D13: 0 | F13: =C13-D13 -> 0 | H13: Employee benefit - actuarial deficit | I13: =C13 -> 0 | J13: =D13 -> 0 | L13: =I13-C13 -> 0 | M13: =J13-D13 -> 0
B14: PIS e COFINS diferidos | C14: -5056 | D14: -13159 | F14: =C14-D14 -> 8103 | H14: Deferred PIS and COFINS | I14: =C14 -> -5056 | J14: =D14 -> -13159 | L14: =I14-C14 -> 0 | M14: =J14-D14 -> 0
B15: Depreciação e amortização | C15: 709810 | D15: 656061 | F15: =C15-D15 -> 53749 | H15: Depreciation and amortization | I15: =C15 -> 709810 | J15: =D15 -> 656061 | L15: =I15-C15 -> 0 | M15: =J15-D15 -> 0
B16: Imposto de renda e contribuição social diferidos | C16: 684466 | D16: 46070 | F16: =C16-D16 -> 638396 | H16: Deferred income taxes and social contribution | I16: =C16 -> 684466 | J16: =D16 -> 46070 | L16: =I16-C16 -> 0 | M16: =J16-D16 -> 0
B17: Provisão para Demandas judiciais | C17: -7396 | D17: -47676 | F17: =C17-D17 -> 40280 | H17: Provision for Lawsuit Liabilities | I17: =C17 -> -7396 | J17: =D17 -> -47676 | L17: =I17-C17 -> 0 | M17: =J17-D17 -> 0
B18: Custo residual de ativo imobilizado/intangível baixado | C18: 54352 | D18: 31711 | F18: =C18-D18 -> 22641 | H18: Residual value of fixed/intangible assets | I18: =C18 -> 54352 | J18: =D18 -> 31711 | L18: =I18-C18 -> 0 | M18: =J18-D18 -> 0
B19: Beneficio fiscal – ágio incorporado | C19: 28 | D19: 27 | F19: =C19-D19 -> 1 | H19: Tax benefit - incorporated goodwill | I19: =C19 -> 28 | J19: =D19 -> 27 | L19: =I19-C19 -> 0 | M19: =J19-D19 -> 0
B20: Realização de ativo da concessão na aquisição de controlada | C20: 0 | D20: 0 | F20: =C20-D20 -> 0 | H20: Realization of concession assets in the acquisition of subsidiary | I20: =C20 -> 0 | J20: =D20 -> 0 | L20: =I20-C20 -> 0 | M20: =J20-D20 -> 0
B21: Realização da perda em controlada em conjunto | C21: 0 | D21: 0 | F21: =C21-D21 -> 0 | H21: Realization of the loss in jointly controlled | I21: =C21 -> 0 | J21: =D21 -> 0 | L21: =I21-C21 -> 0 | M21: =J21-D21 -> 0
B22: Resultado de equivalência patrimonial | C22: -256469 | D22: -266981 | F22: =C22-D22 -> 10512 | H22: Result of equity income | I22: =C22 -> -256469 | J22: =D22 -> -266981 | L22: =I22-C22 -> 0 | M22: =J22-D22 -> 0
B23: Receita sobre aplicações financeiras | C23: -92156 | D23: -104762 | F23: =C23-D23 -> 12606 | H23: Income from financial investments | I23: =C23 -> -92156 | J23: =D23 -> -104762 | L23: =I23-C23 -> 0 | M23: =J23-D23 -> 0
... B25: Juros e variações monetárias e cambiais sobre ativos e passivos | C25: -22825 | D25: -44432 | F25: =C25-D25 -> 21607 | H25: Interest and monetary and exchange variations on assets and liabilities | I25: =C25 -> -22825 | J25: =D25 -> -44432 | L25: =I25-C25 -> 0 | M25: =J25-D25 -> 0
B26: Ganho por compra vantajosa na aquisição de Controlada | C26: -1866294 | D26: 0 | F26: =C26-D26 -> -1866294
B27: Ganho na alienação de participação societária | C27: -72055 | D27: 0 | F27: =C27-D27 -> -72055
B28: Instrumento Financeiro | C28: 31830.905 | D28: -3418.386 | F28: =C28-D28 -> 35249.291 | H28: Financial Instruments | I28: =C28 -> 31830.905 | J28: =D28 -> -3418.386
B29: Transações com acionistas não controladores | C29: -32677 | D29: -46548 | F29: =C29-D29 -> 13871 | H29: Transactions with non-controlling shareholders | I29: =C29 -> -32677 | J29: =D29 -> -46548 | L29: =I29-C29 -> 0 | M29: =J29-D29 -> 0
B30: (Aumento) diminuição de ativos | C30: =SUM(C31:C39) -> -362135 | D30: =SUM(D31:D39) -> 648097 | F30: =C30-D30 -> -1010232 | H30: Assets Variation | I30: =C30 -> -362135 | J30: =D30 -> 648097 | L30: =I30-C30 -> 0 | M30: =J30-D30 -> 0
B31: Caixa restrito | C31: 0 | D31: 0 | F31: =C31-D31 -> 0 | H31: Restricted cash | I31: =C31 -> 0 | J31: =D31 -> 0 | L31: =I31-C31 -> 0 | M31: =J31-D31 -> 0
B32: Contas a receber – Concessionárias e Permissionárias | C32: -11411 | D32: 157976 | F32: =C32-D32 -> -169387 | H32: Accounts receivable - Concessionaires and Permissionaires | I32: =C32 -> -11411 | J32: =D32 -> 157976 | L32: =I32-C32 -> 0 | M32: =J32-D32 -> 0
B33: Estoques | C33: -10757 | D33: -9242 | F33: =C33-D33 -> -1515 | H33: Inventories | I33: =C33 -> -10757 | J33: =D33 -> -9242 | L33: =I33-C33 -> 0 | M33: =J33-D33 -> 0
B34: Valores a receber - Secretaria da Fazenda | C34: -114173 | D34: -143176 | F34: =C34-D34 -> 29003 | H34: Accounts Receivable from the State Finance Secretariat | I34: =C34 -> -114173 | J34: =D34 -> -143176 | L34: =I34-C34 -> 0 | M34: =J34-D34 -> 0
B35: Tributos e contribuições a compensar | C35: -43438 | D35: 124171 | F35: =C35-D35 -> -167609 | H35: Recoverable taxes and contributions | I35: =C35 -> -43438 | J35: =D35 -> 124171 | L35: =I35-C35 -> 0 | M35: =J35-D35 -> 0
B36: Despesas pagas antecipadamente | C36: -28590 | D36: -6016 | F36: =C36-D36 -> -22574 | H36: Prepaid Expenses | I36: =C36 -> -28590 | J36: =D36 -> -6016 | L36: =I36-C36 -> 0 | M36: =J36-D36 -> 0
B37: Cauções e depósitos vinculados | C37: 1110 | D37: -188 | F37: =C37-D37 -> 1298 | H37: Pledges and Escrow | I37: =C37 -> 1110 | J37: =D37 -> -188 | L37: =I37-C37 -> 0 | M37: =J37-D37 -> 0
B38: Crédito com controladas | C38: 0 | D38: 0 | F38: =C38-D38 -> 0 | H38: Credit with subsidiaries | I38: =C38 -> 0 | J38: =D38 -> 0 | L38: =I38-C38 -> 0 | M38: =J38-D38 -> 0
B39: Outros | C39: -154876 | D39: 524572 | F39: =C39-D39 -> -679448 | H39: Others | I39: =C39 -> -154876 | J39: =D39 -> 524572 | L39: =I39-C39 -> 0 | M39: =J39-D39 -> 0
B40: Aumento (diminuição) de passivos | C40: =SUM(C41:C51) -> -21759 | D40: =SUM(D41:D51) -> -92477 | F40: =C40-D40 -> 70718 | H40: Liabilities Variation | I40: =C40 -> -21759 | J40: =D40 -> -92477 | L40: =I40-C40 -> 0 | M40: =J40-D40 -> 0
B41: Fornecedores | C41: -13969 | D41: 26776 | F41: =C41-D41 -> -40745 | H41: Suppliers | I41: =C41 -> -13969 | J41: =D41 -> 26776 | L41: =I41-C41 -> 0 | M41: =J41-D41 -> 0
B42: Tributos e encargos sociais a recolher | C42: 111763 | D42: 189651 | F42: =C42-D42 -> -77888 | H42: Taxes and social charges to be collected | I42: =C42 -> 111763 | J42: =D42 -> 189651 | L42: =I42-C42 -> 0 | M42: =J42-D42 -> 0
B43: Obrigações trabalhistas | C43: 10223 | D43: 11456 | F43: =C43-D43 -> -1233 | H43: Labor obligations | I43: =C43 -> 10223 | J43: =D43 -> 11456 | L43: =I43-C43 -> 0 | M43: =J43-D43 -> 0
B44: Pagamentos de impostos | C44: -173758 | D44: -136660 | F44: =C44-D44 -> -37098 | H44: Tax payment | I44: =C44 -> -173758 | J44: =D44 -> -136660 | L44: =I44-C44 -> 0 | M44: =J44-D44 -> 0
B45: Encargos regulatórios a recolher | C45: -29471 | D45: 13784 | F45: =C45-D45 -> -43255 | H45: Regulatory charges to be collected | I45: =C45 -> -29471 | J45: =D45 -> 13784 | L45: =I45-C45 -> 0 | M45: =J45-D45 -> 0
B46: Provisões | C46: 258221 | D46: -4896 | F46: =C46-D46 -> 263117 | H46: Provisions | I46: =C46 -> 258221 | J46: =D46 -> -4896 | L46: =I46-C46 -> 0 | M46: =J46-D46 -> 0
B47: Valores a pagar Vivest | C47: -501 | D47: 435 | F47: =C47-D47 -> -936 | H47: Amounts payable to Vivest | I47: =C47 -> -501 | J47: =D47 -> 435 | L47: =I47-C47 -> 0 | M47: =J47-D47 -> 0
B48: Reserva Global de Reversão | C48: -1860 | D48: -1861 | F48: =C48-D48 -> 1 | H48: Global Reversal Reserve - RGR | I48: =C48 -> -1860 | J48: =D48 -> -1861 | L48: =I48-C48 -> 0 | M48: =J48-D48 -> 0
B49: Obrigações vinculadas à concessão do serviço | C49: 41400 | D49: -14873 | F49: =C49-D49 -> 56273 | H49: Obligations linked to the concession of the service | I49: =C49 -> 41400 | J49: =D49 -> -14873
B50: Benefício pós emprego - passivo atuarial | C50: 0 | D50: 0 | F50: =C50-D50 -> 0 | H50: Post-employment benefit - actuarial liability | I50: =C50 -> 0 | J50: =D50 -> 0 | L50: =I50-C50 -> 0 | M50: =J50-D50 -> 0
B51: Outros | C51: -223807 | D51: -176289 | F51: =C51-D51 -> -47518 | H51: Others | I51: =C51 -> -223807 | J51: =D51 -> -176289 | L51: =I51-C51 -> 0 | M51: =J51-D51 -> 0
B52: Caixa líquido gerado nas atividades operacionais | C52: =C40+C30+C11 -> 2834935.7 | D52: =D40+D30+D11 -> 3216959.9 | F52: =C52-D52 -> -382024.17 | G52: =C52/D52-1 -> -0.11875317 | H52: Net cash generated in operational activities | I52: =C52 -> 2834935.7 | J52: =D52 -> 3216959.9 | L52: =I52-C52 -> 0 | M52: =J52-D52 -> 0
B53: Caixa gerado (utilizado) nas atividades de investimentos | C53: =SUM(C54:C60) -> -5780374 | D53: =SUM(D54:D60) -> -4336821 | F53: =C53-D53 -> -1443553 | H53: Investments Activites Cash Flow | I53: =C53 -> -5780374 | J53: =D53 -> -4336821 | L53: =I53-C53 -> 0 | M53: =J53-D53 -> 0
B54: Caixa restrito | C54: -676 | D54: 874 | F54: =C54-D54 -> -1550 | H54: Restricted cash | I54: =C54 -> -676 | J54: =D54 -> 874 | L54: =I54-C54 -> 0 | M54: =J54-D54 -> 0
B55: Aplicações financeiras | C55: -4051984 | D55: -5093394 | F55: =C55-D55 -> 1041410 | H55: Financial Investments | I55: =C55 -> -4051984 | J55: =D55 -> -5093394 | L55: =I55-C55 -> 0 | M55: =J55-D55 -> 0
B56: Resgates de Aplicações financeiras | C56: 2476483 | D56: 4115325 | F56: =C56-D56 -> -1638842 | H56: Redemptions of financial investments | I56: =C56 -> 2476483 | J56: =D56 -> 4115325 | L56: =I56-C56 -> 0 | M56: =J56-D56 -> 0
A57: Aquisições de Imobilizado e Intangivel | B57: Imobilizado e Intangível | C57: -3447539 | D57: -3359626 | F57: =C57-D57 -> -87913 | H57: Fixed Assets | I57: =C57 -> -3447539 | J57: =D57 -> -3359626 | L57: =I57-C57 -> 0 | M57: =J57-D57 -> 0
B58: Aquisiçao de participação acionária | C58: -1415225 | D58: 0 | F58: =C58-D58 -> -1415225 | H58: Investments | I58: =C58 -> -1415225 | J58: =D58 -> 0 | L58: =I58-C58 -> 0 | M58: =J58-D58 -> 0
B59: Alienação de participação acionária | C59: 462362 | D59: 0 | F59: =C59-D59 -> 462362 | H59: Caixa acquired a business combination | I59: =C59 -> 462362 | J59: =D59 -> 0
B60: Dividendos recebidos | C60: 196205 | D60: 0 | F60: =C60-D60 -> 196205 | H60: Received dividends | I60: =C60 -> 196205 | J60: =D60 -> 0 | L60: =I60-C60 -> 0 | M60: =J60-D60 -> 0
B61: Caixa utilizado nas atividades de financiamentos | C61: =SUM(C62:C70) -> 2031112 | D61: =SUM(D62:D70) -> -1075710 | F61: =C61-D61 -> 3106822 | H61: Cash used in financing activities | I61: =C61 -> 2031112 | J61: =D61 -> -1075710 | L61: =I61-C61 -> 0 | M61: =J61-D61 -> 0
B62: Adições Empréstimos e Debêntures | C62: 6285083 | D62: 2007347 | F62: =C62-D62 -> 4277736 | H62: New loans and debentures | I62: =C62 -> 6285083 | J62: =D62 -> 2007347 | L62: =I62-C62 -> 0 | M62: =J62-D62 -> 0
B63: Pagamentos Empréstimos e Debêntures (principal) | C63: -3769540 | D63: -1030172 | F63: =C63-D63 -> -2739368 | H63: Loan and debentures payments (principal) | I63: =C63 -> -3769540 | J63: =D63 -> -1030172 | L63: =I63-C63 -> 0 | M63: =J63-D63 -> 0
B64: Pagamentos Empréstimos e Debêntures (juros) | C64: -926199 | D64: -719616 | F64: =C64-D64 -> -206583 | H64: Loan and debentures payments (interest) | I64: =C64 -> -926199 | J64: =D64 -> -719616 | L64: =I64-C64 -> 0 | M64: =J64-D64 -> 0
B65: Pagamentos Arrendamento Mercantil (principal e juros) | C65: -18107 | D65: -11094 | F65: =C65-D65 -> -7013 | H65: Lease Payments (principal and interest) | I65: =C65 -> -18107 | J65: =D65 -> -11094 | L65: =I65-C65 -> 0 | M65: =J65-D65 -> 0
B66: Pagamentos Arrendamento Mercantil (juros) | C66: 0 | D66: 0 | F66: =C66-D66 -> 0 | H66: Lease Payments (interest) | I66: =C66 -> 0 | J66: =D66 -> 0 | L66: =I66-C66 -> 0 | M66: =J66-D66 -> 0
B67: Instrumentos financeiros derivativos | C67: -55498 | D67: 13660 | F67: =C67-D67 -> -69158 | H67: Derivative instruments | I67: =C67 -> -55498 | J67: =D67 -> 13660 | L67: =I67-C67 -> 0 | M67: =J67-D67 -> 0
B68: Integralização de capital | C68: 1200000 | D68: 0 | F68: =C68-D68 -> 1200000
B69: Custo da emissão de ações | C69: -20837 | D69: 0 | F69: =C69-D69 -> -20837 | H69: Capital payment | I69: =C69 -> -20837 | J69: =D69 -> 0 | L69: =I69-C69 -> 0 | M69: =J69-D69 -> 0
B70: Dividendos e juros sobre capital próprios pagos | C70: -663790 | D70: -1335835 | F70: =C70-D70 -> 672045 | H70: Paid dividends and interest on equity | I70: =C70 -> -663790 | J70: =D70 -> -1335835 | L70: =I70-C70 -> 0 | M70: =J70-D70 -> 0
B71: Aumento (redução) líquido em caixa e equivalentes de caixa | C71: =C52+C53+C61 -> -914326.3 | D71: =D52+D53+D61 -> -2195571.1 | F71: =C71-D71 -> 1281244.8 | H71: Net variation in Cash and Cash Equivalents | I71: =C71 -> -914326.3 | J71: =D71 -> -2195571.1 | L71: =I71-C71 -> 0 | M71: =J71-D71 -> 0
B72: Caixa e equivalentes de caixa no início do exercício | C72: 1356062 | D72: 2914747 | F72: =C72-D72 -> -1558685 | H72: Opening Balance of Cash and Cash Equivalents | I72: =C72 -> 1356062 | J72: =D72 -> 2914747 | L72: =I72-C72 -> 0 | M72: =J72-D72 -> 0
B73: Caixa e equivalentes de caixa no final do exercício | C73: 441736 | D73: 719176 | F73: =C73-D73 -> -277440 | H73: Closing Balance of Cashand Cash Equivalents | I73: =C73 -> 441736 | J73: =D73 -> 719176 | L73: =I73-C73 -> 0 | M73: =J73-D73 -> 0
B74: Variação em caixa e equivalentes de caixa | C74: =C73-C72 -> -914326 | D74: =D73-D72 -> -2195571 | F74: =C74-D74 -> 1281245 | H74: Closing Balance of Cash and Cash Equivalents | I74: =C74 -> -914326 | J74: =D74 -> -2195571 | L74: =I74-C74 -> 0 | M74: =J74-D74 -> 0
B76: Check | C76: 0 | D76: 0
B77: Check | C77: =C71-C74 -> -0.29894999 | D77: =D71-D74 -> -0.13209001
B78: Check | C78: 0 | D78: 0

Sheet Balanço Reg
B2: #VALUE!
C3: Mês: | D3: 46295
C4: Trim: | D4: 3T26
B7: Português | H7: Inglês
B9: BALANÇO REGULATÓRIO
B11: Ativo | C11: Consolidado | H11: Assets | I11: Consolidated
B12: (R$ mil) | C12: 46295 | D12: 45930 | H12: (R$ thousand) | I12: 46295 | J12: 45930
B13: CIRCULANTE | H13: CURRENT
B14: Caixa e equivalentes de caixa | C14: 441736 | D14: 1356062 | G14: Cash and Cash Equivalents | H14: Cash and Cash Equivalents | I14: =C14 -> 441736 | J14: =D14 -> 1356062
B15: Aplicações financeiras | C15: 2526363 | D15: 808924 | G15: Financial Investments | H15: Financial Investments | I15: =C15 -> 2526363 | J15: =D15 -> 808924
B16: Contas a Receber - Concessionárias e Permissionárias | C16: 604510 | D16: 469745 | G16: Accounts Receivable | H16: Accounts receivable - Concessionaires and Permissionaires | I16: =C16 -> 604510 | J16: =D16 -> 469745
B17: Estoques | C17: 119313 | D17: 48054 | G17: Inventory | H17: Inventory | I17: =C17 -> 119313 | J17: =D17 -> 48054
B18: Serviços em Curso | C18: 0 | D18: 0 | G18: Services in course | H18: Services in course | I18: =C18 -> 0 | J18: =D18 -> 0
B19: Tributos e contribuições a compensar | C19: 295197 | D19: 229311 | G19: Recoverable taxes and contributions | H19: Recoverable taxes and contributions | I19: =C19 -> 295197 | J19: =D19 -> 229311
B20: Instrumentos financeiros derivativos | C20: 0 | D20: 37384 | G20: Derivative instruments | H20: Derivative instruments | I20: =C20 -> 0 | J20: =D20 -> 37384
B21: Créditos com partes relacionadas | C21: 3586.7321 | D21: 126060.73 | G21: Credit with controlled | H21: Credit with controlled parties | I21: =C21 -> 3586.7321 | J21: =D21 -> 126060.73
B22: Despesas pagas antecipadamente | C22: 39404 | D22: 6061 | G22: Prepaid Expenses | H22: Prepaid Expenses | I22: =C22 -> 39404 | J22: =D22 -> 6061
B23: Caixa restrito | C23: 0 | D23: 0 | G23: Restricted cash | H23: Restricted cash | I23: =C23 -> 0 | J23: =D23 -> 0
B24: Outros | C24: 391357 | D24: 165619 | G24: Others | H24: Others | I24: =C24 -> 391357 | J24: =D24 -> 165619
C25: =SUM(C14:C24) -> 4421466.7 | D25: =SUM(D14:D24) -> 3247220.7 | I25: =C25 -> 4421466.7 | J25: =D25 -> 3247220.7
B26: NÃO CIRCULANTE | H26: NON-CURRENT
B27: Realizável a longo prazo | H27: Long-Term Assets
B28: Caixa restrito | C28: 79403 | D28: 18888 | G28: Restricted cash | H28: Restricted cash | I28: =C28 -> 79403 | J28: =D28 -> 18888
B29: Contas a receber - Concessionárias e Permissionárias | C29: 147036 | D29: 205383 | G29: Accounts Receivable | H29: Accounts receivable - Concessionaires and Permissionaires | I29: =C29 -> 147036 | J29: =D29 -> 205383
B30: Valores a receber - Secretaria da Fazenda | C30: 2874979 | D30: 2760806 | G30: Accounts Receivable from the State Finance Secretariat | H30: Accounts Receivable from the State Finance Secretariat | I30: =C30 -> 2874979 | J30: =D30 -> 2760806
B31: Imposto de Renda e Contribuição Social Diferidos | C31: 0 | D31: 0 | G31: Defered taxes | H31: Deferred income taxes and social contribution | I31: =C31 -> 0 | J31: =D31 -> 0
B32: Cauções e depósitos vinculados | C32: 46551 | D32: 46049 | G32: Pledges and Escrow | H32: Pledges and Escrow | I32: =C32 -> 46551 | J32: =D32 -> 46049
B33: Créditos com controladas | C33: 0 | D33: 0 | G33: Credits with Subsidiaries | H33: Credits with Subsidiaries | I33: =C33 -> 0 | J33: =D33 -> 0
B34: Instrumentos financeiros derivativos | C34: 60469 | D34: 20406 | G34: Derivative financial instruments | H34: Derivative financial instruments | I34: =C34 -> 60469 | J34: =D34 -> 20406
B35: Outros | C35: 105299 | D35: 76525 | G35: Others | H35: Others | I35: =C35 -> 105299 | J35: =D35 -> 76525
C36: =SUM(C28:C35) -> 3313737 | D36: =SUM(D28:D35) -> 3128057 | I36: =C36 -> 3313737 | J36: =D36 -> 3128057
B37: Investimentos | C37: 43159 | D37: 1366474 | G37: Investments | H37: Investments | I37: =C37 -> 43159 | J37: =D37 -> 1366474
B38: Imobilizado | C38: 25850576 | D38: 20832086 | G38: Imobilized Assets | H38: Imobilized | I38: =C38 -> 25850576 | J38: =D38 -> 20832086
B39: Intangível | C39: 4321430 | D39: 1819316 | G39: Intangible Assets | H39: Intangible | I39: =C39 -> 4321430 | J39: =D39 -> 1819316
C40: =SUM(C37:C39) -> 30215165 | D40: =SUM(D37:D39) -> 24017876 | I40: =C40 -> 30215165 | J40: =D40 -> 24017876
C41: =C40+C36 -> 33528902 | D41: =D40+D36 -> 27145933 | I41: =C41 -> 33528902 | J41: =D41 -> 27145933
B42: Total do Ativo | C42: =C41+C25 -> 37950369 | D42: =D41+D25 -> 30393154 | H42: Total Assets | I42: =C42 -> 37950369 | J42: =D42 -> 30393154
B44: Passivo e Patrimônio Líquido | C44: Consolidado | H44: Liabilities and Shareholders' Equity | I44: Consolidated
B45: (R$ mil) | C45: =C12 -> 46295 | D45: =D12 -> 45930 | H45: (R$ thousand) | I45: =I12 -> 46295 | J45: =J12 -> 45930
B46: CIRCULANTE | H46: CURRENT
B47: Empréstimos e financiamentos | C47: 257762 | D47: 90082 | G47: Loans and Financing | H47: Loans and Financing | I47: =C47 -> 257762 | J47: =D47 -> 90082
B48: Debêntures | C48: 373220 | D48: 496001 | G48: Bonds | H48: Debentures | I48: =C48 -> 373220 | J48: =D48 -> 496001
B49: Arrendamento | C49: 16721 | D49: 18677 | G49: Leasing | H49: Leasing | I49: =C49 -> 16721 | J49: =D49 -> 18677
B50: Instrumentos financeiros derivativos | C50: 9212 | D50: 2916 | G50: Derivative Instruments | H50: Derivative financial instruments | I50: =C50 -> 9212 | J50: =D50 -> 2916
B51: Fornecedores | C51: 252087.73 | D51: 254341.73 | G51: Suppliers | H51: Suppliers | I51: =C51 -> 252087.73 | J51: =D51 -> 254341.73
B52: Tributos e encargos sociais a recolher | C52: 269226 | D52: 213752 | G52: Taxes, Fees and Contributions | H52: Taxes and social charges to be collected | I52: =C52 -> 269226 | J52: =D52 -> 213752
B53: Imposto de renda e contribuição social diferidos | C53: 0 | D53: 0 | G53: Regulatory Charges | H53: Deferred Income Tax and Social Contribution | I53: =C53 -> 0 | J53: =D53 -> 0
B54: Encargos regulatórios a recolher | C54: 50880 | D54: 66723 | G54: Defered income taxes and social contribution | H54: Regulatory charges to be collected | I54: =C54 -> 50880 | J54: =D54 -> 66723
B55: Juros sobre capital próprio e dividendos a pagar | C55: 419812 | D55: 422540 | G55: Interest on Shareholders' Equity | H55: Interest on Shareholders' Equity / Dividends to pay | I55: =C55 -> 419812 | J55: =D55 -> 422540
B56: Obrigações trabalhistas | C56: 93802 | D56: 79962 | G56: Provisions | H56: Provisions | I56: =C56 -> 93802 | J56: =D56 -> 79962
A57: Valores a pagar – Funcesp | B57: Valores a pagar – Vivest | C57: 834 | D57: 1335 | G57: Amounts Payable - Fundação CESP | H57: Amounts Payable - Funcesp | I57: =C57 -> 834 | J57: =D57 -> 1335
B58: Provisões - Capex | C58: 303879 | D58: 210460.41 | H58: Capex - Provisions | I58: =C58 -> 303879 | J58: =D58 -> 210460.41
B59: Outros | C59: 14227 | D59: 30298.587 | G59: Others | H59: Others | I59: =C59 -> 14227 | J59: =D59 -> 30298.587
C60: =SUM(C47:C59) -> 2061662.7 | D60: =SUM(D47:D59) -> 1887088.7 | I60: =C60 -> 2061662.7 | J60: =D60 -> 1887088.7
B61: NÃO CIRCULANTE | H61: NON-CURRENT
B62: Exigível a longo prazo | H62: Long-Term Liabilities
B63: Empréstimos e financiamentos | C63: 1035325 | D63: 669117 | G63: Loans and Financing | H63: Loans and Financing | I63: =C63 -> 1035325 | J63: =D63 -> 669117
B64: Debêntures | C64: 18096273 | D64: 14696513 | G64: Bonds | H64: Debentures | I64: =C64 -> 18096273 | J64: =D64 -> 14696513
B65: Arrendamento | C65: 26086 | D65: 36959 | G65: Leasing | H65: Leasing | I65: =C65 -> 26086 | J65: =D65 -> 36959
B66: Instrumentos financeiros derivativos | C66: 15163 | D66: 17312 | G66: Derivative Instruments | H66: Derivative financial instruments | I66: =C66 -> 15163 | J66: =D66 -> 17312
B67: Fornecedores | C67: 3868 | D67: 3456 | G67: Suppliers | H67: Suppliers | I67: =C67 -> 3868 | J67: =D67 -> 3456
B68: Benefício a Empregados - Déficit Atuarial | C68: 0 | D68: 0 | G68: Employee Benefit - Actuarial Deficit | H68: Employee Benefit - Actuarial Deficit | I68: =C68 -> 0 | J68: =D68 -> 0
B69: PIS e COFINS diferidos | C69: 20717 | D69: 25773 | G69: Diferred PIS and COFINS | H69: Diferred PIS and COFINS | I69: =C69 -> 20717 | J69: =D69 -> 25773
B70: Imposto de renda e contribuição social diferidos | C70: 2246491 | D70: 1524834 | G70: Defered income taxes and social contribution | H70: Deferred income taxes and social contribution | I70: =C70 -> 2246491 | J70: =D70 -> 1524834
B71: Encargos Regulatórios a recolher | C71: 66391 | D71: 35404 | G71: Regulatory Charges | H71: Regulatory charges to be collected | I71: =C71 -> 66391 | J71: =D71 -> 35404
A72: Provisões | B72: Provisões judiciais | C72: 175410 | D72: 157457 | G72: Provisions | H72: Provisions | I72: =C72 -> 175410 | J72: =D72 -> 157457
B73: Reserva Global de Reversão - RGR | C73: 0 | D73: 0 | G73: Global Reversal Reserve - RGR | H73: Global Reversal Reserve - RGR | I73: =C73 -> 0 | J73: =D73 -> 0
B74: Obrigações vinculadas à concessão do serviço | C74: 891705 | D74: 850307 | G74: Obligations connected to concession service | H74: Obligations connected to concession service | I74: =C74 -> 891705 | J74: =D74 -> 850307
B75: Outros | C75: 396 | D75: 334 | G75: Others | H75: Others | I75: =C75 -> 396 | J75: =D75 -> 334
C76: =SUM(C63:C75) -> 22577825 | D76: =SUM(D63:D75) -> 18017466 | I76: =C76 -> 22577825 | J76: =D76 -> 18017466
B77: PATRIMÔNIO LÍQUIDO | H77: SHAREHOLDER'S EQUITY
B78: Capital social | C78: 4790020 | D78: 3590020 | G78: Share Capital | H78: Share Capital | I78: =C78 -> 4790020 | J78: =D78 -> 3590020
B79: Custo emissão ações | C79: -20837 | D79: 0
B80: Reservas de capital | C80: 666 | D80: 666 | G80: Capital Reserves | H80: Capital Reserves | I80: =C80 -> 666 | J80: =D80 -> 666
B81: Reservas de lucro | C81: 5618242 | D81: 3742461 | G81: Income Reserves | H81: Income Reserves | I81: =C81 -> 5618242 | J81: =D81 -> 3742461
B82: Reserva de Reavaliação | C82: 2374108 | D82: 2493015 | G82: Reavaluation Reserves | H82: Revaluation reserve | I82: =C82 -> 2374108 | J82: =D82 -> 2493015
B83: Outros Resultados Abrangentes | C83: 88362 | D83: 97571 | G83: Other Comprehensive Results | H83: Other Comprehensive Results | I83: =C83 -> 88362 | J83: =D83 -> 97571
B84: Dividendos adicionais propostos | C84: 279322 | D84: 279322 | G84: Additional Dividends Proposed | H84: Additional Dividends Proposed | I84: =C84 -> 279322 | J84: =D84 -> 279322
C85: =SUM(C78:C84) -> 13129883 | D85: =SUM(D78:D84) -> 10203055 | I85: =C85 -> 13129883 | J85: =D85 -> 10203055
B86: Participação de não controladores nos fundos de investimentos | C86: 180998 | D86: 285544 | G86: Monority Interest | H86: Non-controlling shareholders' share of investment funds | I86: =C86 -> 180998 | J86: =D86 -> 285544
C87: =C85+C86 -> 13310881 | D87: =D85+D86 -> 10488599 | I87: =C87 -> 13310881 | J87: =D87 -> 10488599
B88: Total do Passivo e do Patrimônio Líquido | C88: =C87+C76+C60 -> 37950369 | D88: =D87+D76+D60 -> 30393154 | H88: Total Liabilities and Shareholders' Equity | I88: =C88 -> 37950369 | J88: =D88 -> 30393154
B90: Check Ativo | C90: 0 | D90: 0
B91: Check Passivo | C91: 0 | D91: 0
B92: Check | C92: =C88-C42 -> 0 | D92: =D88-D42 -> 0
B94: VPA REG: | C94: =C85*1000/658883304 -> 19.927479 | D94: =D85*1000/658883304 -> 15.485375

Sheet Dívida_Consolidado
B2: #VALUE!
C3: Mês: | D3: 46295
C4: Trim: | D4: 3T26
B7: Português | J7: Inglês
B9: Fontes | C9: Encargos | D9: Vencimentos | E9: 46295 | F9: 46112 | J9: Funding | K9: Charges | L9: Maturity | M9: =E9 -> 46295 | N9: =F9 -> 46112
B10: BNDES | J10: BNDES
A11: BNDES | C11: TJLP + 1,80% | D11: 47192 | E11: 52.991427 | F11: 62.210407 | K11: TJLP + 1.80% | L11: =D11 -> 47192 | M11: =E11 -> 52.991427 | N11: =F11 -> 62.210407
A12: BNDES | C12: TJLP + 2,62% | D12: 48288 | E12: 116.46209 | F12: 124.88131 | K12: TJLP + 2.62% | L12: =D12 -> 48288 | M12: =E12 -> 116.46209 | N12: =F12 -> 124.88131
A13: BNDES | C13: TLP + 2,01% | D13: 51850 | E13: 480.29415 | F13: 481.97133 | K13: TLP + 2.01% | L13: =D13 -> 51850 | M13: =E13 -> 480.29415 | N13: =F13 -> 481.97133
B14: Debêntures - ISA ENERGIA BRASIL | J14: ISA ENERGIA BRASIL - Debentures
A15: =LEFT(C15,4) -> IPCA | B15: 7ª Emissão | C15: IPCA + 4,70% | D15: 45762 | E15: 0 | F15: 0 | J15: 7th Issuance | K15: IPCA + 4.70% | L15: =D15 -> 45762 | M15: =E15 -> 0 | N15: =F15 -> 0
A16: =LEFT(C16,4) -> IPCA | B16: 8ª Emissão | C16: IPCA + 3,50% | D16: 47467 | E16: 590.27582 | F16: 576.86095 | J16: 8th Issuance | K16: IPCA + 3.50% | L16: =D16 -> 47467 | M16: =E16 -> 590.27582 | N16: =F16 -> 576.86095
A17: =LEFT(C17,4) -> CDI | B17: 9ª Emissão | C17: CDI + 2,83% | D17: 47072 | E17: 28.953857 | F17: 25.970637 | J17: 9th Issuance | K17: CDI + 2,83% | L17: =D17 -> 47072 | M17: =E17 -> 28.953857 | N17: =F17 -> 25.970637
A18: =LEFT(C18,4) -> IPCA | B18: 9ª Emissão | C18: IPCA + 5,30% | D18: 52732 | E18: 900.9447 | F18: 900.7379 | J18: 9th Issuance | K18: IPCA + 5,30% | L18: =D18 -> 52732 | M18: =E18 -> 900.9447 | N18: =F18 -> 900.7379
A19: =LEFT(C19,4) -> IPCA | B19: 10ª Emissão | C19: IPCA + 5,07% | D19: 45855 | E19: 920.76654 | F19: 925.63099 | J19: 10th Issuance | K19: IPCA + 5,07% | L19: =D19 -> 45855 | M19: =E19 -> 920.76654 | N19: =F19 -> 925.63099
A20: =LEFT(C20,4) -> IPCA | B20: 11ª Emissão | C20: IPCA + 5,77% | D20: 48136 | E20: 856.02169 | F20: 837.40006 | J20: 11th Issuance | K20: IPCA + 5,77% | L20: =D20 -> 48136 | M20: =E20 -> 856.02169 | N20: =F20 -> 837.40006
A21: =LEFT(C21,4) -> IPCA | B21: 11ª Emissão | C21: IPCA + 5,86% | D21: 51058 | E21: 352.29496 | F21: 344.57513 | J21: 11st Issuance | K21: IPCA + 5,86% | L21: =D21 -> 51058 | M21: =E21 -> 352.29496 | N21: =F21 -> 344.57513
A22: =LEFT(C22,4) -> CDI | B22: 12ª Emissão | C22: CDI + 1,55% | D22: 47222 | E22: -2.4028122e-13 | F22: -2.4028122e-13 | J22: 12nd Issuance | K22: CDI + 1,55% | L22: =D22 -> 47222 | M22: =E22 -> -2.4028122e-13 | N22: =F22 -> -2.4028122e-13
A23: =LEFT(C23,4) -> CDI | B23: 13ª Emissão | C23: CDI + 1,50% | D23: 47557 | E23: 4.1385618 | F23: -38.289937 | J23: 13rd Issuance | K23: CDI + 1,55% | L23: =D23 -> 47557 | M23: =E23 -> 4.1385618 | N23: =F23 -> -38.289937
A24: =LEFT(C24,4) -> IPCA | B24: 14ª Emissão | C24: IPCA + 6,26% | D24: 48867 | E24: 890.95688 | F24: 871.36148 | J24: 14th Issuance | K24: =C24 -> IPCA + 6,26% | L24: =D24 -> 48867 | M24: =E24 -> 890.95688 | N24: =F24 -> 871.36148
A25: =LEFT(C25,4) -> IPCA | B25: 14ª Emissão | C25: IPCA + 6,44% | D25: 50693 | E25: 1249.9517 | F25: 1222.3429 | J25: 14th Issuance | K25: =C25 -> IPCA + 6,44% | L25: =D25 -> 50693 | M25: =E25 -> 1249.9517 | N25: =F25 -> 1222.3429
A26: =LEFT(C26,4) -> CDI | B26: 15ª Emissão | C26: CDI + 1,55% | D26: 47192 | E26: 6.0805615 | F26: -34.912584 | J26: 15th Issuance | K26: =C26 -> CDI + 1,55% | L26: =D26 -> 47192 | M26: =E26 -> 6.0805615 | N26: =F26 -> -34.912584
A27: =LEFT(C27,4) -> CDI | B27: 15ª Emissão | C27: CDI + 1,50% | D27: 47922 | E27: 24.95386 | F27: -4.6804796 | J27: 15th Issuance | K27: =C27 -> CDI + 1,50% | L27: =D27 -> 47922 | M27: =E27 -> 24.95386 | N27: =F27 -> -4.6804796
A28: =LEFT(C28,4) -> CDI | B28: 15ª Emissão | C28: CDI + 1,55% | D28: 49018 | E28: 0 | F28: -1.1832664 | J28: 15th Issuance | K28: =C28 -> CDI + 1,55% | L28: =D28 -> 49018 | M28: =E28 -> 0 | N28: =F28 -> -1.1832664
A29: =LEFT(C29,4) -> CDI | B29: 16ª Emissão | C29: CDI + 1,50% | D29: 47557 | E29: 0 | F29: -27.319983 | J29: 16th Issuance | K29: =C29 -> CDI + 1,50% | L29: =D29 -> 47557 | M29: =E29 -> 0 | N29: =F29 -> -27.319983
A30: =LEFT(C30,4) -> IPCA | B30: 17ª Emissão | C30: IPCA + 6,71% | D30: 49963 | E30: 1237.9504 | F30: 1176.2809 | J30: 17th Issuance | K30: =C30 -> IPCA + 6,71% | L30: =D30 -> 49963 | M30: =E30 -> 1237.9504 | N30: =F30 -> 1176.2809
A31: =LEFT(C31,4) -> IPCA | B31: 17ª Emissão | C31: IPCA + 6,61% | D31: 51058 | E31: 801.99771 | F31: 784.2813 | J31: 17th Issuance | K31: =C31 -> IPCA + 6,61% | L31: =D31 -> 51058 | M31: =E31 -> 801.99771 | N31: =F31 -> 784.2813
A32: =LEFT(C32,4) -> IPCA | B32: 18ª Emissão | C32: IPCA + 7,41% | D32: 12298 | E32: 524.43563 | F32: 513.32411 | J32: 18th Issuance | K32: =C32 -> IPCA + 7,41% | L32: =D32 -> 12298 | M32: =E32 -> 524.43563 | N32: =F32 -> 513.32411
A33: CDI | B33: 18ª Emissão | C33: IPCA + 7,41% | Swap CDI - (0,60%) | D33: 12206 | E33: 927.69827 | F33: 909.10196 | J33: 18th Issuance | K33: =C33 -> IPCA + 7,41% | Swap CDI - (0,60%) | L33: =D33 -> 12206 | M33: =E33 -> 927.69827 | N33: =F33 -> 909.10196
A34: =LEFT(C34,4) -> IPCA | B34: 19ª Emissão | C34: IPCA+6,70% | D34: 12936 | E34: 632.75586 | F34: 600.2099 | J34: 19th Issuance | K34: =C34 -> IPCA+6,70% | L34: =D34 -> 12936 | M34: =E34 -> 632.75586 | N34: =F34 -> 600.2099
A35: =LEFT(C35,4) -> IPCA | B35: 20ª Emissão | C35: IPCA + 6,66% | D35: 50328 | E35: 1027.3197 | F35: 1003.2776 | J35: 20th Issuance | K35: =C35 -> IPCA + 6,66% | L35: =D35 -> 50328 | M35: =E35 -> 1027.3197 | N35: =F35 -> 1003.2776
A36: =LEFT(C36,4) -> IPCA | B36: 20ª Emissão | C36: IPCA + 6,64% | D36: 51424 | E36: 1019.4542 | F36: 995.53138 | J36: 20th Issuance | K36: =C36 -> IPCA + 6,64% | L36: =D36 -> 51424 | M36: =E36 -> 1019.4542 | N36: =F36 -> 995.53138
A37: CDI | B37: 21ª Emissão | C37: CDI + 0,55% | D37: 47498 | E37: 858.13755 | F37: 848.54378 | J37: 21st Issuance | K37: =C37 -> CDI + 0,55% | L37: =D37 -> 47498 | M37: =E37 -> 858.13755 | N37: =F37 -> 848.54378
A38: CDI | B38: 21ª Emissão | C38: CDI +0,60% | D38: 47863 | E38: 744.53449 | F38: 736.57813 | J38: 21st Issuance | K38: =C38 -> CDI +0,60% | L38: =D38 -> 47863 | M38: =E38 -> 744.53449 | N38: =F38 -> 736.57813
A39: CDI | B39: 21ª Emissão | C39: CDI + 0,84% | D39: 49324 | E39: 2362.3358 | F39: 2337.7982 | J39: 21st Issuance | K39: =C39 -> CDI + 0,84% | L39: =D39 -> 49324 | M39: =E39 -> 2362.3358 | N39: =F39 -> 2337.7982
A40: =LEFT(C40,4) -> IPCA | B40: 22ª Emissão | C40: IPCA + 6,4618% | D40: 51575 | E40: 725.73628 | F40: 0 | N40: =F40 -> 0
A41: =LEFT(C41,4) -> IPCA | B41: 22ª Emissão | C41: IPCA + 6,4618% | D41: 51575 | E41: 241.91209 | F41: 0 | N41: =F41 -> 0
A42: CDI | B42: 23ª Emissão | C42: CDI + 0,42% | D42: 47679 | E42: 1539.8864 | F42: 0 | N42: =F42 -> 0
B43: Arrendamento Mercantil | C43: - | E43: 41.758174 | F43: 46.7314 | J43: Leasing | K43: - | L43: - | M43: =E43 -> 41.758174 | N43: =F43 -> 46.7314
B44: Total Dívida Bruta ISA ENERGIA BRASIL | E44: =SUM(E11:E43) -> 19160.999 | F44: 16222.271 | J44: ISA ENERGIA BRASIL Total Gross Debt | M44: =E44 -> 19160.999 | N44: =F44 -> 16222.271
B46: Fontes | C46: Encargos | D46: Vencimentos | E46: 46295 | F46: 46112 | J46: Funding | K46: Charges | L46: Maturity | M46: =E46 -> 46295 | N46: =F46 -> 46112
A47: Outros | B47: IENNE | C47: 8,50% a.a. | D47: 47622 | E47: 65.256892 | F47: 73.45528 | J47: IENNE | K47: 8.5% | L47: =D47 -> 47622 | M47: =E47 -> 65.256892 | N47: =F47 -> 73.45528
A48: TJLP | B48: IE MADEIRA | C48: TJLP + 2,42% a.a. | D48: 47529 | E48: 384.61227 | F48: 0
A49: TJLP | B49: IE MADEIRA | C49: TJLP | D49: 47529 | E49: 3.1258387 | F49: 0
A50: Outros | B50: IE MADEIRA | C50: 8,50% a.a. | D50: 48589 | E50: 190.22495 | F50: 0
B51: Arrendamento Mercantil | C51: - | D51: - | E51: 1.0490964 | F51: 1.135456 | J51: Leasing | K51: - | L51: =D51 -> - | M51: =E51 -> 1.0490964 | N51: =F51 -> 1.135456
B52: Total Dívida Bruta Subsidiária | E52: =SUM(E47:E51) -> 644.26905 | F52: 74.589787 | J52: Subsidiaries Total Gross Debt | M52: =E52 -> 644.26905 | N52: =F52 -> 74.589787
B53: Total Dívida Bruta Consolidado | E53: =SUM(E44+E52) -> 19805.268 | F53: 16296.861 | J53: Consolidated Total Gross Debt (R$ thousand) | M53: =E53 -> 19805.268 | N53: =F53 -> 16296.861
B57: Indexação Dívida: | C57: =D4 -> 3T26
B58: Dívida | C58: R$ | D58: %
B59: TJLP/TLP | C59: =C60+C61 -> 1037.4858 | D59: =C59/$C$65 -> 0.052497802
A60: TJLP | B60: TJLP/TLP | C60: =SUMIF($A$11:$A$51,A60,$E$11:$E$51) -> 387.73811 | D60: =C60/$C$65 -> 0.01961993
A61: BNDES | B61: BNDES | C61: =SUMIF($A$11:$A$51,A61,$E$11:$E$51) -> 649.74766
A62: IPCA | B62: Debêntures - IPCA | C62: =SUMIF($A$11:$A$51,A62,$E$11:$E$51) -> 11972.774 | D62: =C62/$C$65 -> 0.60583417
A63: CDI | B63: Debêntures - CDI | C63: =SUMIF($A$11:$A$51,A63,$E$11:$E$51) -> 6496.7193 | D63: =C63/$C$65 -> 0.3287404
A64: Outros | B64: Outros | C64: =SUMIF($A$11:$A$51,A64,$E$11:$E$51) -> 255.48184 | D64: =C64/$C$65 -> 0.012927633
B65: Total ex arrendamento | C65: =SUM(C62:C64)+C59 -> 19762.461 | D65: =C65/$C$65 -> 1
C66: =ROUND(E53-C65-E43-E51,0) -> 0

Sheet Dívida_Coligadas
B2: #VALUE!
C3: Mês: | D3: 46295 | F3: →Menu←
C4: Trim: | D4: 3T26
B7: Português | J7: Inglês
B9: Empresa | C9: Fontes | D9: Encargos (a.a.) | E9: Término da Garantia | F9: Saldo garantido pela ISA ENERGIA BRASIL | G9: Saldo total devedor | J9: Company | K9: Bank | L9: Charges (per year) | M9: Final Maturity | N9: Amount guaranteed by ISA ENERGIA BRASIL | O9: Total Amount Owed
G10: 46295 | O10: 46295
B11: IE IVAÍ (50% ISA ENERGIA BRASIL) | J11: =B11 -> IE IVAÍ (50% ISA ENERGIA BRASIL)
A12: IEIVAI | C12: ITAÚ BBA | D12: IPCA + 4,9982% | E12: 52580 | F12: 1169.4475 | G12: =F12/50% -> 2338.8949 | K12: ITAÚ BBA | L12: IPCA + 5.0% | M12: 12/15/2043 | N12: =F12 -> 1169.4475 | O12: =G12 -> 2338.8949
B13: Dívida Bruta | F13: =SUM(F12) -> 1169.4475 | G13: =SUM(G12) -> 2338.8949 | J13: Gross Debt | N13: =F13 -> 1169.4475 | O13: =G13 -> 2338.8949
B14: Disponibilidades | F14: =$G$14*50% -> 50.6005 | G14: 101.201 | J14: Availability | N14: =F14 -> 50.6005 | O14: =G14 -> 101.201
B15: Dívida Líquida | F15: =+F13-F14 -> 1118.847 | G15: =+G13-G14 -> 2237.6939 | J15: Net Debt | N15: =F15 -> 1118.847 | O15: =G15 -> 2237.6939
B16: IE AIMORÉS (50% ISA ENERGIA BRASIL) | J16: IE AIMORÉS (50% ISA ENERGIA BRASIL)
A17: IEAIMORÉS | C17: BRADESCO | D17: CDI + 0,50% a.a. | E17: 47649 | F17: 208.81251 | G17: 100.5 | K17: BRADESCO | L17: CDI + 0.50% a.a. | M17: 47649 | N17: =F17 -> 208.81251 | O17: =G17 -> 100.5
A18: IEAIMORÉS | C18: BRADESCO | D18: CDI + 0,59% a.a. | E18: 48380 | F18: 50.917362 | G18: 24.5 | K18: BRADESCO | L18: CDI + 0.59% a.a. | M18: 48380 | N18: =F18 -> 50.917362 | O18: =G18 -> 24.5
B19: Dívida Bruta | F19: =SUM(F17:F18) -> 259.72987 | G19: =SUM(G17:G18) -> 125 | J19: Dívida Bruta | N19: =F19 -> 259.72987 | O19: =G19 -> 125
B20: Disponibilidades | F20: =$G$20*50% -> 9.5015 | G20: 19.003 | J20: Disponibilidades | N20: =F20 -> 9.5015 | O20: =G20 -> 19.003
B21: Dívida Líquida | F21: =+F19-F20 -> 250.22837 | G21: =+G19-G20 -> 105.997 | J21: Dívida Líquida | N21: =F21 -> 250.22837 | O21: =G21 -> 105.997
B22: IE PARAGUAÇU (50% ISA ENERGIA BRASIL) | J22: IE PARAGUAÇU (50% ISA ENERGIA BRASIL)
A23: IEPARAGUAÇU | C23: BRADESCO | D23: CDI + 0,50% a.a. | E23: 47649 | F23: 378.14802 | G23: 182 | K23: BRADESCO | L23: CDI + 0.50% a.a. | M23: 47649 | N23: =F23 -> 378.14802 | O23: =G23 -> 182
A24: IEPARAGUAÇU | C24: BRADESCO | D24: CDI + 0,59% a.a. | E24: 48380 | F24: 89.365166 | G24: 43 | K24: BRADESCO | L24: CDI + 0.59% a.a. | M24: 48380 | N24: =F24 -> 89.365166 | O24: =G24 -> 43
B25: Dívida Bruta | F25: =SUM(F23:F24) -> 467.51319 | G25: =SUM(G23:G24) -> 225 | J25: Dívida Bruta | N25: =F25 -> 467.51319 | O25: =G25 -> 225
B26: Disponibilidades | F26: =$G$26*50% -> 12.537 | G26: 25.074 | J26: Disponibilidades | N26: =F26 -> 12.537 | O26: =G26 -> 25.074
B27: Dívida Líquida | F27: =+F25-F26 -> 454.97619 | G27: =+G25-G26 -> 199.926 | J27: Dívida Líquida | N27: =F27 -> 454.97619 | O27: =G27 -> 199.926
B28: TOTAL Dívida Bruta | F28: =SUM(F13,F19,F25) -> 1896.6905 | G28: =SUM(G13,G19,G25) -> 2688.8949 | J28: TOTAL Gross Debt | N28: =F28 -> 1896.6905 | O28: =G28 -> 2688.8949
B29: TOTAL Dívida Líquida | F29: =SUM(F15,F21,F27) -> 1824.0515 | G29: =SUM(G15,G21,G27) -> 2543.6169 | J29: TOTAL Net Debt | N29: =F29 -> 1824.0515 | O29: =G29 -> 2543.6169

Sheet DRE IFRS
B2: #VALUE!
C3: Mês: | D3: 46295 | F3: →Menu←
C4: Trim: | D4: 3T26
B7: Português | M7: Inglês
B9: Demonstração de Resultado | C9: Consolidado | M9: Income Statement | N9: Consolidated
B10: (R$ milhões) | C10: 3T26 | D10: 3T25 | E10: Var (%) | F10: 9M26 | G10: 9M25 | H10: Var (%) | J10: vs Tri | K10: vs Acum | M10: (R$ thousand) | N10: 3Q26 | O10: 3Q25 | P10: Chg (%) | Q10: 9M26 | R10: 9M25 | S10: Chg (%)
B11: Receita Operacional Bruta | C11: =SUM(C12:C16) -> 2630.104 | D11: =SUM(D12:D16) -> 2881.875 | E11: =IFERROR(C11/D11-1,"N.A.") -> -0.087363609 | F11: =SUM(F12:F16) -> 8334.325 | G11: =SUM(G12:G16) -> 7195.637 | H11: =IFERROR(F11/G11-1,"N.A.") -> 0.158247 | J11: =C11-D11 -> -251.771 | K11: =F11-G11 -> 1138.688 | M11: Gross Operational Revenue | N11: =C11 -> 2630.104 | O11: =D11 -> 2881.875 | P11: =E11 -> -0.087363609 | Q11: =F11 -> 8334.325 | R11: =G11 -> 7195.637 | S11: =H11 -> 0.158247
B12: Receita de infraestrutura | C12: 1428.807 | D12: 1516.727 | E12: =IFERROR(C12/D12-1,"N.A.") -> -0.057966925 | F12: 4326.903 | G12: 4218.202 | H12: =IFERROR(F12/G12-1,"N.A.") -> 0.02576951 | J12: =C12-D12 -> -87.92 | K12: =F12-G12 -> 108.701 | L12: Infrastructure | M12: Infrastructure Revenue | N12: =C12 -> 1428.807 | O12: =D12 -> 1516.727 | P12: =E12 -> -0.057966925 | Q12: =F12 -> 4326.903 | R12: =G12 -> 4218.202 | S12: =H12 -> 0.02576951
B13: Receita bruta de Operação e Manutenção | C13: 464.007 | D13: 294.198 | E13: =IFERROR(C13/D13-1,"N.A.") -> 0.57719291 | F13: 1170.134 | G13: 945.691 | H13: =IFERROR(F13/G13-1,"N.A.") -> 0.23733228 | J13: =C13-D13 -> 169.809 | K13: =F13-G13 -> 224.443 | L13: O&M | M13: O&M Gross Revenue | N13: =C13 -> 464.007 | O13: =D13 -> 294.198 | P13: =E13 -> 0.57719291 | Q13: =F13 -> 1170.134 | R13: =G13 -> 945.691 | S13: =H13 -> 0.23733228
B14: Ganho de eficiência na implementação da infraestrutura | C14: 0 | D14: 0 | E14: =IFERROR(C14/D14-1,"N.A.") -> N.A. | F14: 0 | G14: 0 | H14: =IFERROR(F14/G14-1,"N.A.") -> N.A. | J14: =C14-D14 -> 0 | K14: =F14-G14 -> 0 | L14: Efficiency Gain in Infrastructure Implementation | M14: Efficiency Gain in Infrastructure Implementation | N14: =C14 -> 0 | O14: =D14 -> 0 | P14: =E14 -> N.A. | Q14: =F14 -> 0 | R14: =G14 -> 0 | S14: =H14 -> N.A.
B15: Remuneração dos ativos de concessão | C15: 726.595 | D15: 1060.844 | E15: =IFERROR(C15/D15-1,"N.A.") -> -0.31507837 | F15: 2807.607 | G15: 2003.448 | H15: =IFERROR(F15/G15-1,"N.A.") -> 0.40138751 | J15: =C15-D15 -> -334.249 | K15: =F15-G15 -> 804.159 | L15: Remuneration of concession assets | M15: Remuneration of concession assets | N15: =C15 -> 726.595 | O15: =D15 -> 1060.844 | P15: =E15 -> -0.31507837 | Q15: =F15 -> 2807.607 | R15: =G15 -> 2003.448 | S15: =H15 -> 0.40138751
B16: Outras Receitas | C16: 10.695 | D16: 10.106 | E16: =IFERROR(C16/D16-1,"N.A.") -> 0.058282209 | F16: 29.681 | G16: 28.296 | H16: =IFERROR(F16/G16-1,"N.A.") -> 0.048946848 | J16: =C16-D16 -> 0.589 | K16: =F16-G16 -> 1.385 | L16: Other Revenues | M16: Other Revenues | N16: =C16 -> 10.695 | O16: =D16 -> 10.106 | P16: =E16 -> 0.058282209 | Q16: =F16 -> 29.681 | R16: =G16 -> 28.296 | S16: =H16 -> 0.048946848
B17: Deduções à Receita Operacional | C17: -296.415 | D17: -322.904 | E17: =IFERROR(C17/D17-1,"N.A.") -> -0.082033669 | F17: -892.356 | G17: -791.752 | H17: =IFERROR(F17/G17-1,"N.A.") -> 0.12706504 | J17: =C17-D17 -> 26.489 | K17: =F17-G17 -> -100.604 | L17: Deductions from Operating Revenue | M17: Deductions from Operational Revenue | N17: =C17 -> -296.415 | O17: =D17 -> -322.904 | P17: =E17 -> -0.082033669 | Q17: =F17 -> -892.356 | R17: =G17 -> -791.752 | S17: =H17 -> 0.12706504
B18: Receita Operacional Líquida | C18: =(SUM(C17,C11)) -> 2333.689 | D18: =(SUM(D17,D11)) -> 2558.971 | E18: =IFERROR(C18/D18-1,"N.A.") -> -0.088036168 | F18: =(SUM(F17,F11)) -> 7441.969 | G18: =(SUM(G17,G11)) -> 6403.885 | H18: =IFERROR(F18/G18-1,"N.A.") -> 0.16210222 | J18: =C18-D18 -> -225.282 | K18: =F18-G18 -> 1038.084 | L18: Net Operating Revenue | M18: Net Operational Revenue | N18: =C18 -> 2333.689 | O18: =D18 -> 2558.971 | P18: =E18 -> -0.088036168 | Q18: =F18 -> 7441.969 | R18: =G18 -> 6403.885 | S18: =H18 -> 0.16210222
B19: Custos e Despesas Operacionais | C19: =((SUM(C20:C24))) -> -1339.8982 | D19: =((SUM(D20:D24))) -> -1396.3125 | E19: =IFERROR(C19/D19-1,"N.A.") -> -0.040402342 | F19: =((SUM(F20:F24))) -> -4040.5685 | G19: =((SUM(G20:G24))) -> -4028.2175 | H19: =IFERROR(F19/G19-1,"N.A.") -> 0.0030661187 | J19: =C19-D19 -> 56.414297 | K19: =F19-G19 -> -12.350993 | L19: Cost and Expenses | M19: Operational Costs and Expenses | N19: =C19 -> -1339.8982 | O19: =D19 -> -1396.3125 | P19: =E19 -> -0.040402342 | Q19: =F19 -> -4040.5685 | R19: =G19 -> -4028.2175 | S19: =H19 -> 0.0030661187
B20: Pessoal | C20: -140.639 | D20: -126.136 | E20: =IFERROR(C20/D20-1,"N.A.") -> 0.11497907 | F20: -468.718 | G20: -379.138 | H20: =IFERROR(F20/G20-1,"N.A.") -> 0.23627281 | J20: =C20-D20 -> -14.503 | K20: =F20-G20 -> -89.58 | L20: Personnel | M20: Personnel | N20: =C20 -> -140.639 | O20: =D20 -> -126.136 | P20: =E20 -> 0.11497907 | Q20: =F20 -> -468.718 | R20: =G20 -> -379.138 | S20: =H20 -> 0.23627281
B21: Material | C21: -382.768 | D21: -453.499 | E21: =IFERROR(C21/D21-1,"N.A.") -> -0.15596727 | F21: -1421.092 | G21: -1443.871 | H21: =IFERROR(F21/G21-1,"N.A.") -> -0.01577634 | J21: =C21-D21 -> 70.731 | K21: =F21-G21 -> 22.779 | L21: Materials | M21: Materials | N21: =C21 -> -382.768 | O21: =D21 -> -453.499 | P21: =E21 -> -0.15596727 | Q21: =F21 -> -1421.092 | R21: =G21 -> -1443.871 | S21: =H21 -> -0.01577634
B22: Serviços | C22: -755.764 | D22: -744.73 | E22: =IFERROR(C22/D22-1,"N.A.") -> 0.014816108 | F22: -1935.497 | G22: -1969.289 | H22: =IFERROR(F22/G22-1,"N.A.") -> -0.017159493 | J22: =C22-D22 -> -11.034 | K22: =F22-G22 -> 33.792 | L22: Services | M22: Services | N22: =C22 -> -755.764 | O22: =D22 -> -744.73 | P22: =E22 -> 0.014816108 | Q22: =F22 -> -1935.497 | R22: =G22 -> -1969.289 | S22: =H22 -> -0.017159493
B23: Depreciação | C23: -14.923103 | D23: -8.704 | E23: =IFERROR(C23/D23-1,"N.A.") -> 0.71451091 | F23: -33.072103 | G23: -25.631 | H23: =IFERROR(F23/G23-1,"N.A.") -> 0.29031653 | J23: =C23-D23 -> -6.219103 | K23: =F23-G23 -> -7.441103 | L23: Depreciation | M23: Depreciation | N23: =C23 -> -14.923103 | O23: =D23 -> -8.704 | P23: =E23 -> 0.71451091 | Q23: =F23 -> -33.072103 | R23: =G23 -> -25.631 | S23: =H23 -> 0.29031653
B24: Outros | C24: -45.804137 | D24: -63.243537 | E24: =IFERROR(C24/D24-1,"N.A.") -> -0.27574991 | F24: -182.18939 | G24: -210.2885 | H24: =IFERROR(F24/G24-1,"N.A.") -> -0.13362172 | J24: =C24-D24 -> 17.4394 | K24: =F24-G24 -> 28.09911 | L24: Other | M24: Others | N24: =C24 -> -45.804137 | O24: =D24 -> -63.243537 | P24: =E24 -> -0.27574991 | Q24: =F24 -> -182.18939 | R24: =G24 -> -210.2885 | S24: =H24 -> -0.13362172
B25: Receitas – Revisão Tarifaria Periódica (RTP) | C25: 48.961 | D25: -6.868 | E25: =IFERROR(C25/D25-1,"N.A.") -> -8.1288585 | F25: 48.961 | G25: 159.463 | H25: =IFERROR(F25/G25-1,"N.A.") -> -0.69296326 | J25: =C25-D25 -> 55.829 | K25: =F25-G25 -> -110.502 | L25: Revenues – Periodic Tariff Reset (RTP) | M25: Revenues – Periodic Tariff Reset (RTP) | N25: =C25 -> 48.961 | O25: =D25 -> -6.868 | P25: =E25 -> -8.1288585 | Q25: =F25 -> 48.961 | R25: =G25 -> 159.463 | S25: =H25 -> -0.69296326
B26: Resultado do Serviço | C26: =((SUM(C18:C19)+C25)) -> 1042.7518 | D26: =((SUM(D18:D19)+D25)) -> 1155.7905 | E26: =IFERROR(C26/D26-1,"N.A.") -> -0.097802073 | F26: =((SUM(F18:F19)+F25)) -> 3450.3615 | G26: =((SUM(G18:G19)+G25)) -> 2535.1305 | H26: =IFERROR(F26/G26-1,"N.A.") -> 0.36101929 | J26: =C26-D26 -> -113.0387 | K26: =F26-G26 -> 915.23101 | L26: Result of Service | M26: Service Income | N26: =C26 -> 1042.7518 | O26: =D26 -> 1155.7905 | P26: =E26 -> -0.097802073 | Q26: =F26 -> 3450.3615 | R26: =G26 -> 2535.1305 | S26: =H26 -> 0.36101929
B27: Resultado Financeiro | C27: =SUM(C28:C32) -> -348.438 | D27: =SUM(D28:D32) -> -293.276 | E27: =IFERROR(C27/D27-1,"N.A.") -> 0.18808904 | F27: =SUM(F28:F32) -> -1470.6951 | G27: =SUM(G28:G32) -> -996.76008 | H27: =IFERROR(F27/G27-1,"N.A.") -> 0.4754755 | J27: =C27-D27 -> -55.162 | K27: =F27-G27 -> -473.935 | L27: Financial Income | M27: Financial Income | N27: =C27 -> -348.438 | O27: =D27 -> -293.276 | P27: =E27 -> 0.18808904 | Q27: =F27 -> -1470.6951 | R27: =G27 -> -996.76008 | S27: =H27 -> 0.4754755
B28: Rendimento de Aplicações Financeiras | C28: 92.495 | D28: 90.045 | E28: =IFERROR(C28/D28-1,"N.A.") -> 0.027208618 | F28: 212.82 | G28: 243.406 | H28: =IFERROR(F28/G28-1,"N.A.") -> -0.12565837 | J28: =C28-D28 -> 2.45 | K28: =F28-G28 -> -30.586 | L28: Income from Financial Investments | M28: Income from Financial Investments | N28: =C28 -> 92.495 | O28: =D28 -> 90.045 | P28: =E28 -> 0.027208618 | Q28: =F28 -> 212.82 | R28: =G28 -> 243.406 | S28: =H28 -> -0.12565837
B29: Resultado da Variação Monetária Líquida | C29: 11.131 | D29: -50.472 | E29: =IFERROR(C29/D29-1,"N.A.") -> -1.2205381 | F29: -431.705 | G29: -291.489 | H29: =IFERROR(F29/G29-1,"N.A.") -> 0.48103359 | J29: =C29-D29 -> 61.603 | K29: =F29-G29 -> -140.216 | L29: Result of Liquid Monetary Variation | M29: Result of Liquid Monetary Variation | N29: =C29 -> 11.131 | O29: =D29 -> -50.472 | P29: =E29 -> -1.2205381 | Q29: =F29 -> -431.705 | R29: =G29 -> -291.489 | S29: =H29 -> 0.48103359
B30: Juros Ativo/Passivos | C30: 0.025 | D30: -0.152 | E30: =IFERROR(C30/D30-1,"N.A.") -> -1.1644737 | F30: 0.191 | G30: -2.967 | H30: =IFERROR(F30/G30-1,"N.A.") -> -1.0643748 | J30: =C30-D30 -> 0.177 | K30: =F30-G30 -> 3.158 | L30: Interest costs | M30: Interest costs | N30: =C30 -> 0.025 | O30: =D30 -> -0.152 | P30: =E30 -> -1.1644737 | Q30: =F30 -> 0.191 | R30: =G30 -> -2.967 | S30: =H30 -> -1.0643748
B31: Juros/Encargos sobre empréstimos | C31: -428.385 | D31: -336.504 | E31: =IFERROR(C31/D31-1,"N.A.") -> 0.27304579 | F31: -1207.141 | G31: -933.258 | H31: =IFERROR(F31/G31-1,"N.A.") -> 0.29346976 | J31: =C31-D31 -> -91.881 | K31: =F31-G31 -> -273.883 | L31: Interest/Charges on loans | M31: Interest/Charges on loans | N31: =C31 -> -428.385 | O31: =D31 -> -336.504 | P31: =E31 -> 0.27304579 | Q31: =F31 -> -1207.141 | R31: =G31 -> -933.258 | S31: =H31 -> 0.29346976
B32: Outras | C32: -23.704 | D32: 3.807 | E32: =IFERROR(C32/D32-1,"N.A.") -> -7.226425 | F32: -44.86008 | G32: -12.45208 | H32: =IFERROR(F32/G32-1,"N.A.") -> 2.6026174 | J32: =C32-D32 -> -27.511 | K32: =F32-G32 -> -32.408 | L32: Others | M32: Others | N32: =C32 -> -23.704 | O32: =D32 -> 3.807 | P32: =E32 -> -7.226425 | Q32: =F32 -> -44.86008 | R32: =G32 -> -12.45208 | S32: =H32 -> 2.6026174
B33: Resultado Operacional | C33: =SUM(C26:C27) -> 694.31376 | D33: =SUM(D26:D27) -> 862.51446 | E33: =IFERROR(C33/D33-1,"N.A.") -> -0.19501204 | F33: =SUM(F26:F27) -> 1979.6664 | G33: =SUM(G26:G27) -> 1538.3704 | H33: =IFERROR(F33/G33-1,"N.A.") -> 0.28685939 | J33: =C33-D33 -> -168.2007 | K33: =F33-G33 -> 441.29601 | L33: Operating Income | M33: Operational Result | N33: =C33 -> 694.31376 | O33: =D33 -> 862.51446 | P33: =E33 -> -0.19501204 | Q33: =F33 -> 1979.6664 | R33: =G33 -> 1538.3704 | S33: =H33 -> 0.28685939
B34: Equivalência Patrimonial | C34: 59.864 | D34: 109.5195 | E34: =IFERROR(C34/D34-1,"N.A.") -> -0.45339413 | F34: 359.145 | G34: 403.702 | H34: =IFERROR(F34/G34-1,"N.A.") -> -0.11037102 | J34: =C34-D34 -> -49.655497 | K34: =F34-G34 -> -44.557 | L34: Equity Income | M34: Equity Income | N34: =C34 -> 59.864 | O34: =D34 -> 109.5195 | P34: =E34 -> -0.45339413 | Q34: =F34 -> 359.145 | R34: =G34 -> 403.702 | S34: =H34 -> -0.11037102
B35: Outras Receitas/Despesas Operacionais | C35: 283.77809 | D35: 14.365 | E35: =IFERROR(C35/D35-1,"N.A.") -> 18.754827 | F35: 289.78271 | G35: 14.65 | H35: =IFERROR(F35/G35-1,"N.A.") -> 18.78039 | J35: =C35-D35 -> 269.41309 | K35: =F35-G35 -> 275.13271 | L35: Other Operating Revenues/Expenses | M35: Other Operating Revenues/Expenses | N35: =C35 -> 283.77809 | O35: =D35 -> 14.365 | P35: =E35 -> 18.754827 | Q35: =F35 -> 289.78271 | R35: =G35 -> 14.65 | S35: =H35 -> 18.78039
B36: Resultado Anterior aos Tributos | C36: =SUM(C33:C35) -> 1037.9558 | D36: =SUM(D33:D35) -> 986.39896 | E36: =IFERROR(C36/D36-1,"N.A.") -> 0.052267784 | F36: =SUM(F33:F35) -> 2628.5941 | G36: =SUM(G33:G35) -> 1956.7224 | H36: =IFERROR(F36/G36-1,"N.A.") -> 0.34336588 | J36: =C36-D36 -> 51.556888 | K36: =F36-G36 -> 671.87172 | L36: Earnings Before Taxes | M36: Earnings Before Taxes | N36: =C36 -> 1037.9558 | O36: =D36 -> 986.39896 | P36: =E36 -> 0.052267784 | Q36: =F36 -> 2628.5941 | R36: =G36 -> 1956.7224 | S36: =H36 -> 0.34336588
B37: Imposto de Renda e Contribuição Social sobre o Lucro | C37: =SUM(C38:C39) -> -116.27 | D37: =SUM(D38:D39) -> -183.602 | E37: =IFERROR(C37/D37-1,"N.A.") -> -0.36672803 | F37: =SUM(F38:F39) -> -384.38948 | G37: =SUM(G38:G39) -> -196.94548 | H37: =IFERROR(F37/G37-1,"N.A.") -> 0.95175579 | J37: =C37-D37 -> 67.332 | K37: =F37-G37 -> -187.444 | L37: Income tax and Social Contribution on Earnings | M37: Income tax and Social Contribution on Earnings | N37: =C37 -> -116.27 | O37: =D37 -> -183.602 | P37: =E37 -> -0.36672803 | Q37: =F37 -> -384.38948 | R37: =G37 -> -196.94548 | S37: =H37 -> 0.95175579
B38: Corrente | C38: 27.387 | D38: 38.604 | E38: =IFERROR(C38/D38-1,"N.A.") -> -0.29056574 | F38: -110.805 | G38: -45.021 | H38: =IFERROR(F38/G38-1,"N.A.") -> 1.4611848 | J38: =C38-D38 -> -11.217 | K38: =F38-G38 -> -65.784 | L38: Current | M38: Current | N38: =C38 -> 27.387 | O38: =D38 -> 38.604 | P38: =E38 -> -0.29056574 | Q38: =F38 -> -110.805 | R38: =G38 -> -45.021 | S38: =H38 -> 1.4611848
B39: Diferido | C39: -143.657 | D39: -222.206 | E39: =IFERROR(C39/D39-1,"N.A.") -> -0.35349631 | F39: -273.58448 | G39: -151.92448 | H39: =IFERROR(F39/G39-1,"N.A.") -> 0.80079261 | J39: =C39-D39 -> 78.549 | K39: =F39-G39 -> -121.66 | L39: Deferred | M39: Deferred | N39: =C39 -> -143.657 | O39: =D39 -> -222.206 | P39: =E39 -> -0.35349631 | Q39: =F39 -> -273.58448 | R39: =G39 -> -151.92448 | S39: =H39 -> 0.80079261
B40: Lucro/Prejuízo Consolidado | C40: =SUM(C36:C37) -> 921.68585 | D40: =SUM(D36:D37) -> 802.79696 | E40: =IFERROR(C40/D40-1,"N.A.") -> 0.14809335 | F40: =SUM(F36:F37) -> 2244.2047 | G40: =SUM(G36:G37) -> 1759.7769 | H40: =IFERROR(F40/G40-1,"N.A.") -> 0.27527791 | J40: =C40-D40 -> 118.88889 | K40: =F40-G40 -> 484.42772 | L40: Consolidated Profit/Loss for the Period before Non-Controlling Shareholder's Stake | M40: Consolidated Profit/Loss | N40: =C40 -> 921.68585 | O40: =D40 -> 802.79696 | P40: =E40 -> 0.14809335 | Q40: =F40 -> 2244.2047 | R40: =G40 -> 1759.7769 | S40: =H40 -> 0.27527791
B41: Participação do Acionista não Controlador | C41: -7.836 | D41: -17.975542 | E41: =IFERROR(C41/D41-1,"N.A.") -> -0.56407434 | F41: -32.676761 | G41: -46.548 | H41: =IFERROR(F41/G41-1,"N.A.") -> -0.29799861 | J41: =C41-D41 -> 10.139542 | K41: =F41-G41 -> 13.871239 | L41: Non-Controlling Shareholder's Stake | M41: Non-Controlling Shareholder's Stake | N41: =C41 -> -7.836 | O41: =D41 -> -17.975542 | P41: =E41 -> -0.56407434 | Q41: =F41 -> -32.676761 | R41: =G41 -> -46.548 | S41: =H41 -> -0.29799861
B42: Lucro/Prejuízo | C42: =SUM(C40:C41) -> 913.84985 | D42: =SUM(D40:D41) -> 784.82142 | E42: =IFERROR(C42/D42-1,"N.A.") -> 0.16440483 | F42: =SUM(F40:F41) -> 2211.5279 | G42: =SUM(G40:G41) -> 1713.2289 | H42: =IFERROR(F42/G42-1,"N.A.") -> 0.29085369 | J42: =C42-D42 -> 129.02843 | K42: =F42-G42 -> 498.29896 | L42: Consolidated Profit/Loss for the Period | M42: Consolidated Profit/Loss for the Period | N42: =C42 -> 913.84985 | O42: =D42 -> 784.82142 | P42: =E42 -> 0.16440483 | Q42: =F42 -> 2211.5279 | R42: =G42 -> 1713.2289 | S42: =H42 -> 0.29085369
B43: alíquota efetiva | C43: =C37/C36 -> -0.11201825 | D43: =D37/D36 -> -0.18613361 | F43: =F37/F36 -> -0.14623386 | G43: =G37/G36 -> -0.1006507
B44: alíquota efetiva (ex-equivalência) | C44: =C37/(C36-C34) -> -0.11887432 | D44: =D37/(D36-D34) -> -0.20938112 | F44: =F37/(F36-F34) -> -0.16937567 | G44: =G37/(G36-G34) -> -0.12681448
B45: Check | C45: -0.00015198 | D45: 0.00041818 | F45: -9.9139998e-05 | G45: -5.5550003e-05
C46: =C38/C36 -> 0.026385515 | D46: =D38/D36 -> 0.039136294 | F46: =F38/F36 -> -0.042153712 | G46: =G38/G36 -> -0.023008373
B47: EBITDA IFRS (ICVM) | C47: =SUM(C18,C20,C21,C22,C24,C25,C34,C35) -> 1401.317 | D47: =SUM(D18,D20,D21,D22,D24,D25,D34,D35) -> 1288.379 | E47: =IFERROR(C47/D47-1,"N.A.") -> 0.087658984 | F47: =SUM(F18,F20,F21,F22,F24,F25,F34,F35) -> 4132.3613 | G47: =SUM(G18,G20,G21,G22,G24,G25,G34,G35) -> 2979.1135 | H47: =IFERROR(F47/G47-1,"N.A.") -> 0.38711107

Sheet Balanço IFRS
B2: #VALUE!
C3: Mês: | D3: 46295 | F3: →Menu←
C4: Trim: | D4: 3T26
B7: Português | G7: Inglês
B9: Ativo | C9: Consolidado | G9: Assets | H9: Consolidated
B10: (R$ mil) | C10: 46295 | D10: 45930 | G10: (R$ thousand) | H10: 46295 | I10: 45930
B11: CIRCULANTE | G11: CURRENT
B12: Caixa e equivalentes de caixa | C12: 441736 | D12: 1356062 | F12: Cash and cash equivalents | G12: Cash and cash equivalents | H12: =C12 -> 441736 | I12: =D12 -> 1356062
B13: Aplicações Financeiras | C13: 2526363 | D13: 808924 | F13: Financial investments | G13: Financial investments | H13: =C13 -> 2526363 | I13: =D13 -> 808924
B14: Ativo de concessão | C14: 5255908 | D14: 4106084 | F14: Concession Asset | G14: Concession Asset | H14: =C14 -> 5255908 | I14: =D14 -> 4106084
B15: Estoques | C15: 121914 | D15: 72704 | F15: Inventories | G15: Inventories | H15: =C15 -> 121914 | I15: =D15 -> 72704
B16: Tributos e contribuições a compensar | C16: 295197 | D16: 229311 | F16: Taxes and contributions to compensate | G16: Taxes and contributions to compensate | H16: =C16 -> 295197 | I16: =D16 -> 229311
B17: Instrumentos financeiros derivativos | C17: 0 | D17: 37384 | F17: Derivative instruments | G17: Derivative instruments | H17: =C17 -> 0 | I17: =D17 -> 37384
B18: Créditos com partes relacionadas | C18: 2558.9979 | D18: 126578.82 | F18: Credits from Subsidiaries | G18: Credit with related parties | H18: =C18 -> 2558.9979 | I18: =D18 -> 126578.82
B19: Despesas pagas antecipadamente | C19: 39404 | D19: 6061 | F19: Prepaid expenses | G19: Prepaid expenses | H19: =C19 -> 39404 | I19: =D19 -> 6061
B20: Caixa restrito | C20: 0 | D20: 0 | F20: Restricted Cash | G20: Restricted Cash | H20: =C20 -> 0 | I20: =D20 -> 0
B21: Adiantamento a Fornecedores | C21: 0 | D21: 0 | F21: Advance to suppliers | G21: Advance to suppliers | H21: =C21 -> 0 | I21: =D21 -> 0
B22: Outros | C22: 768705.97 | D22: 344330 | F22: Others | G22: Others | H22: =C22 -> 768705.97 | I22: =D22 -> 344330
C23: =SUM(C12:C22) -> 9451787 | D23: =SUM(D12:D22) -> 7087438.8 | H23: =C23 -> 9451787 | I23: =D23 -> 7087438.8
B24: NÃO CIRCULANTE | G24: NON-CURRENT
B25: Realizável a longo prazo | G25: Long-term Receivables
B26: Caixa restrito | C26: 79403 | D26: 18888 | F26: Restricted Cash | G26: Restricted Cash | H26: =C26 -> 79403 | I26: =D26 -> 18888
B27: Ativo de concessão | C27: 41790962 | D27: 32325214 | F27: Concession Asset | G27: Concession Asset | H27: =C27 -> 41790962 | I27: =D27 -> 32325214
B28: Valores a receber - Secretaria da Fazenda | C28: 2874979 | D28: 2760806 | F28: Amounts Receivable - Revenue Service | G28: Accounts Receivable from the State Finance Secretariat | H28: =C28 -> 2874979 | I28: =D28 -> 2760806
B29: Cauções e depósitos vinculados | C29: 46551 | D29: 46049 | F29: Pledges and Escrow | G29: Pledges and Escrow | H29: =C29 -> 46551 | I29: =D29 -> 46049
B30: Estoques | C30: 137129 | D30: 94871 | F30: Inventories | G30: Inventories | H30: =C30 -> 137129 | I30: =D30 -> 94871
B31: Instrumentos financeiros derivativos | C31: 60469 | D31: 20406 | F31: Derivative instruments | G31: Derivative instruments | H31: =C31 -> 60469 | I31: =D31 -> 20406
B32: Créditos com partes relacionadas | C32: 0 | D32: 0 | F32: Credits with related parties | G32: Credits with related parties | H32: =C32 -> 0 | I32: =D32 -> 0
B33: Outros | C33: 105299 | D33: 76525 | F33: Other | G33: Others | H33: =C33 -> 105299 | I33: =D33 -> 76525
C34: =SUM(C26:C33) -> 45094792 | D34: =SUM(D26:D33) -> 35342759 | H34: =C34 -> 45094792 | I34: =D34 -> 35342759
B35: Investimentos | C35: 1335629 | D35: 4154815 | F35: Investments | G35: Investments | H35: =C35 -> 1335629 | I35: =D35 -> 4154815
B36: Imobilizado | C36: 159998 | D36: 180126 | F36: Property, Plant and Equipment | G36: Imobilized | H36: =C36 -> 159998 | I36: =D36 -> 180126
B37: Intangível | C37: 96724 | D37: 436233 | F37: Intangible Assets | G37: Intangible | H37: =C37 -> 96724 | I37: =D37 -> 436233
C38: =SUM(C35:C37) -> 1592351 | D38: =SUM(D35:D37) -> 4771174 | H38: =C38 -> 1592351 | I38: =D38 -> 4771174
C39: =C38+C34 -> 46687143 | D39: =D38+D34 -> 40113933 | H39: =C39 -> 46687143 | I39: =D39 -> 40113933
B40: Total do Ativo | C40: =C39+C23 -> 56138930 | D40: =D39+D23 -> 47201372 | G40: Total Assets | H40: =C40 -> 56138930 | I40: =D40 -> 47201372
B42: Passivo e Patrimônio Líquido | C42: Consolidado | G42: Liabilities and Shareholders' Equity | H42: Consolidated
B43: (R$ mil) | C43: 46295 | D43: 45930 | G43: (R$ thousand) | H43: 46295 | I43: 45930
B44: CIRCULANTE | G44: CURRENT
B45: Empréstimos e financiamentos | C45: 257762 | D45: 90082 | F45: Loans and financing | G45: Loans and financing | H45: =C45 -> 257762 | I45: =D45 -> 90082
B46: Debêntures | C46: 373220 | D46: 496001 | F46: Debentures | G46: Debentures | H46: =C46 -> 373220 | I46: =D46 -> 496001
B47: Arrendamento | C47: 16721 | D47: 18677 | F47: Leasing | G47: Leasing | H47: =C47 -> 16721 | I47: =D47 -> 18677
B48: Instrumentos financeiros derivativos | C48: 9212 | D48: 2916 | F48: Derivative instruments | G48: Derivative financial instruments | H48: =C48 -> 9212 | I48: =D48 -> 2916
B49: Fornecedores | C49: 251101.97 | D49: 254444.82 | F49: Suppliers | G49: Suppliers | H49: =C49 -> 251101.97 | I49: =D49 -> 254444.82
B50: Tributos e encargos sociais a recolher | C50: 268557 | D50: 213325 | F50: Taxes and Social Charges Payable | G50: Taxes and social charges to be collected | H50: =C50 -> 268557 | I50: =D50 -> 213325
B51: Encargos Regulatórios a recolher | C51: 50880 | D51: 66723 | F51: Regulatory Charges Payable | G51: Regulatory Charges to be collected | H51: =C51 -> 50880 | I51: =D51 -> 66723
B52: Juros sobre capital próprio e dividendos a pagar | C52: 419812 | D52: 422540 | F52: Interest on Shareholders' Equity/Dividends payable | G52: Interest on Shareholders' Equity/Dividends payable | H52: =C52 -> 419812 | I52: =D52 -> 422540
B53: Obrigações trabalhistas | C53: 93802 | D53: 79962 | F53: Labor obligations | G53: Labor obligations | H53: =C53 -> 93802 | I53: =D53 -> 79962
B54: Valores a pagar – Vivest | C54: 834 | D54: 1335 | F54: Amounts Payable - Fundação CESP | G54: Amounts Payable - Vivest | H54: =C54 -> 834 | I54: =D54 -> 1335
B55: Outros | C55: 318102 | D55: 240765 | F55: Other | G55: Others | H55: =C55 -> 318102 | I55: =D55 -> 240765
C56: =SUM(C45:C55) -> 2060004 | D56: =SUM(D45:D55) -> 1886770.8 | H56: =C56 -> 2060004 | I56: =D56 -> 1886770.8
B57: NÃO CIRCULANTE | G57: NON-CURRENT
B58: Exigível a longo prazo | G58: Long-term Liabilities
B59: Empréstimos e financiamentos | C59: 1035325 | D59: 669117 | F59: Loans and financing | G59: Loans and financing | H59: =C59 -> 1035325 | I59: =D59 -> 669117
B60: Debêntures | C60: 18096273 | D60: 14696513 | F60: Debentures | G60: Debentures | H60: =C60 -> 18096273 | I60: =D60 -> 14696513
B61: Arrendamento | C61: 26086 | D61: 36959 | F61: Leasing | G61: Leasing | H61: =C61 -> 26086 | I61: =D61 -> 36959
B62: Instrumentos financeiros derivativos | C62: 15163 | D62: 17312 | F62: Derivative financial instruments | G62: Derivative financial instruments | H62: =C62 -> 15163 | I62: =D62 -> 17312
B63: Fornecedores | C63: 3868 | D63: 3456 | F63: Suppliers | G63: Suppliers | H63: =C63 -> 3868 | I63: =D63 -> 3456
B64: Provisão para Contingências | C64: 194532 | D64: 163035 | F64: Provision for Contingencies | G64: Provision for Contingencies | H64: =C64 -> 194532 | I64: =D64 -> 163035
B65: Benefício a empregados – déficit atuarial | C65: 0 | D65: 0 | F65: Benefit to employess - Actuarial Deficit | G65: Benefit to employess - Actuarial Deficit | H65: =C65 -> 0 | I65: =D65 -> 0
B66: PIS e COFINS Diferidos | C66: 3933329 | D66: 2966130 | F66: Deferred PIS and COFINS | G66: Deferred PIS and COFINS | H66: =C66 -> 3933329 | I66: =D66 -> 2966130
B67: Imposto de renda e contribuição social diferidos | C67: 6672253 | D67: 5287595 | F67: Deferred Income Tax and Social Contribution | G67: Deferred Income Tax and Social Contribution | H67: =C67 -> 6672253 | I67: =D67 -> 5287595
B68: Encargos Regulatórios a recolher | C68: 66391 | D68: 35404 | F68: Regulatory Charges Payable | G68: Regulatory Charges to be collected | H68: =C68 -> 66391 | I68: =D68 -> 35404
B69: Outros | C69: 2124 | D69: 2069 | F69: Other | G69: Others | H69: =C69 -> 2124 | I69: =D69 -> 2069
C70: =SUM(C59:C69) -> 30045344 | D70: =SUM(D59:D69) -> 23877590 | G70: Total long-term liabilities | H70: =C70 -> 30045344 | I70: =D70 -> 23877590
B71: PATRIMÔNIO LÍQUIDO | G71: NET EQUITY
B72: Capital Social | C72: 4790020 | D72: 3590020 | F72: Shareholders' Equity | G72: Shareholders' Equity | H72: =C72 -> 4790020 | I72: =D72 -> 3590020
B73: (-) Custo com emissão de ações | C73: -20837 | D73: 0
B74: Reservas de Capital | C74: 666 | D74: 666 | F74: Capital Reserves | G74: Capital Reserves | H74: =C74 -> 666 | I74: =D74 -> 666
B75: Reservas de Lucro | C75: 18714837 | D75: 17183674 | F75: Profits Reserve | G75: Profits Reserve | H75: =C75 -> 18714837 | I75: =D75 -> 17183674
B76: Outros Resultados Abrangentes | C76: 88576 | D76: 97785 | F76: Other comprehensive results | G76: Other comprehensive results | H76: =C76 -> 88576 | I76: =D76 -> 97785
B77: Dividendos adicionais propostos | C77: 279322 | D77: 279322 | G77: Proposed additional dividends | H77: =C77 -> 279322 | I77: =D77 -> 279322
C78: =SUM(C72:C77) -> 23852584 | D78: =SUM(D72:D77) -> 21151467 | H78: =C78 -> 23852584 | I78: =D78 -> 21151467
B79: Participação de não controladores nos fundos de investimentos | C79: 180998 | D79: 285544 | F79: Non-controlling shareholders' share of investment funds | G79: Non-controlling shareholders' share of investment funds | H79: =C79 -> 180998 | I79: =D79 -> 285544
C80: =C78+C79 -> 24033582 | D80: =D78+D79 -> 21437011 | H80: =C80 -> 24033582 | I80: =D80 -> 21437011
B81: Total do Passivo e do Patrimônio Líquido | C81: =C80+C70+C56 -> 56138930 | D81: =D80+D70+D56 -> 47201372 | G81: Total Liabilities and Shareholders' Equity | H81: =C81 -> 56138930 | I81: =D81 -> 47201372
B83: Check Ativo | C83: 0 | D83: 0
B84: Check Passivo | C84: 0 | D84: 0
B85: Check | C85: =C81-C40 -> 0 | D85: =D81-D40 -> 0
B87: VPA IFRS: | C87: =C78*1000/658883304 -> 36.20153 | D87: =D78*1000/658883304 -> 32.101993

Sheet DFC IFRS
B2: #VALUE!
C3: Mês: | D3: 46295 | G3: →Menu←
C4: Trim: | D4: 3T26
B7: Português | F7: Inglês
B9: Fluxo de Caixa das Atividades Operacionais | C9: Consolidado | F9: Cash Flow from Operations | G9: ='DFC Reg'!I9 -> Consolidated
B10: (R$ mil) | C10: 9M26 | D10: 9M25 | F10: (R$ thousand) | G10: 9M26 | H10: 9M26
B11: Fluxo de caixa das atividades operacionais | C11: =SUM(C12:C31) -> -4591721 | D11: =SUM(D12:D29) -> -4457990.4 | F11: Cash flow from operational activities | G11: =C11 -> -4591721 | H11: =D11 -> -4457990.4
B12: Lucro líquido do período | C12: 2244205 | D12: 1759776.9 | F12: Net earnings | G12: =C12 -> 2244205 | H12: =D12 -> 1759776.9
B13: Benefício a empregados – déficit atuarial | C13: 4060 | D13: 5769 | F13: Employee benefit - actuarial deficit | G13: =C13 -> 4060 | H13: =D13 -> 5769
B14: Depreciação e amortização | C14: 33072 | D14: 25631 | F14: Depreciation and amortization | G14: =C14 -> 33072 | H14: =D14 -> 25631
B15: PIS e COFINS diferidos | C15: 331728 | D15: 292773 | F15: Deferred PIS and COFINS | G15: =C15 -> 331728 | H15: =D15 -> 292773
B16: IR e CS diferidos | C16: 273584 | D16: 151924 | F16: Deferred IR and CS | G16: =C16 -> 273584 | H16: =D16 -> 151924
B17: Provisão para Demandas Judiciais | C17: -15262 | D17: -46226 | F17: Provision for Legal Claims | G17: =C17 -> -15262 | H17: =D17 -> -46226
B18: Valor residual de ativo permanente baixado | C18: 29528 | D18: 59 | F18: Residual value of permanent assets written off | G18: =C18 -> 29528 | H18: =D18 -> 59
B19: Benefício fiscal – ágio incorporado | C19: 28 | D19: 27 | F19: Tax benefit - incorporated goodwill | G19: =C19 -> 28 | H19: =D19 -> 27
B20: Receita sobre aplicações financeiras | C20: -92156 | D20: -104762 | F20: Income from financial investments | G20: =C20 -> -92156 | H20: =D20 -> -104762
B21: Juros e variações cambiais sobre empréstimos, financiamentos e debêntures | C21: 1624187 | D21: 1264876 | F21: Interest and exchange variations on loans, financing and debentures | G21: =C21 -> 1624187 | H21: =D21 -> 1264876
B22: Juros e variações cambiais sobre ativos e passivos | C22: -1501 | D22: -45101 | F22: Interest and exchange rate variations on assets and liabilities | G22: =C22 -> -1501 | H22: =D22 -> -45101
B23: Resultado de equivalência patrimonial | C23: -359145 | D23: -403702 | F23: Result of equity income | G23: =C23 -> -359145 | H23: =D23 -> -403702
... B29: Transações com acionistas não controladores | C29: -32677 | D29: -46548 | F29: Transactions with non-controlling shareholders | G29: =C29 -> -32677 | H29: =D29 -> -46548
B30: Ganho por compra vantajosa na aquisição de participação societária | C30: -468353 | D30: 0
B31: Perda na alienação de participação societária | C31: 187808 | D31: 0
B32: (Aumento) diminuição de ativos | C32: =SUM(C33:C41) -> 4065174 | D32: =SUM(D33:D41) -> 3923533 | F32: Asset Variations | G32: =C32 -> 4065174 | H32: =D32 -> 3923533
B33: Caixa restrito | C33: 0 | D33: 0 | F33: Restricted cash | G33: =C33 -> 0 | H33: =D33 -> 0
B34: Contas a receber - Ativo de concessão | C34: 4706652 | D34: 3909080 | F34: Accounts receivable - Concessionaires and Permissionaires | G34: =C34 -> 4706652 | H34: =D34 -> 3909080
B35: Estoques | C35: -45038 | D35: 48404 | F35: Inventories | G35: =C35 -> -45038 | H35: =D35 -> 48404
B36: Valores a receber - Secretaria da Fazenda | C36: -114173 | D36: -141904 | F36: Accounts Receivable from the State Finance Secretariat | G36: =C36 -> -114173 | H36: =D36 -> -141904
B37: Tributos e contribuições a compensar | C37: -43438 | D37: 125961 | F37: Recoverable taxes and contributions | G37: =C37 -> -43438 | H37: =D37 -> 125961
B38: Cauções e depósitos vinculados | C38: 1110 | D38: -188 | F38: Bonds and linked deposits | G38: =C38 -> 1110 | H38: =D38 -> -188
B39: Despesas pagas antecipadamente | C39: -28590 | D39: -6016 | F39: Prepaid expenses | G39: =C39 -> -28590 | H39: =D39 -> -6016
B40: Crédito com controladas | C40: 0 | D40: 0 | F40: Credit with subsidiaries | G40: =C40 -> 0 | H40: =D40 -> 0
B41: Outros | C41: -411349 | D41: -11804 | F41: Others | G41: =C41 -> -411349 | H41: =D41 -> -11804
B42: Aumento (diminuição) de passivos | C42: =SUM(C43:C53) -> -71011 | D42: =SUM(D43:D53) -> -82654 | F42: Liabilities Variations | G42: =C42 -> -71011 | H42: =D42 -> -82654
B43: Fornecedores | C43: -15058 | D43: 28619 | F43: Suppliers | G43: =C43 -> -15058 | H43: =D43 -> 28619
B44: Tributos e encargos sociais a recolher | C44: 111521 | D44: 188717 | F44: Taxes and social charges to be collected | G44: =C44 -> 111521 | H44: =D44 -> 188717
B45: Pagamentos IR/CSLL | C45: -173758 | D45: -136660 | F45: Tax payments | G45: =C45 -> -173758 | H45: =D45 -> -136660
B46: Obrigações trabalhistas | C46: 10223 | D46: 11456 | F46: Labor obligations | G46: =C46 -> 10223 | H46: =D46 -> 11456
B47: Encargos regulatórios a recolher | C47: -29471 | D47: 13784 | F47: Regulatory charges to be collected | G47: =C47 -> -29471 | H47: =D47 -> 13784
B48: Empréstimos e financiamentos a pagar | C48: 0 | D48: 0 | F48: Loans and financing to pay | G48: =C48 -> 0 | H48: =D48 -> 0
B49: Instrumento Financeiro | C49: 0 | D49: 0 | F49: Financial Instrument | G49: =C49 -> 0 | H49: =D49 -> 0
B50: Provisões | C50: -36396 | D50: -5089 | F50: Provisions | G50: =C50 -> -36396 | H50: =D50 -> -5089
B51: Valores a pagar Vivest | C51: 0 | D51: 0 | F51: Amounts payable Vivest | G51: =C51 -> 0 | H51: =D51 -> 0
B52: Reserva Global de Reversão | C52: -1860 | D52: -1861 | F52: Global Reversion Reserve | G52: =C52 -> -1860 | H52: =D52 -> -1861
B53: Outros | C53: 63788 | D53: -181620 | F53: Others | G53: =C53 -> 63788 | H53: =D53 -> -181620
B54: Caixa líquido gerado nas atividades operacionais | C54: =SUM(C11,C32,C42) -> -597558 | D54: =SUM(D11,D32,D42) -> -617111.44 | F54: Net Cash from Operating Activities | G54: =C54 -> -597558 | H54: =D54 -> -617111.44
B55: Caixa gerado (utilizado) nas atividades de investimentos | C55: =SUM(C56:C63) -> -2388505 | D55: =SUM(D56:D63) -> -502749 | F55: Investments Activites Cash Flow | G55: =C55 -> -2388505 | H55: =D55 -> -502749
B56: Caixa restrito | C56: -676 | D56: -399 | F56: Restricted cash | G56: =C56 -> -676 | H56: =D56 -> -399
B57: Aplicações financeiras | C57: -4051984 | D57: -5093394 | F57: Financial investments | G57: =C57 -> -4051984 | H57: =D57 -> -5093394
B58: Resgates de Aplicações financeiras | C58: 2476483 | D58: 4115325 | F58: Redemptions of financial investments | G58: =C58 -> 2476483 | H58: =D58 -> 4115325
B59: Aquisição de Imobilizado | C59: -32901 | D59: -10297 | F59: Acquisition of Immobilized | G59: =C59 -> -32901 | H59: =D59 -> -10297
B60: Intangível | C60: -22770 | D60: -10717 | F60: Intangible | G60: =C60 -> -22770 | H60: =D60 -> -10717
B61: Aquisição de participação acionária | C61: -1415224 | D61: 0 | F61: Investments | G61: =C61 -> -1415224 | H61: =D61 -> 0
B62: Alienação de participação acionária | C62: 462362 | D62: 0
B63: Dividendos recebidos | C63: 196205 | D63: 496733 | F63: Received dividends | G63: =C63 -> 196205 | H63: =D63 -> 496733
B64: Caixa utilizado nas atividades de financiamentos | C64: =SUM(C65:C72) -> 2071737 | D64: =SUM(D65:D72) -> -1075710.4 | F64: Cash used in financing activities | G64: =C64 -> 2071737 | H64: =D64 -> -1075710.4
B65: Adições de empréstimos e debêntures | C65: 6285083 | D65: 2007347 | F65: Addition to loans and debentures | G65: =C65 -> 6285083 | H65: =D65 -> 2007347
B66: Pagamentos de Empréstimos e Debêntures (principal) | C66: -3769540 | D66: -1030172 | F66: Loan payments (principal) | G66: =C66 -> -3769540 | H66: =D66 -> -1030172
B67: Pagamentos de Empréstimos e Debêntures (juros) | C67: -926199 | D67: -719616 | F67: Loan payments (interest) | G67: =C67 -> -926199 | H67: =D67 -> -719616
B68: Pagamentos Arrendamento Mercantil (principal e juros) | C68: -18107 | D68: -11094 | F68: Leasing Payments (principal and interest) | G68: =C68 -> -18107 | H68: =D68 -> -11094
B69: Instrumentos financeiros derivativos | C69: -14872 | D69: 13659.649 | F69: Derivative instruments | G69: =C69 -> -14872 | H69: =D69 -> 13659.649
B70: Custo com emissão de ações | C70: -20837 | D70: 0
B71: Recurso para aumento de capital | C71: 1200000 | D71: 0
B72: Dividendos e juros sobre capital próprios pagos | C72: -663791 | D72: -1335835 | F72: Dividends and interest on shareholders' equity paid | G72: =C72 -> -663791 | H72: =D72 -> -1335835
B73: Aumento (redução) líquido em caixa e equivalentes de caixa | C73: =SUM(C64,C54,C55) -> -914326 | D73: =SUM(D64,D54,D55) -> -2195570.8 | F73: Net variation in Cash and Cash Equivalents | G73: =C73 -> -914326 | H73: =D73 -> -2195570.8
B74: Caixa e equivalentes de caixa no início do exercício | C74: 1356062 | D74: 2914747 | F74: Opening Balance of Cash and Cash Equivalents | G74: =C74 -> 1356062 | H74: =D74 -> 2914747
B75: Caixa e equivalentes de caixa no final do exercício | C75: 441736 | D75: 719176 | F75: Closing Balance of Cash and Cash Equivalents | G75: =C75 -> 441736 | H75: =D75 -> 719176
B76: Variação em caixa e equivalentes de caixa | C76: =C75-C74 -> -914326 | D76: =D75-D74 -> -2195571 | F76: Cash and cash equivalents | G76: =C76 -> -914326 | H76: =D76 -> -2195571
B78: Check | C78: =C74-'DFC Reg'!C72 -> 0 | D78: =D74-'DFC Reg'!D72 -> 0
B79: Check | C79: =C75-'DFC Reg'!C73 -> 0 | D79: 0
B80: Check | C80: 0 | D80: 0
B81: Check | C81: =C76-C73 -> 0 | D81: =D76-D73 -> -0.2076
B82: Check | C82: 0.33826 | D82: 0
